Workbook

Sheet Non-Payment of Deposits
A1: STATEMENT OF ACCOUNT Strategic Partner - Kiwi Auto Motors 138 Hutt Park Road Gracefield Lower Hutt Wellington 5010 NEW ZEALAND
F3: As At 26 August 2024
H5: Bank Acct. no.: 12-3237-0032186-00
A6: Attention: DON Rajapaksa | H6: TOTAL DUE AMOUNT: | J6: =I152+J152 -> 0
A8: Date | B8: KAP INV# | C8: Shipments | D8: ETD | E8: ETA | F8: Year Make Model | G8: Chassis | H8: Due Date | I8: Invoice Amount Due | J8: Deposit Due
A9: =IFERROR(VLOOKUP($G9,'as of August 26'!$A$5:$V$195,3,0),"") | B9: =IFERROR(VLOOKUP($G9,'as of August 26'!$A$5:$V$195,5,0),"") | C9: =IFERROR(VLOOKUP($G9,'as of August 26'!$A$5:$V$1187,19,0),"") | D9: =IFERROR(VLOOKUP($G9,'as of August 26'!$A$5:$V$195,20,0),"") | E9: =IFERROR(VLOOKUP($G9,'as of August 26'!$A$5:$V$195,21,0),"") | F9: =IFERROR(VLOOKUP($G9,'as of August 26'!$A$5:$V$195,8,0),"") | G9: {=IFERROR(INDEX('as of August 26'!$F$5:$F$195,SMALL(IF('as of August 26'!$B$5:$B$195="YES",ROW('as of August 26'!$B$5:$B$195)-MIN(ROW('as of August 26'!$B$5:$B$195))+1),ROW(1:1))),"")} | H9: =IFERROR(VLOOKUP($G9,'as of August 26'!$A$5:$V$195,4,0),"") | I9: =IFERROR(IF(ISBLANK(K9),"",VLOOKUP($G9,'as of August 26'!$A$5:$V$195,16,0)-J9),"") | J9: =IFERROR(VLOOKUP($G9,'as of August 26'!$A$5:$V$195,13,0),"") | K9: =IFERROR(VLOOKUP($G9,'as of August 26'!$A$5:$X$195,23,0),"")
A10: =IFERROR(VLOOKUP($G10,'as of August 26'!$A$5:$V$195,3,0),"") | B10: =IFERROR(VLOOKUP($G10,'as of August 26'!$A$5:$V$195,5,0),"") | C10: =IFERROR(VLOOKUP($G10,'as of August 26'!$A$5:$V$195,19,0),"") | D10: =IFERROR(VLOOKUP($G10,'as of August 26'!$A$5:$V$195,20,0),"") | E10: =IFERROR(VLOOKUP($G10,'as of August 26'!$A$5:$V$195,21,0),"") | F10: =IFERROR(VLOOKUP($G10,'as of August 26'!$A$5:$V$195,8,0),"") | G10: {=IFERROR(INDEX('as of August 26'!$F$5:$F$195,SMALL(IF('as of August 26'!$B$5:$B$195="YES",ROW('as of August 26'!$B$5:$B$195)-MIN(ROW('as of August 26'!$B$5:$B$195))+1),ROW(2:2))),"")} | H10: 45450 | I10: =IFERROR(IF(ISBLANK(K10),"",VLOOKUP($G10,'as of August 26'!$A$5:$V$195,16,0)-J10),"") | J10: =IFERROR(VLOOKUP($G10,'as of August 26'!$A$5:$V$195,13,0),"") | K10: =IFERROR(VLOOKUP($G10,'as of August 26'!$A$5:$X$195,23,0),"")
A11: =IFERROR(VLOOKUP($G11,'as of August 26'!$A$5:$V$195,3,0),"") | B11: =IFERROR(VLOOKUP($G11,'as of August 26'!$A$5:$V$195,5,0),"") | C11: =IFERROR(VLOOKUP($G11,'as of August 26'!$A$5:$V$195,19,0),"") | D11: =IFERROR(VLOOKUP($G11,'as of August 26'!$A$5:$V$195,20,0),"") | E11: =IFERROR(VLOOKUP($G11,'as of August 26'!$A$5:$V$195,21,0),"") | F11: =IFERROR(VLOOKUP($G11,'as of August 26'!$A$5:$V$195,8,0),"") | G11: {=IFERROR(INDEX('as of August 26'!$F$5:$F$195,SMALL(IF('as of August 26'!$B$5:$B$195="YES",ROW('as of August 26'!$B$5:$B$195)-MIN(ROW('as of August 26'!$B$5:$B$195))+1),ROW(3:3))),"")} | H11: =IFERROR(VLOOKUP($G11,'as of August 26'!$A$5:$V$195,4,0),"") | I11: =IFERROR(IF(ISBLANK(K11),"",VLOOKUP($G11,'as of August 26'!$A$5:$V$195,16,0)-J11),"") | J11: =IFERROR(VLOOKUP($G11,'as of August 26'!$A$5:$V$195,13,0),"") | K11: =IFERROR(VLOOKUP($G11,'as of August 26'!$A$5:$X$195,23,0),"")
A12: =IFERROR(VLOOKUP($G12,'as of August 26'!$A$5:$V$195,3,0),"") | B12: =IFERROR(VLOOKUP($G12,'as of August 26'!$A$5:$V$195,5,0),"") | C12: =IFERROR(VLOOKUP($G12,'as of August 26'!$A$5:$V$195,19,0),"") | D12: =IFERROR(VLOOKUP($G12,'as of August 26'!$A$5:$V$195,20,0),"") | E12: =IFERROR(VLOOKUP($G12,'as of August 26'!$A$5:$V$195,21,0),"") | F12: =IFERROR(VLOOKUP($G12,'as of August 26'!$A$5:$V$195,8,0),"") | G12: {=IFERROR(INDEX('as of August 26'!$F$5:$F$195,SMALL(IF('as of August 26'!$B$5:$B$195="YES",ROW('as of August 26'!$B$5:$B$195)-MIN(ROW('as of August 26'!$B$5:$B$195))+1),ROW(4:4))),"")} | H12: =IFERROR(VLOOKUP($G12,'as of August 26'!$A$5:$V$195,4,0),"") | I12: =IFERROR(IF(ISBLANK(K12),"",VLOOKUP($G12,'as of August 26'!$A$5:$V$195,16,0)-J12),"") | J12: =IFERROR(VLOOKUP($G12,'as of August 26'!$A$5:$V$195,13,0),"") | K12: =IFERROR(VLOOKUP($G12,'as of August 26'!$A$5:$X$195,23,0),"")
A13: =IFERROR(VLOOKUP($G13,'as of August 26'!$A$5:$V$195,3,0),"") | B13: =IFERROR(VLOOKUP($G13,'as of August 26'!$A$5:$V$195,5,0),"") | C13: =IFERROR(VLOOKUP($G13,'as of August 26'!$A$5:$V$195,19,0),"") | D13: =IFERROR(VLOOKUP($G13,'as of August 26'!$A$5:$V$195,20,0),"") | E13: =IFERROR(VLOOKUP($G13,'as of August 26'!$A$5:$V$195,21,0),"") | F13: =IFERROR(VLOOKUP($G13,'as of August 26'!$A$5:$V$195,8,0),"") | G13: {=IFERROR(INDEX('as of August 26'!$F$5:$F$195,SMALL(IF('as of August 26'!$B$5:$B$195="YES",ROW('as of August 26'!$B$5:$B$195)-MIN(ROW('as of August 26'!$B$5:$B$195))+1),ROW(5:5))),"")} | H13: =IFERROR(VLOOKUP($G13,'as of August 26'!$A$5:$V$195,4,0),"") | I13: =IFERROR(IF(ISBLANK(K13),"",VLOOKUP($G13,'as of August 26'!$A$5:$V$195,16,0)-J13),"") | J13: =IFERROR(VLOOKUP($G13,'as of August 26'!$A$5:$V$195,13,0),"") | K13: =IFERROR(VLOOKUP($G13,'as of August 26'!$A$5:$X$195,23,0),"")
A14: =IFERROR(VLOOKUP($G14,'as of August 26'!$A$5:$V$195,3,0),"") | B14: =IFERROR(VLOOKUP($G14,'as of August 26'!$A$5:$V$195,5,0),"") | C14: =IFERROR(VLOOKUP($G14,'as of August 26'!$A$5:$V$195,19,0),"") | D14: =IFERROR(VLOOKUP($G14,'as of August 26'!$A$5:$V$195,20,0),"") | E14: =IFERROR(VLOOKUP($G14,'as of August 26'!$A$5:$V$195,21,0),"") | F14: =IFERROR(VLOOKUP($G14,'as of August 26'!$A$5:$V$195,8,0),"") | G14: {=IFERROR(INDEX('as of August 26'!$F$5:$F$195,SMALL(IF('as of August 26'!$B$5:$B$195="YES",ROW('as of August 26'!$B$5:$B$195)-MIN(ROW('as of August 26'!$B$5:$B$195))+1),ROW(6:6))),"")} | H14: =IFERROR(VLOOKUP($G14,'as of August 26'!$A$5:$V$195,4,0),"") | I14: =IFERROR(IF(ISBLANK(K14),"",VLOOKUP($G14,'as of August 26'!$A$5:$V$195,16,0)-J14),"") | J14: =IFERROR(VLOOKUP($G14,'as of August 26'!$A$5:$V$195,13,0),"") | K14: =IFERROR(VLOOKUP($G14,'as of August 26'!$A$5:$X$195,23,0),"")
A15: =IFERROR(VLOOKUP($G15,'as of August 26'!$A$5:$V$195,3,0),"") | B15: =IFERROR(VLOOKUP($G15,'as of August 26'!$A$5:$V$195,5,0),"") | C15: =IFERROR(VLOOKUP($G15,'as of August 26'!$A$5:$V$195,19,0),"") | D15: =IFERROR(VLOOKUP($G15,'as of August 26'!$A$5:$V$195,20,0),"") | E15: =IFERROR(VLOOKUP($G15,'as of August 26'!$A$5:$V$195,21,0),"") | F15: =IFERROR(VLOOKUP($G15,'as of August 26'!$A$5:$V$195,8,0),"") | G15: {=IFERROR(INDEX('as of August 26'!$F$5:$F$195,SMALL(IF('as of August 26'!$B$5:$B$195="YES",ROW('as of August 26'!$B$5:$B$195)-MIN(ROW('as of August 26'!$B$5:$B$195))+1),ROW(7:7))),"")} | H15: =IFERROR(VLOOKUP($G15,'as of August 26'!$A$5:$V$195,4,0),"") | I15: =IFERROR(IF(ISBLANK(K15),"",VLOOKUP($G15,'as of August 26'!$A$5:$V$195,16,0)-J15),"") | J15: =IFERROR(VLOOKUP($G15,'as of August 26'!$A$5:$V$195,13,0),"") | K15: =IFERROR(VLOOKUP($G15,'as of August 26'!$A$5:$X$195,23,0),"")
A16: =IFERROR(VLOOKUP($G16,'as of August 26'!$A$5:$V$195,3,0),"") | B16: =IFERROR(VLOOKUP($G16,'as of August 26'!$A$5:$V$195,5,0),"") | C16: =IFERROR(VLOOKUP($G16,'as of August 26'!$A$5:$V$195,19,0),"") | D16: =IFERROR(VLOOKUP($G16,'as of August 26'!$A$5:$V$195,20,0),"") | E16: =IFERROR(VLOOKUP($G16,'as of August 26'!$A$5:$V$195,21,0),"") | F16: =IFERROR(VLOOKUP($G16,'as of August 26'!$A$5:$V$195,8,0),"") | G16: {=IFERROR(INDEX('as of August 26'!$F$5:$F$195,SMALL(IF('as of August 26'!$B$5:$B$195="YES",ROW('as of August 26'!$B$5:$B$195)-MIN(ROW('as of August 26'!$B$5:$B$195))+1),ROW(8:8))),"")} | H16: =IFERROR(VLOOKUP($G16,'as of August 26'!$A$5:$V$195,4,0),"") | I16: =IFERROR(IF(ISBLANK(K16),"",VLOOKUP($G16,'as of August 26'!$A$5:$V$195,16,0)-J16),"") | J16: =IFERROR(VLOOKUP($G16,'as of August 26'!$A$5:$V$195,13,0),"") | K16: =IFERROR(VLOOKUP($G16,'as of August 26'!$A$5:$X$195,23,0),"")
A17: =IFERROR(VLOOKUP($G17,'as of August 26'!$A$5:$V$195,3,0),"") | B17: =IFERROR(VLOOKUP($G17,'as of August 26'!$A$5:$V$195,5,0),"") | C17: =IFERROR(VLOOKUP($G17,'as of August 26'!$A$5:$V$195,19,0),"") | D17: =IFERROR(VLOOKUP($G17,'as of August 26'!$A$5:$V$195,20,0),"") | E17: =IFERROR(VLOOKUP($G17,'as of August 26'!$A$5:$V$195,21,0),"") | F17: =IFERROR(VLOOKUP($G17,'as of August 26'!$A$5:$V$195,8,0),"") | G17: {=IFERROR(INDEX('as of August 26'!$F$5:$F$195,SMALL(IF('as of August 26'!$B$5:$B$195="YES",ROW('as of August 26'!$B$5:$B$195)-MIN(ROW('as of August 26'!$B$5:$B$195))+1),ROW(9:9))),"")} | H17: =IFERROR(VLOOKUP($G17,'as of August 26'!$A$5:$V$195,4,0),"") | I17: =IFERROR(IF(ISBLANK(K17),"",VLOOKUP($G17,'as of August 26'!$A$5:$V$195,16,0)-J17),"") | J17: =IFERROR(VLOOKUP($G17,'as of August 26'!$A$5:$V$195,13,0),"") | K17: =IFERROR(VLOOKUP($G17,'as of August 26'!$A$5:$X$195,23,0),"")
A18: =IFERROR(VLOOKUP($G18,'as of August 26'!$A$5:$V$195,3,0),"") | B18: =IFERROR(VLOOKUP($G18,'as of August 26'!$A$5:$V$195,5,0),"") | C18: =IFERROR(VLOOKUP($G18,'as of August 26'!$A$5:$V$195,19,0),"") | D18: =IFERROR(VLOOKUP($G18,'as of August 26'!$A$5:$V$195,20,0),"") | E18: =IFERROR(VLOOKUP($G18,'as of August 26'!$A$5:$V$195,21,0),"") | F18: =IFERROR(VLOOKUP($G18,'as of August 26'!$A$5:$V$195,8,0),"") | G18: {=IFERROR(INDEX('as of August 26'!$F$5:$F$195,SMALL(IF('as of August 26'!$B$5:$B$195="YES",ROW('as of August 26'!$B$5:$B$195)-MIN(ROW('as of August 26'!$B$5:$B$195))+1),ROW(10:10))),"")} | H18: =IFERROR(VLOOKUP($G18,'as of August 26'!$A$5:$V$195,4,0),"") | I18: =IFERROR(IF(ISBLANK(K18),"",VLOOKUP($G18,'as of August 26'!$A$5:$V$195,16,0)-J18),"") | J18: =IFERROR(VLOOKUP($G18,'as of August 26'!$A$5:$V$195,13,0),"") | K18: =IFERROR(VLOOKUP($G18,'as of August 26'!$A$5:$X$195,23,0),"")
A19: =IFERROR(VLOOKUP($G19,'as of August 26'!$A$5:$V$195,3,0),"") | B19: =IFERROR(VLOOKUP($G19,'as of August 26'!$A$5:$V$195,5,0),"") | C19: =IFERROR(VLOOKUP($G19,'as of August 26'!$A$5:$V$195,19,0),"") | D19: =IFERROR(VLOOKUP($G19,'as of August 26'!$A$5:$V$195,20,0),"") | E19: =IFERROR(VLOOKUP($G19,'as of August 26'!$A$5:$V$195,21,0),"") | F19: =IFERROR(VLOOKUP($G19,'as of August 26'!$A$5:$V$195,8,0),"") | G19: {=IFERROR(INDEX('as of August 26'!$F$5:$F$195,SMALL(IF('as of August 26'!$B$5:$B$195="YES",ROW('as of August 26'!$B$5:$B$195)-MIN(ROW('as of August 26'!$B$5:$B$195))+1),ROW(11:11))),"")} | H19: =IFERROR(VLOOKUP($G19,'as of August 26'!$A$5:$V$195,4,0),"") | I19: =IFERROR(IF(ISBLANK(K19),"",VLOOKUP($G19,'as of August 26'!$A$5:$V$195,16,0)-J19),"") | J19: =IFERROR(VLOOKUP($G19,'as of August 26'!$A$5:$V$195,13,0),"") | K19: =IFERROR(VLOOKUP($G19,'as of August 26'!$A$5:$X$195,23,0),"")
A20: =IFERROR(VLOOKUP($G20,'as of August 26'!$A$5:$V$195,3,0),"") | B20: =IFERROR(VLOOKUP($G20,'as of August 26'!$A$5:$V$195,5,0),"") | C20: =IFERROR(VLOOKUP($G20,'as of August 26'!$A$5:$V$195,19,0),"") | D20: =IFERROR(VLOOKUP($G20,'as of August 26'!$A$5:$V$195,20,0),"") | E20: =IFERROR(VLOOKUP($G20,'as of August 26'!$A$5:$V$195,21,0),"") | F20: =IFERROR(VLOOKUP($G20,'as of August 26'!$A$5:$V$195,8,0),"") | G20: {=IFERROR(INDEX('as of August 26'!$F$5:$F$195,SMALL(IF('as of August 26'!$B$5:$B$195="YES",ROW('as of August 26'!$B$5:$B$195)-MIN(ROW('as of August 26'!$B$5:$B$195))+1),ROW(12:12))),"")} | H20: =IFERROR(VLOOKUP($G20,'as of August 26'!$A$5:$V$195,4,0),"") | I20: =IFERROR(IF(ISBLANK(K20),"",VLOOKUP($G20,'as of August 26'!$A$5:$V$195,16,0)-J20),"") | J20: =IFERROR(VLOOKUP($G20,'as of August 26'!$A$5:$V$195,13,0),"") | K20: =IFERROR(VLOOKUP($G20,'as of August 26'!$A$5:$X$195,23,0),"")
A21: =IFERROR(VLOOKUP($G21,'as of August 26'!$A$5:$V$195,3,0),"") | B21: =IFERROR(VLOOKUP($G21,'as of August 26'!$A$5:$V$195,5,0),"") | C21: =IFERROR(VLOOKUP($G21,'as of August 26'!$A$5:$V$195,19,0),"") | D21: =IFERROR(VLOOKUP($G21,'as of August 26'!$A$5:$V$195,20,0),"") | E21: =IFERROR(VLOOKUP($G21,'as of August 26'!$A$5:$V$195,21,0),"") | F21: =IFERROR(VLOOKUP($G21,'as of August 26'!$A$5:$V$195,8,0),"") | G21: {=IFERROR(INDEX('as of August 26'!$F$5:$F$195,SMALL(IF('as of August 26'!$B$5:$B$195="YES",ROW('as of August 26'!$B$5:$B$195)-MIN(ROW('as of August 26'!$B$5:$B$195))+1),ROW(13:13))),"")} | H21: =IFERROR(VLOOKUP($G21,'as of August 26'!$A$5:$V$195,4,0),"") | I21: =IFERROR(IF(ISBLANK(K21),"",VLOOKUP($G21,'as of August 26'!$A$5:$V$195,16,0)-J21),"") | J21: =IFERROR(VLOOKUP($G21,'as of August 26'!$A$5:$V$195,13,0),"") | K21: =IFERROR(VLOOKUP($G21,'as of August 26'!$A$5:$X$195,23,0),"")
A22: =IFERROR(VLOOKUP($G22,'as of August 26'!$A$5:$V$195,3,0),"") | B22: =IFERROR(VLOOKUP($G22,'as of August 26'!$A$5:$V$195,5,0),"") | C22: =IFERROR(VLOOKUP($G22,'as of August 26'!$A$5:$V$195,19,0),"") | D22: =IFERROR(VLOOKUP($G22,'as of August 26'!$A$5:$V$195,20,0),"") | E22: =IFERROR(VLOOKUP($G22,'as of August 26'!$A$5:$V$195,21,0),"") | F22: =IFERROR(VLOOKUP($G22,'as of August 26'!$A$5:$V$195,8,0),"") | G22: {=IFERROR(INDEX('as of August 26'!$F$5:$F$195,SMALL(IF('as of August 26'!$B$5:$B$195="YES",ROW('as of August 26'!$B$5:$B$195)-MIN(ROW('as of August 26'!$B$5:$B$195))+1),ROW(14:14))),"")} | H22: =IFERROR(VLOOKUP($G22,'as of August 26'!$A$5:$V$195,4,0),"") | I22: =IFERROR(IF(ISBLANK(K22),"",VLOOKUP($G22,'as of August 26'!$A$5:$V$195,16,0)-J22),"") | J22: =IFERROR(VLOOKUP($G22,'as of August 26'!$A$5:$V$195,13,0),"") | K22: =IFERROR(VLOOKUP($G22,'as of August 26'!$A$5:$X$195,23,0),"")
A23: =IFERROR(VLOOKUP($G23,'as of August 26'!$A$5:$V$195,3,0),"") | B23: =IFERROR(VLOOKUP($G23,'as of August 26'!$A$5:$V$195,5,0),"") | C23: =IFERROR(VLOOKUP($G23,'as of August 26'!$A$5:$V$195,19,0),"") | D23: =IFERROR(VLOOKUP($G23,'as of August 26'!$A$5:$V$195,20,0),"") | E23: =IFERROR(VLOOKUP($G23,'as of August 26'!$A$5:$V$195,21,0),"") | F23: =IFERROR(VLOOKUP($G23,'as of August 26'!$A$5:$V$195,8,0),"") | G23: {=IFERROR(INDEX('as of August 26'!$F$5:$F$195,SMALL(IF('as of August 26'!$B$5:$B$195="YES",ROW('as of August 26'!$B$5:$B$195)-MIN(ROW('as of August 26'!$B$5:$B$195))+1),ROW(15:15))),"")} | H23: =IFERROR(VLOOKUP($G23,'as of August 26'!$A$5:$V$195,4,0),"") | I23: =IFERROR(IF(ISBLANK(K23),"",VLOOKUP($G23,'as of August 26'!$A$5:$V$195,16,0)-J23),"") | J23: =IFERROR(VLOOKUP($G23,'as of August 26'!$A$5:$V$195,13,0),"") | K23: =IFERROR(VLOOKUP($G23,'as of August 26'!$A$5:$X$195,23,0),"")
A24: =IFERROR(VLOOKUP($G24,'as of August 26'!$A$5:$V$195,3,0),"") | B24: =IFERROR(VLOOKUP($G24,'as of August 26'!$A$5:$V$195,5,0),"") | C24: =IFERROR(VLOOKUP($G24,'as of August 26'!$A$5:$V$195,19,0),"") | D24: =IFERROR(VLOOKUP($G24,'as of August 26'!$A$5:$V$195,20,0),"") | E24: =IFERROR(VLOOKUP($G24,'as of August 26'!$A$5:$V$195,21,0),"") | F24: =IFERROR(VLOOKUP($G24,'as of August 26'!$A$5:$V$195,8,0),"") | G24: {=IFERROR(INDEX('as of August 26'!$F$5:$F$195,SMALL(IF('as of August 26'!$B$5:$B$195="YES",ROW('as of August 26'!$B$5:$B$195)-MIN(ROW('as of August 26'!$B$5:$B$195))+1),ROW(16:16))),"")} | H24: =IFERROR(VLOOKUP($G24,'as of August 26'!$A$5:$V$195,4,0),"") | I24: =IFERROR(IF(ISBLANK(K24),"",VLOOKUP($G24,'as of August 26'!$A$5:$V$195,16,0)-J24),"") | J24: =IFERROR(VLOOKUP($G24,'as of August 26'!$A$5:$V$195,13,0),"") | K24: =IFERROR(VLOOKUP($G24,'as of August 26'!$A$5:$X$195,23,0),"")
A25: =IFERROR(VLOOKUP($G25,'as of August 26'!$A$5:$V$195,3,0),"") | B25: =IFERROR(VLOOKUP($G25,'as of August 26'!$A$5:$V$195,5,0),"") | C25: =IFERROR(VLOOKUP($G25,'as of August 26'!$A$5:$V$195,19,0),"") | D25: =IFERROR(VLOOKUP($G25,'as of August 26'!$A$5:$V$195,20,0),"") | E25: =IFERROR(VLOOKUP($G25,'as of August 26'!$A$5:$V$195,21,0),"") | F25: =IFERROR(VLOOKUP($G25,'as of August 26'!$A$5:$V$195,8,0),"") | G25: {=IFERROR(INDEX('as of August 26'!$F$5:$F$195,SMALL(IF('as of August 26'!$B$5:$B$195="YES",ROW('as of August 26'!$B$5:$B$195)-MIN(ROW('as of August 26'!$B$5:$B$195))+1),ROW(17:17))),"")} | H25: =IFERROR(VLOOKUP($G25,'as of August 26'!$A$5:$V$195,4,0),"") | I25: =IFERROR(IF(ISBLANK(K25),"",VLOOKUP($G25,'as of August 26'!$A$5:$V$195,16,0)-J25),"") | J25: =IFERROR(VLOOKUP($G25,'as of August 26'!$A$5:$V$195,13,0),"") | K25: =IFERROR(VLOOKUP($G25,'as of August 26'!$A$5:$X$195,23,0),"")
A26: =IFERROR(VLOOKUP($G26,'as of August 26'!$A$5:$V$195,3,0),"") | B26: =IFERROR(VLOOKUP($G26,'as of August 26'!$A$5:$V$195,5,0),"") | C26: =IFERROR(VLOOKUP($G26,'as of August 26'!$A$5:$V$195,19,0),"") | D26: =IFERROR(VLOOKUP($G26,'as of August 26'!$A$5:$V$195,20,0),"") | E26: =IFERROR(VLOOKUP($G26,'as of August 26'!$A$5:$V$195,21,0),"") | F26: =IFERROR(VLOOKUP($G26,'as of August 26'!$A$5:$V$195,8,0),"") | G26: {=IFERROR(INDEX('as of August 26'!$F$5:$F$195,SMALL(IF('as of August 26'!$B$5:$B$195="YES",ROW('as of August 26'!$B$5:$B$195)-MIN(ROW('as of August 26'!$B$5:$B$195))+1),ROW(18:18))),"")} | H26: =IFERROR(VLOOKUP($G26,'as of August 26'!$A$5:$V$195,4,0),"") | I26: =IFERROR(IF(ISBLANK(K26),"",VLOOKUP($G26,'as of August 26'!$A$5:$V$195,16,0)-J26),"") | J26: =IFERROR(VLOOKUP($G26,'as of August 26'!$A$5:$V$195,13,0),"") | K26: =IFERROR(VLOOKUP($G26,'as of August 26'!$A$5:$X$195,23,0),"")
A27: =IFERROR(VLOOKUP($G27,'as of August 26'!$A$5:$V$195,3,0),"") | B27: =IFERROR(VLOOKUP($G27,'as of August 26'!$A$5:$V$195,5,0),"") | C27: =IFERROR(VLOOKUP($G27,'as of August 26'!$A$5:$V$195,19,0),"") | D27: =IFERROR(VLOOKUP($G27,'as of August 26'!$A$5:$V$195,20,0),"") | E27: =IFERROR(VLOOKUP($G27,'as of August 26'!$A$5:$V$195,21,0),"") | F27: =IFERROR(VLOOKUP($G27,'as of August 26'!$A$5:$V$195,8,0),"") | G27: {=IFERROR(INDEX('as of August 26'!$F$5:$F$195,SMALL(IF('as of August 26'!$B$5:$B$195="YES",ROW('as of August 26'!$B$5:$B$195)-MIN(ROW('as of August 26'!$B$5:$B$195))+1),ROW(19:19))),"")} | H27: =IFERROR(VLOOKUP($G27,'as of August 26'!$A$5:$V$195,4,0),"") | I27: =IFERROR(IF(ISBLANK(K27),"",VLOOKUP($G27,'as of August 26'!$A$5:$V$195,16,0)-J27),"") | J27: =IFERROR(VLOOKUP($G27,'as of August 26'!$A$5:$V$195,13,0),"") | K27: =IFERROR(VLOOKUP($G27,'as of August 26'!$A$5:$X$195,23,0),"")
A28: =IFERROR(VLOOKUP($G28,'as of August 26'!$A$5:$V$195,3,0),"") | B28: =IFERROR(VLOOKUP($G28,'as of August 26'!$A$5:$V$195,5,0),"") | C28: =IFERROR(VLOOKUP($G28,'as of August 26'!$A$5:$V$195,19,0),"") | D28: =IFERROR(VLOOKUP($G28,'as of August 26'!$A$5:$V$195,20,0),"") | E28: =IFERROR(VLOOKUP($G28,'as of August 26'!$A$5:$V$195,21,0),"") | F28: =IFERROR(VLOOKUP($G28,'as of August 26'!$A$5:$V$195,8,0),"") | G28: {=IFERROR(INDEX('as of August 26'!$F$5:$F$195,SMALL(IF('as of August 26'!$B$5:$B$195="YES",ROW('as of August 26'!$B$5:$B$195)-MIN(ROW('as of August 26'!$B$5:$B$195))+1),ROW(20:20))),"")} | H28: =IFERROR(VLOOKUP($G28,'as of August 26'!$A$5:$V$195,4,0),"") | I28: =IFERROR(IF(ISBLANK(K28),"",VLOOKUP($G28,'as of August 26'!$A$5:$V$195,16,0)-J28),"") | J28: =IFERROR(VLOOKUP($G28,'as of August 26'!$A$5:$V$195,13,0),"") | K28: =IFERROR(VLOOKUP($G28,'as of August 26'!$A$5:$X$195,23,0),"")
A29: =IFERROR(VLOOKUP($G29,'as of August 26'!$A$5:$V$195,3,0),"") | B29: =IFERROR(VLOOKUP($G29,'as of August 26'!$A$5:$V$195,5,0),"") | C29: =IFERROR(VLOOKUP($G29,'as of August 26'!$A$5:$V$195,19,0),"") | D29: =IFERROR(VLOOKUP($G29,'as of August 26'!$A$5:$V$195,20,0),"") | E29: =IFERROR(VLOOKUP($G29,'as of August 26'!$A$5:$V$195,21,0),"") | F29: =IFERROR(VLOOKUP($G29,'as of August 26'!$A$5:$V$195,8,0),"") | G29: {=IFERROR(INDEX('as of August 26'!$F$5:$F$195,SMALL(IF('as of August 26'!$B$5:$B$195="YES",ROW('as of August 26'!$B$5:$B$195)-MIN(ROW('as of August 26'!$B$5:$B$195))+1),ROW(21:21))),"")} | H29: =IFERROR(VLOOKUP($G29,'as of August 26'!$A$5:$V$195,4,0),"") | I29: =IFERROR(IF(ISBLANK(K29),"",VLOOKUP($G29,'as of August 26'!$A$5:$V$195,16,0)-J29),"") | J29: =IFERROR(VLOOKUP($G29,'as of August 26'!$A$5:$V$195,13,0),"") | K29: =IFERROR(VLOOKUP($G29,'as of August 26'!$A$5:$X$195,23,0),"")
A30: =IFERROR(VLOOKUP($G30,'as of August 26'!$A$5:$V$195,3,0),"") | B30: =IFERROR(VLOOKUP($G30,'as of August 26'!$A$5:$V$195,5,0),"") | C30: =IFERROR(VLOOKUP($G30,'as of August 26'!$A$5:$V$195,19,0),"") | D30: =IFERROR(VLOOKUP($G30,'as of August 26'!$A$5:$V$195,20,0),"") | E30: =IFERROR(VLOOKUP($G30,'as of August 26'!$A$5:$V$195,21,0),"") | F30: =IFERROR(VLOOKUP($G30,'as of August 26'!$A$5:$V$195,8,0),"") | G30: {=IFERROR(INDEX('as of August 26'!$F$5:$F$195,SMALL(IF('as of August 26'!$B$5:$B$195="YES",ROW('as of August 26'!$B$5:$B$195)-MIN(ROW('as of August 26'!$B$5:$B$195))+1),ROW(22:22))),"")} | H30: =IFERROR(VLOOKUP($G30,'as of August 26'!$A$5:$V$195,4,0),"") | I30: =IFERROR(IF(ISBLANK(K30),"",VLOOKUP($G30,'as of August 26'!$A$5:$V$195,16,0)-J30),"") | J30: =IFERROR(VLOOKUP($G30,'as of August 26'!$A$5:$V$195,13,0),"") | K30: =IFERROR(VLOOKUP($G30,'as of August 26'!$A$5:$X$195,23,0),"")
A31: =IFERROR(VLOOKUP($G31,'as of August 26'!$A$5:$V$195,3,0),"") | B31: =IFERROR(VLOOKUP($G31,'as of August 26'!$A$5:$V$195,5,0),"") | C31: =IFERROR(VLOOKUP($G31,'as of August 26'!$A$5:$V$195,19,0),"") | D31: =IFERROR(VLOOKUP($G31,'as of August 26'!$A$5:$V$195,20,0),"") | E31: =IFERROR(VLOOKUP($G31,'as of August 26'!$A$5:$V$195,21,0),"") | F31: =IFERROR(VLOOKUP($G31,'as of August 26'!$A$5:$V$195,8,0),"") | G31: {=IFERROR(INDEX('as of August 26'!$F$5:$F$195,SMALL(IF('as of August 26'!$B$5:$B$195="YES",ROW('as of August 26'!$B$5:$B$195)-MIN(ROW('as of August 26'!$B$5:$B$195))+1),ROW(23:23))),"")} | H31: =IFERROR(VLOOKUP($G31,'as of August 26'!$A$5:$V$195,4,0),"") | I31: =IFERROR(IF(ISBLANK(K31),"",VLOOKUP($G31,'as of August 26'!$A$5:$V$195,16,0)-J31),"") | J31: =IFERROR(VLOOKUP($G31,'as of August 26'!$A$5:$V$195,13,0),"") | K31: =IFERROR(VLOOKUP($G31,'as of August 26'!$A$5:$X$195,23,0),"")
A32: =IFERROR(VLOOKUP($G32,'as of August 26'!$A$5:$V$195,3,0),"") | B32: =IFERROR(VLOOKUP($G32,'as of August 26'!$A$5:$V$195,5,0),"") | C32: =IFERROR(VLOOKUP($G32,'as of August 26'!$A$5:$V$195,19,0),"") | D32: =IFERROR(VLOOKUP($G32,'as of August 26'!$A$5:$V$195,20,0),"") | E32: =IFERROR(VLOOKUP($G32,'as of August 26'!$A$5:$V$195,21,0),"") | F32: =IFERROR(VLOOKUP($G32,'as of August 26'!$A$5:$V$195,8,0),"") | G32: {=IFERROR(INDEX('as of August 26'!$F$5:$F$195,SMALL(IF('as of August 26'!$B$5:$B$195="YES",ROW('as of August 26'!$B$5:$B$195)-MIN(ROW('as of August 26'!$B$5:$B$195))+1),ROW(24:24))),"")} | H32: =IFERROR(VLOOKUP($G32,'as of August 26'!$A$5:$V$195,4,0),"") | I32: =IFERROR(IF(ISBLANK(K32),"",VLOOKUP($G32,'as of August 26'!$A$5:$V$195,16,0)-J32),"") | J32: =IFERROR(VLOOKUP($G32,'as of August 26'!$A$5:$V$195,13,0),"") | K32: =IFERROR(VLOOKUP($G32,'as of August 26'!$A$5:$X$195,23,0),"")
A33: =IFERROR(VLOOKUP($G33,'as of August 26'!$A$5:$V$195,3,0),"") | B33: =IFERROR(VLOOKUP($G33,'as of August 26'!$A$5:$V$195,5,0),"") | C33: =IFERROR(VLOOKUP($G33,'as of August 26'!$A$5:$V$195,19,0),"") | D33: =IFERROR(VLOOKUP($G33,'as of August 26'!$A$5:$V$195,20,0),"") | E33: =IFERROR(VLOOKUP($G33,'as of August 26'!$A$5:$V$195,21,0),"") | F33: =IFERROR(VLOOKUP($G33,'as of August 26'!$A$5:$V$195,8,0),"") | G33: {=IFERROR(INDEX('as of August 26'!$F$5:$F$195,SMALL(IF('as of August 26'!$B$5:$B$195="YES",ROW('as of August 26'!$B$5:$B$195)-MIN(ROW('as of August 26'!$B$5:$B$195))+1),ROW(25:25))),"")} | H33: =IFERROR(VLOOKUP($G33,'as of August 26'!$A$5:$V$195,4,0),"") | I33: =IFERROR(IF(ISBLANK(K33),"",VLOOKUP($G33,'as of August 26'!$A$5:$V$195,16,0)-J33),"") | J33: =IFERROR(VLOOKUP($G33,'as of August 26'!$A$5:$V$195,13,0),"") | K33: =IFERROR(VLOOKUP($G33,'as of August 26'!$A$5:$X$195,23,0),"")
A34: =IFERROR(VLOOKUP($G34,'as of August 26'!$A$5:$V$195,3,0),"") | B34: =IFERROR(VLOOKUP($G34,'as of August 26'!$A$5:$V$195,5,0),"") | C34: =IFERROR(VLOOKUP($G34,'as of August 26'!$A$5:$V$195,19,0),"") | D34: =IFERROR(VLOOKUP($G34,'as of August 26'!$A$5:$V$195,20,0),"") | E34: =IFERROR(VLOOKUP($G34,'as of August 26'!$A$5:$V$195,21,0),"") | F34: =IFERROR(VLOOKUP($G34,'as of August 26'!$A$5:$V$195,8,0),"") | G34: {=IFERROR(INDEX('as of August 26'!$F$5:$F$195,SMALL(IF('as of August 26'!$B$5:$B$195="YES",ROW('as of August 26'!$B$5:$B$195)-MIN(ROW('as of August 26'!$B$5:$B$195))+1),ROW(26:26))),"")} | H34: =IFERROR(VLOOKUP($G34,'as of August 26'!$A$5:$V$195,4,0),"") | I34: =IFERROR(IF(ISBLANK(K34),"",VLOOKUP($G34,'as of August 26'!$A$5:$V$195,16,0)-J34),"") | J34: =IFERROR(VLOOKUP($G34,'as of August 26'!$A$5:$V$195,13,0),"") | K34: =IFERROR(VLOOKUP($G34,'as of August 26'!$A$5:$X$195,23,0),"")
A35: =IFERROR(VLOOKUP($G35,'as of August 26'!$A$5:$V$195,3,0),"") | B35: =IFERROR(VLOOKUP($G35,'as of August 26'!$A$5:$V$195,5,0),"") | C35: =IFERROR(VLOOKUP($G35,'as of August 26'!$A$5:$V$195,19,0),"") | D35: =IFERROR(VLOOKUP($G35,'as of August 26'!$A$5:$V$195,20,0),"") | E35: =IFERROR(VLOOKUP($G35,'as of August 26'!$A$5:$V$195,21,0),"") | F35: =IFERROR(VLOOKUP($G35,'as of August 26'!$A$5:$V$195,8,0),"") | G35: {=IFERROR(INDEX('as of August 26'!$F$5:$F$195,SMALL(IF('as of August 26'!$B$5:$B$195="YES",ROW('as of August 26'!$B$5:$B$195)-MIN(ROW('as of August 26'!$B$5:$B$195))+1),ROW(27:27))),"")} | H35: =IFERROR(VLOOKUP($G35,'as of August 26'!$A$5:$V$195,4,0),"") | I35: =IFERROR(IF(ISBLANK(K35),"",VLOOKUP($G35,'as of August 26'!$A$5:$V$195,16,0)-J35),"") | J35: =IFERROR(VLOOKUP($G35,'as of August 26'!$A$5:$V$195,13,0),"") | K35: =IFERROR(VLOOKUP($G35,'as of August 26'!$A$5:$X$195,23,0),"")
A36: =IFERROR(VLOOKUP($G36,'as of August 26'!$A$5:$V$195,3,0),"") | B36: =IFERROR(VLOOKUP($G36,'as of August 26'!$A$5:$V$195,5,0),"") | C36: =IFERROR(VLOOKUP($G36,'as of August 26'!$A$5:$V$195,19,0),"") | D36: =IFERROR(VLOOKUP($G36,'as of August 26'!$A$5:$V$195,20,0),"") | E36: =IFERROR(VLOOKUP($G36,'as of August 26'!$A$5:$V$195,21,0),"") | F36: =IFERROR(VLOOKUP($G36,'as of August 26'!$A$5:$V$195,8,0),"") | G36: {=IFERROR(INDEX('as of August 26'!$F$5:$F$195,SMALL(IF('as of August 26'!$B$5:$B$195="YES",ROW('as of August 26'!$B$5:$B$195)-MIN(ROW('as of August 26'!$B$5:$B$195))+1),ROW(28:28))),"")} | H36: =IFERROR(VLOOKUP($G36,'as of August 26'!$A$5:$V$195,4,0),"") | I36: =IFERROR(IF(ISBLANK(K36),"",VLOOKUP($G36,'as of August 26'!$A$5:$V$195,16,0)-J36),"") | J36: =IFERROR(VLOOKUP($G36,'as of August 26'!$A$5:$V$195,13,0),"") | K36: =IFERROR(VLOOKUP($G36,'as of August 26'!$A$5:$X$195,23,0),"")
A37: =IFERROR(VLOOKUP($G37,'as of August 26'!$A$5:$V$195,3,0),"") | B37: =IFERROR(VLOOKUP($G37,'as of August 26'!$A$5:$V$195,5,0),"") | C37: =IFERROR(VLOOKUP($G37,'as of August 26'!$A$5:$V$195,19,0),"") | D37: =IFERROR(VLOOKUP($G37,'as of August 26'!$A$5:$V$195,20,0),"") | E37: =IFERROR(VLOOKUP($G37,'as of August 26'!$A$5:$V$195,21,0),"") | F37: =IFERROR(VLOOKUP($G37,'as of August 26'!$A$5:$V$195,8,0),"") | G37: {=IFERROR(INDEX('as of August 26'!$F$5:$F$195,SMALL(IF('as of August 26'!$B$5:$B$195="YES",ROW('as of August 26'!$B$5:$B$195)-MIN(ROW('as of August 26'!$B$5:$B$195))+1),ROW(29:29))),"")} | H37: =IFERROR(VLOOKUP($G37,'as of August 26'!$A$5:$V$195,4,0),"") | I37: =IFERROR(IF(ISBLANK(K37),"",VLOOKUP($G37,'as of August 26'!$A$5:$V$195,16,0)-J37),"") | J37: =IFERROR(VLOOKUP($G37,'as of August 26'!$A$5:$V$195,13,0),"") | K37: =IFERROR(VLOOKUP($G37,'as of August 26'!$A$5:$X$195,23,0),"")
A38: =IFERROR(VLOOKUP($G38,'as of August 26'!$A$5:$V$195,3,0),"") | B38: =IFERROR(VLOOKUP($G38,'as of August 26'!$A$5:$V$195,5,0),"") | C38: =IFERROR(VLOOKUP($G38,'as of August 26'!$A$5:$V$195,19,0),"") | D38: =IFERROR(VLOOKUP($G38,'as of August 26'!$A$5:$V$195,20,0),"") | E38: =IFERROR(VLOOKUP($G38,'as of August 26'!$A$5:$V$195,21,0),"") | F38: =IFERROR(VLOOKUP($G38,'as of August 26'!$A$5:$V$195,8,0),"") | G38: {=IFERROR(INDEX('as of August 26'!$F$5:$F$195,SMALL(IF('as of August 26'!$B$5:$B$195="YES",ROW('as of August 26'!$B$5:$B$195)-MIN(ROW('as of August 26'!$B$5:$B$195))+1),ROW(30:30))),"")} | H38: =IFERROR(VLOOKUP($G38,'as of August 26'!$A$5:$V$195,4,0),"") | I38: =IFERROR(IF(ISBLANK(K38),"",VLOOKUP($G38,'as of August 26'!$A$5:$V$195,16,0)-J38),"") | J38: =IFERROR(VLOOKUP($G38,'as of August 26'!$A$5:$V$195,13,0),"") | K38: =IFERROR(VLOOKUP($G38,'as of August 26'!$A$5:$X$195,23,0),"")
A39: =IFERROR(VLOOKUP($G39,'as of August 26'!$A$5:$V$195,3,0),"") | B39: =IFERROR(VLOOKUP($G39,'as of August 26'!$A$5:$V$195,5,0),"") | C39: =IFERROR(VLOOKUP($G39,'as of August 26'!$A$5:$V$195,19,0),"") | D39: =IFERROR(VLOOKUP($G39,'as of August 26'!$A$5:$V$195,20,0),"") | E39: =IFERROR(VLOOKUP($G39,'as of August 26'!$A$5:$V$195,21,0),"") | F39: =IFERROR(VLOOKUP($G39,'as of August 26'!$A$5:$V$195,8,0),"") | G39: {=IFERROR(INDEX('as of August 26'!$F$5:$F$195,SMALL(IF('as of August 26'!$B$5:$B$195="YES",ROW('as of August 26'!$B$5:$B$195)-MIN(ROW('as of August 26'!$B$5:$B$195))+1),ROW(31:31))),"")} | H39: =IFERROR(VLOOKUP($G39,'as of August 26'!$A$5:$V$195,4,0),"") | I39: =IFERROR(IF(ISBLANK(K39),"",VLOOKUP($G39,'as of August 26'!$A$5:$V$195,16,0)-J39),"") | J39: =IFERROR(VLOOKUP($G39,'as of August 26'!$A$5:$V$195,13,0),"") | K39: =IFERROR(VLOOKUP($G39,'as of August 26'!$A$5:$X$195,23,0),"")
A40: =IFERROR(VLOOKUP($G40,'as of August 26'!$A$5:$V$195,3,0),"") | B40: =IFERROR(VLOOKUP($G40,'as of August 26'!$A$5:$V$195,5,0),"") | C40: =IFERROR(VLOOKUP($G40,'as of August 26'!$A$5:$V$195,19,0),"") | D40: =IFERROR(VLOOKUP($G40,'as of August 26'!$A$5:$V$195,20,0),"") | E40: =IFERROR(VLOOKUP($G40,'as of August 26'!$A$5:$V$195,21,0),"") | F40: =IFERROR(VLOOKUP($G40,'as of August 26'!$A$5:$V$195,8,0),"") | G40: {=IFERROR(INDEX('as of August 26'!$F$5:$F$195,SMALL(IF('as of August 26'!$B$5:$B$195="YES",ROW('as of August 26'!$B$5:$B$195)-MIN(ROW('as of August 26'!$B$5:$B$195))+1),ROW(32:32))),"")} | H40: =IFERROR(VLOOKUP($G40,'as of August 26'!$A$5:$V$195,4,0),"") | I40: =IFERROR(IF(ISBLANK(K40),"",VLOOKUP($G40,'as of August 26'!$A$5:$V$195,16,0)-J40),"") | J40: =IFERROR(VLOOKUP($G40,'as of August 26'!$A$5:$V$195,13,0),"") | K40: =IFERROR(VLOOKUP($G40,'as of August 26'!$A$5:$X$195,23,0),"")
A41: =IFERROR(VLOOKUP($G41,'as of August 26'!$A$5:$V$195,3,0),"") | B41: =IFERROR(VLOOKUP($G41,'as of August 26'!$A$5:$V$195,5,0),"") | C41: =IFERROR(VLOOKUP($G41,'as of August 26'!$A$5:$V$195,19,0),"") | D41: =IFERROR(VLOOKUP($G41,'as of August 26'!$A$5:$V$195,20,0),"") | E41: =IFERROR(VLOOKUP($G41,'as of August 26'!$A$5:$V$195,21,0),"") | F41: =IFERROR(VLOOKUP($G41,'as of August 26'!$A$5:$V$195,8,0),"") | G41: {=IFERROR(INDEX('as of August 26'!$F$5:$F$195,SMALL(IF('as of August 26'!$B$5:$B$195="YES",ROW('as of August 26'!$B$5:$B$195)-MIN(ROW('as of August 26'!$B$5:$B$195))+1),ROW(33:33))),"")} | H41: =IFERROR(VLOOKUP($G41,'as of August 26'!$A$5:$V$195,4,0),"") | I41: =IFERROR(IF(ISBLANK(K41),"",VLOOKUP($G41,'as of August 26'!$A$5:$V$195,16,0)-J41),"") | J41: =IFERROR(VLOOKUP($G41,'as of August 26'!$A$5:$V$195,13,0),"") | K41: =IFERROR(VLOOKUP($G41,'as of August 26'!$A$5:$X$195,23,0),"")
A42: =IFERROR(VLOOKUP($G42,'as of August 26'!$A$5:$V$195,3,0),"") | B42: =IFERROR(VLOOKUP($G42,'as of August 26'!$A$5:$V$195,5,0),"") | C42: =IFERROR(VLOOKUP($G42,'as of August 26'!$A$5:$V$195,19,0),"") | D42: =IFERROR(VLOOKUP($G42,'as of August 26'!$A$5:$V$195,20,0),"") | E42: =IFERROR(VLOOKUP($G42,'as of August 26'!$A$5:$V$195,21,0),"") | F42: =IFERROR(VLOOKUP($G42,'as of August 26'!$A$5:$V$195,8,0),"") | G42: {=IFERROR(INDEX('as of August 26'!$F$5:$F$195,SMALL(IF('as of August 26'!$B$5:$B$195="YES",ROW('as of August 26'!$B$5:$B$195)-MIN(ROW('as of August 26'!$B$5:$B$195))+1),ROW(34:34))),"")} | H42: =IFERROR(VLOOKUP($G42,'as of August 26'!$A$5:$V$195,4,0),"") | I42: =IFERROR(IF(ISBLANK(K42),"",VLOOKUP($G42,'as of August 26'!$A$5:$V$195,16,0)-J42),"") | J42: =IFERROR(VLOOKUP($G42,'as of August 26'!$A$5:$V$195,13,0),"") | K42: =IFERROR(VLOOKUP($G42,'as of August 26'!$A$5:$X$195,23,0),"")
A43: =IFERROR(VLOOKUP($G43,'as of August 26'!$A$5:$V$195,3,0),"") | B43: =IFERROR(VLOOKUP($G43,'as of August 26'!$A$5:$V$195,5,0),"") | C43: =IFERROR(VLOOKUP($G43,'as of August 26'!$A$5:$V$195,19,0),"") | D43: =IFERROR(VLOOKUP($G43,'as of August 26'!$A$5:$V$195,20,0),"") | E43: =IFERROR(VLOOKUP($G43,'as of August 26'!$A$5:$V$195,21,0),"") | F43: =IFERROR(VLOOKUP($G43,'as of August 26'!$A$5:$V$195,8,0),"") | G43: {=IFERROR(INDEX('as of August 26'!$F$5:$F$195,SMALL(IF('as of August 26'!$B$5:$B$195="YES",ROW('as of August 26'!$B$5:$B$195)-MIN(ROW('as of August 26'!$B$5:$B$195))+1),ROW(35:35))),"")} | H43: =IFERROR(VLOOKUP($G43,'as of August 26'!$A$5:$V$195,4,0),"") | I43: =IFERROR(IF(ISBLANK(K43),"",VLOOKUP($G43,'as of August 26'!$A$5:$V$195,16,0)-J43),"") | J43: =IFERROR(VLOOKUP($G43,'as of August 26'!$A$5:$V$195,13,0),"") | K43: =IFERROR(VLOOKUP($G43,'as of August 26'!$A$5:$X$195,23,0),"")
A44: =IFERROR(VLOOKUP($G44,'as of August 26'!$A$5:$V$195,3,0),"") | B44: =IFERROR(VLOOKUP($G44,'as of August 26'!$A$5:$V$195,5,0),"") | C44: =IFERROR(VLOOKUP($G44,'as of August 26'!$A$5:$V$195,19,0),"") | D44: =IFERROR(VLOOKUP($G44,'as of August 26'!$A$5:$V$195,20,0),"") | E44: =IFERROR(VLOOKUP($G44,'as of August 26'!$A$5:$V$195,21,0),"") | F44: =IFERROR(VLOOKUP($G44,'as of August 26'!$A$5:$V$195,8,0),"") | G44: {=IFERROR(INDEX('as of August 26'!$F$5:$F$195,SMALL(IF('as of August 26'!$B$5:$B$195="YES",ROW('as of August 26'!$B$5:$B$195)-MIN(ROW('as of August 26'!$B$5:$B$195))+1),ROW(36:36))),"")} | H44: =IFERROR(VLOOKUP($G44,'as of August 26'!$A$5:$V$195,4,0),"") | I44: =IFERROR(IF(ISBLANK(K44),"",VLOOKUP($G44,'as of August 26'!$A$5:$V$195,16,0)-J44),"") | J44: =IFERROR(VLOOKUP($G44,'as of August 26'!$A$5:$V$195,13,0),"") | K44: =IFERROR(VLOOKUP($G44,'as of August 26'!$A$5:$X$195,23,0),"")
A45: =IFERROR(VLOOKUP($G45,'as of August 26'!$A$5:$V$195,3,0),"") | B45: =IFERROR(VLOOKUP($G45,'as of August 26'!$A$5:$V$195,5,0),"") | C45: =IFERROR(VLOOKUP($G45,'as of August 26'!$A$5:$V$195,19,0),"") | D45: =IFERROR(VLOOKUP($G45,'as of August 26'!$A$5:$V$195,20,0),"") | E45: =IFERROR(VLOOKUP($G45,'as of August 26'!$A$5:$V$195,21,0),"") | F45: =IFERROR(VLOOKUP($G45,'as of August 26'!$A$5:$V$195,8,0),"") | G45: {=IFERROR(INDEX('as of August 26'!$F$5:$F$195,SMALL(IF('as of August 26'!$B$5:$B$195="YES",ROW('as of August 26'!$B$5:$B$195)-MIN(ROW('as of August 26'!$B$5:$B$195))+1),ROW(37:37))),"")} | H45: =IFERROR(VLOOKUP($G45,'as of August 26'!$A$5:$V$195,4,0),"") | I45: =IFERROR(IF(ISBLANK(K45),"",VLOOKUP($G45,'as of August 26'!$A$5:$V$195,16,0)-J45),"") | J45: =IFERROR(VLOOKUP($G45,'as of August 26'!$A$5:$V$195,13,0),"") | K45: =IFERROR(VLOOKUP($G45,'as of August 26'!$A$5:$X$195,23,0),"")
A46: =IFERROR(VLOOKUP($G46,'as of August 26'!$A$5:$V$195,3,0),"") | B46: =IFERROR(VLOOKUP($G46,'as of August 26'!$A$5:$V$195,5,0),"") | C46: =IFERROR(VLOOKUP($G46,'as of August 26'!$A$5:$V$195,19,0),"") | D46: =IFERROR(VLOOKUP($G46,'as of August 26'!$A$5:$V$195,20,0),"") | E46: =IFERROR(VLOOKUP($G46,'as of August 26'!$A$5:$V$195,21,0),"") | F46: =IFERROR(VLOOKUP($G46,'as of August 26'!$A$5:$V$195,8,0),"") | G46: {=IFERROR(INDEX('as of August 26'!$F$5:$F$195,SMALL(IF('as of August 26'!$B$5:$B$195="YES",ROW('as of August 26'!$B$5:$B$195)-MIN(ROW('as of August 26'!$B$5:$B$195))+1),ROW(38:38))),"")} | H46: =IFERROR(VLOOKUP($G46,'as of August 26'!$A$5:$V$195,4,0),"") | I46: =IFERROR(IF(ISBLANK(K46),"",VLOOKUP($G46,'as of August 26'!$A$5:$V$195,16,0)-J46),"") | J46: =IFERROR(VLOOKUP($G46,'as of August 26'!$A$5:$V$195,13,0),"") | K46: =IFERROR(VLOOKUP($G46,'as of August 26'!$A$5:$X$195,23,0),"")
A47: =IFERROR(VLOOKUP($G47,'as of August 26'!$A$5:$V$195,3,0),"") | B47: =IFERROR(VLOOKUP($G47,'as of August 26'!$A$5:$V$195,5,0),"") | C47: =IFERROR(VLOOKUP($G47,'as of August 26'!$A$5:$V$195,19,0),"") | D47: =IFERROR(VLOOKUP($G47,'as of August 26'!$A$5:$V$195,20,0),"") | E47: =IFERROR(VLOOKUP($G47,'as of August 26'!$A$5:$V$195,21,0),"") | F47: =IFERROR(VLOOKUP($G47,'as of August 26'!$A$5:$V$195,8,0),"") | G47: {=IFERROR(INDEX('as of August 26'!$F$5:$F$195,SMALL(IF('as of August 26'!$B$5:$B$195="YES",ROW('as of August 26'!$B$5:$B$195)-MIN(ROW('as of August 26'!$B$5:$B$195))+1),ROW(39:39))),"")} | H47: =IFERROR(VLOOKUP($G47,'as of August 26'!$A$5:$V$195,4,0),"") | I47: =IFERROR(IF(ISBLANK(K47),"",VLOOKUP($G47,'as of August 26'!$A$5:$V$195,16,0)-J47),"") | J47: =IFERROR(VLOOKUP($G47,'as of August 26'!$A$5:$V$195,13,0),"") | K47: =IFERROR(VLOOKUP($G47,'as of August 26'!$A$5:$X$195,23,0),"")
A48: =IFERROR(VLOOKUP($G48,'as of August 26'!$A$5:$V$195,3,0),"") | B48: =IFERROR(VLOOKUP($G48,'as of August 26'!$A$5:$V$195,5,0),"") | C48: =IFERROR(VLOOKUP($G48,'as of August 26'!$A$5:$V$195,19,0),"") | D48: =IFERROR(VLOOKUP($G48,'as of August 26'!$A$5:$V$195,20,0),"") | E48: =IFERROR(VLOOKUP($G48,'as of August 26'!$A$5:$V$195,21,0),"") | F48: =IFERROR(VLOOKUP($G48,'as of August 26'!$A$5:$V$195,8,0),"") | G48: {=IFERROR(INDEX('as of August 26'!$F$5:$F$195,SMALL(IF('as of August 26'!$B$5:$B$195="YES",ROW('as of August 26'!$B$5:$B$195)-MIN(ROW('as of August 26'!$B$5:$B$195))+1),ROW(40:40))),"")} | H48: =IFERROR(VLOOKUP($G48,'as of August 26'!$A$5:$V$195,4,0),"") | I48: =IFERROR(IF(ISBLANK(K48),"",VLOOKUP($G48,'as of August 26'!$A$5:$V$195,16,0)-J48),"") | J48: =IFERROR(VLOOKUP($G48,'as of August 26'!$A$5:$V$195,13,0),"") | K48: =IFERROR(VLOOKUP($G48,'as of August 26'!$A$5:$X$195,23,0),"")
A49: =IFERROR(VLOOKUP($G49,'as of August 26'!$A$5:$V$195,3,0),"") | B49: =IFERROR(VLOOKUP($G49,'as of August 26'!$A$5:$V$195,5,0),"") | C49: =IFERROR(VLOOKUP($G49,'as of August 26'!$A$5:$V$195,19,0),"") | D49: =IFERROR(VLOOKUP($G49,'as of August 26'!$A$5:$V$195,20,0),"") | E49: =IFERROR(VLOOKUP($G49,'as of August 26'!$A$5:$V$195,21,0),"") | F49: =IFERROR(VLOOKUP($G49,'as of August 26'!$A$5:$V$195,8,0),"") | G49: {=IFERROR(INDEX('as of August 26'!$F$5:$F$195,SMALL(IF('as of August 26'!$B$5:$B$195="YES",ROW('as of August 26'!$B$5:$B$195)-MIN(ROW('as of August 26'!$B$5:$B$195))+1),ROW(41:41))),"")} | H49: =IFERROR(VLOOKUP($G49,'as of August 26'!$A$5:$V$195,4,0),"") | I49: =IFERROR(IF(ISBLANK(K49),"",VLOOKUP($G49,'as of August 26'!$A$5:$V$195,16,0)-J49),"") | J49: =IFERROR(VLOOKUP($G49,'as of August 26'!$A$5:$V$195,13,0),"") | K49: =IFERROR(VLOOKUP($G49,'as of August 26'!$A$5:$X$195,23,0),"")
A50: =IFERROR(VLOOKUP($G50,'as of August 26'!$A$5:$V$195,3,0),"") | B50: =IFERROR(VLOOKUP($G50,'as of August 26'!$A$5:$V$195,5,0),"") | C50: =IFERROR(VLOOKUP($G50,'as of August 26'!$A$5:$V$195,19,0),"") | D50: =IFERROR(VLOOKUP($G50,'as of August 26'!$A$5:$V$195,20,0),"") | E50: =IFERROR(VLOOKUP($G50,'as of August 26'!$A$5:$V$195,21,0),"") | F50: =IFERROR(VLOOKUP($G50,'as of August 26'!$A$5:$V$195,8,0),"") | G50: {=IFERROR(INDEX('as of August 26'!$F$5:$F$195,SMALL(IF('as of August 26'!$B$5:$B$195="YES",ROW('as of August 26'!$B$5:$B$195)-MIN(ROW('as of August 26'!$B$5:$B$195))+1),ROW(42:42))),"")} | H50: =IFERROR(VLOOKUP($G50,'as of August 26'!$A$5:$V$195,4,0),"") | I50: =IFERROR(IF(ISBLANK(K50),"",VLOOKUP($G50,'as of August 26'!$A$5:$V$195,16,0)-J50),"") | J50: =IFERROR(VLOOKUP($G50,'as of August 26'!$A$5:$V$195,13,0),"") | K50: =IFERROR(VLOOKUP($G50,'as of August 26'!$A$5:$X$195,23,0),"")
A51: =IFERROR(VLOOKUP($G51,'as of August 26'!$A$5:$V$195,3,0),"") | B51: =IFERROR(VLOOKUP($G51,'as of August 26'!$A$5:$V$195,5,0),"") | C51: =IFERROR(VLOOKUP($G51,'as of August 26'!$A$5:$V$195,19,0),"") | D51: =IFERROR(VLOOKUP($G51,'as of August 26'!$A$5:$V$195,20,0),"") | E51: =IFERROR(VLOOKUP($G51,'as of August 26'!$A$5:$V$195,21,0),"") | F51: =IFERROR(VLOOKUP($G51,'as of August 26'!$A$5:$V$195,8,0),"") | G51: {=IFERROR(INDEX('as of August 26'!$F$5:$F$195,SMALL(IF('as of August 26'!$B$5:$B$195="YES",ROW('as of August 26'!$B$5:$B$195)-MIN(ROW('as of August 26'!$B$5:$B$195))+1),ROW(43:43))),"")} | H51: =IFERROR(VLOOKUP($G51,'as of August 26'!$A$5:$V$195,4,0),"") | I51: =IFERROR(IF(ISBLANK(K51),"",VLOOKUP($G51,'as of August 26'!$A$5:$V$195,16,0)-J51),"") | J51: =IFERROR(VLOOKUP($G51,'as of August 26'!$A$5:$V$195,13,0),"") | K51: =IFERROR(VLOOKUP($G51,'as of August 26'!$A$5:$X$195,23,0),"")
A52: =IFERROR(VLOOKUP($G52,'as of August 26'!$A$5:$V$195,3,0),"") | B52: =IFERROR(VLOOKUP($G52,'as of August 26'!$A$5:$V$195,5,0),"") | C52: =IFERROR(VLOOKUP($G52,'as of August 26'!$A$5:$V$195,19,0),"") | D52: =IFERROR(VLOOKUP($G52,'as of August 26'!$A$5:$V$195,20,0),"") | E52: =IFERROR(VLOOKUP($G52,'as of August 26'!$A$5:$V$195,21,0),"") | F52: =IFERROR(VLOOKUP($G52,'as of August 26'!$A$5:$V$195,8,0),"") | G52: {=IFERROR(INDEX('as of August 26'!$F$5:$F$195,SMALL(IF('as of August 26'!$B$5:$B$195="YES",ROW('as of August 26'!$B$5:$B$195)-MIN(ROW('as of August 26'!$B$5:$B$195))+1),ROW(44:44))),"")} | H52: =IFERROR(VLOOKUP($G52,'as of August 26'!$A$5:$V$195,4,0),"") | I52: =IFERROR(IF(ISBLANK(K52),"",VLOOKUP($G52,'as of August 26'!$A$5:$V$195,16,0)-J52),"") | J52: =IFERROR(VLOOKUP($G52,'as of August 26'!$A$5:$V$195,13,0),"") | K52: =IFERROR(VLOOKUP($G52,'as of August 26'!$A$5:$X$195,23,0),"")
A53: =IFERROR(VLOOKUP($G53,'as of August 26'!$A$5:$V$195,3,0),"") | B53: =IFERROR(VLOOKUP($G53,'as of August 26'!$A$5:$V$195,5,0),"") | C53: =IFERROR(VLOOKUP($G53,'as of August 26'!$A$5:$V$195,19,0),"") | D53: =IFERROR(VLOOKUP($G53,'as of August 26'!$A$5:$V$195,20,0),"") | E53: =IFERROR(VLOOKUP($G53,'as of August 26'!$A$5:$V$195,21,0),"") | F53: =IFERROR(VLOOKUP($G53,'as of August 26'!$A$5:$V$195,8,0),"") | G53: {=IFERROR(INDEX('as of August 26'!$F$5:$F$195,SMALL(IF('as of August 26'!$B$5:$B$195="YES",ROW('as of August 26'!$B$5:$B$195)-MIN(ROW('as of August 26'!$B$5:$B$195))+1),ROW(45:45))),"")} | H53: =IFERROR(VLOOKUP($G53,'as of August 26'!$A$5:$V$195,4,0),"") | I53: =IFERROR(IF(ISBLANK(K53),"",VLOOKUP($G53,'as of August 26'!$A$5:$V$195,16,0)-J53),"") | J53: =IFERROR(VLOOKUP($G53,'as of August 26'!$A$5:$V$195,13,0),"") | K53: =IFERROR(VLOOKUP($G53,'as of August 26'!$A$5:$X$195,23,0),"")
A54: =IFERROR(VLOOKUP($G54,'as of August 26'!$A$5:$V$195,3,0),"") | B54: =IFERROR(VLOOKUP($G54,'as of August 26'!$A$5:$V$195,5,0),"") | C54: =IFERROR(VLOOKUP($G54,'as of August 26'!$A$5:$V$195,19,0),"") | D54: =IFERROR(VLOOKUP($G54,'as of August 26'!$A$5:$V$195,20,0),"") | E54: =IFERROR(VLOOKUP($G54,'as of August 26'!$A$5:$V$195,21,0),"") | F54: =IFERROR(VLOOKUP($G54,'as of August 26'!$A$5:$V$195,8,0),"") | G54: {=IFERROR(INDEX('as of August 26'!$F$5:$F$195,SMALL(IF('as of August 26'!$B$5:$B$195="YES",ROW('as of August 26'!$B$5:$B$195)-MIN(ROW('as of August 26'!$B$5:$B$195))+1),ROW(46:46))),"")} | H54: =IFERROR(VLOOKUP($G54,'as of August 26'!$A$5:$V$195,4,0),"") | I54: =IFERROR(IF(ISBLANK(K54),"",VLOOKUP($G54,'as of August 26'!$A$5:$V$195,16,0)-J54),"") | J54: =IFERROR(VLOOKUP($G54,'as of August 26'!$A$5:$V$195,13,0),"") | K54: =IFERROR(VLOOKUP($G54,'as of August 26'!$A$5:$X$195,23,0),"")
A55: =IFERROR(VLOOKUP($G55,'as of August 26'!$A$5:$V$195,3,0),"") | B55: =IFERROR(VLOOKUP($G55,'as of August 26'!$A$5:$V$195,5,0),"") | C55: =IFERROR(VLOOKUP($G55,'as of August 26'!$A$5:$V$195,19,0),"") | D55: =IFERROR(VLOOKUP($G55,'as of August 26'!$A$5:$V$195,20,0),"") | E55: =IFERROR(VLOOKUP($G55,'as of August 26'!$A$5:$V$195,21,0),"") | F55: =IFERROR(VLOOKUP($G55,'as of August 26'!$A$5:$V$195,8,0),"") | G55: {=IFERROR(INDEX('as of August 26'!$F$5:$F$195,SMALL(IF('as of August 26'!$B$5:$B$195="YES",ROW('as of August 26'!$B$5:$B$195)-MIN(ROW('as of August 26'!$B$5:$B$195))+1),ROW(47:47))),"")} | H55: =IFERROR(VLOOKUP($G55,'as of August 26'!$A$5:$V$195,4,0),"") | I55: =IFERROR(IF(ISBLANK(K55),"",VLOOKUP($G55,'as of August 26'!$A$5:$V$195,16,0)-J55),"") | J55: =IFERROR(VLOOKUP($G55,'as of August 26'!$A$5:$V$195,13,0),"") | K55: =IFERROR(VLOOKUP($G55,'as of August 26'!$A$5:$X$195,23,0),"")
A56: =IFERROR(VLOOKUP($G56,'as of August 26'!$A$5:$V$195,3,0),"") | B56: =IFERROR(VLOOKUP($G56,'as of August 26'!$A$5:$V$195,5,0),"") | C56: =IFERROR(VLOOKUP($G56,'as of August 26'!$A$5:$V$195,19,0),"") | D56: =IFERROR(VLOOKUP($G56,'as of August 26'!$A$5:$V$195,20,0),"") | E56: =IFERROR(VLOOKUP($G56,'as of August 26'!$A$5:$V$195,21,0),"") | F56: =IFERROR(VLOOKUP($G56,'as of August 26'!$A$5:$V$195,8,0),"") | G56: {=IFERROR(INDEX('as of August 26'!$F$5:$F$195,SMALL(IF('as of August 26'!$B$5:$B$195="YES",ROW('as of August 26'!$B$5:$B$195)-MIN(ROW('as of August 26'!$B$5:$B$195))+1),ROW(48:48))),"")} | H56: =IFERROR(VLOOKUP($G56,'as of August 26'!$A$5:$V$195,4,0),"") | I56: =IFERROR(IF(ISBLANK(K56),"",VLOOKUP($G56,'as of August 26'!$A$5:$V$195,16,0)-J56),"") | J56: =IFERROR(VLOOKUP($G56,'as of August 26'!$A$5:$V$195,13,0),"") | K56: =IFERROR(VLOOKUP($G56,'as of August 26'!$A$5:$X$195,23,0),"")
A57: =IFERROR(VLOOKUP($G57,'as of August 26'!$A$5:$V$195,3,0),"") | B57: =IFERROR(VLOOKUP($G57,'as of August 26'!$A$5:$V$195,5,0),"") | C57: =IFERROR(VLOOKUP($G57,'as of August 26'!$A$5:$V$195,19,0),"") | D57: =IFERROR(VLOOKUP($G57,'as of August 26'!$A$5:$V$195,20,0),"") | E57: =IFERROR(VLOOKUP($G57,'as of August 26'!$A$5:$V$195,21,0),"") | F57: =IFERROR(VLOOKUP($G57,'as of August 26'!$A$5:$V$195,8,0),"") | G57: {=IFERROR(INDEX('as of August 26'!$F$5:$F$195,SMALL(IF('as of August 26'!$B$5:$B$195="YES",ROW('as of August 26'!$B$5:$B$195)-MIN(ROW('as of August 26'!$B$5:$B$195))+1),ROW(49:49))),"")} | H57: =IFERROR(VLOOKUP($G57,'as of August 26'!$A$5:$V$195,4,0),"") | I57: =IFERROR(IF(ISBLANK(K57),"",VLOOKUP($G57,'as of August 26'!$A$5:$V$195,16,0)-J57),"") | J57: =IFERROR(VLOOKUP($G57,'as of August 26'!$A$5:$V$195,13,0),"") | K57: =IFERROR(VLOOKUP($G57,'as of August 26'!$A$5:$X$195,23,0),"")
A58: =IFERROR(VLOOKUP($G58,'as of August 26'!$A$5:$V$195,3,0),"") | B58: =IFERROR(VLOOKUP($G58,'as of August 26'!$A$5:$V$195,5,0),"") | C58: =IFERROR(VLOOKUP($G58,'as of August 26'!$A$5:$V$195,19,0),"") | D58: =IFERROR(VLOOKUP($G58,'as of August 26'!$A$5:$V$195,20,0),"") | E58: =IFERROR(VLOOKUP($G58,'as of August 26'!$A$5:$V$195,21,0),"") | F58: =IFERROR(VLOOKUP($G58,'as of August 26'!$A$5:$V$195,8,0),"") | G58: {=IFERROR(INDEX('as of August 26'!$F$5:$F$195,SMALL(IF('as of August 26'!$B$5:$B$195="YES",ROW('as of August 26'!$B$5:$B$195)-MIN(ROW('as of August 26'!$B$5:$B$195))+1),ROW(50:50))),"")} | H58: =IFERROR(VLOOKUP($G58,'as of August 26'!$A$5:$V$195,4,0),"") | I58: =IFERROR(IF(ISBLANK(K58),"",VLOOKUP($G58,'as of August 26'!$A$5:$V$195,16,0)-J58),"") | J58: =IFERROR(VLOOKUP($G58,'as of August 26'!$A$5:$V$195,13,0),"") | K58: =IFERROR(VLOOKUP($G58,'as of August 26'!$A$5:$X$195,23,0),"")
A59: =IFERROR(VLOOKUP($G59,'as of August 26'!$A$5:$V$195,3,0),"") | B59: =IFERROR(VLOOKUP($G59,'as of August 26'!$A$5:$V$195,5,0),"") | C59: =IFERROR(VLOOKUP($G59,'as of August 26'!$A$5:$V$195,19,0),"") | D59: =IFERROR(VLOOKUP($G59,'as of August 26'!$A$5:$V$195,20,0),"") | E59: =IFERROR(VLOOKUP($G59,'as of August 26'!$A$5:$V$195,21,0),"") | F59: =IFERROR(VLOOKUP($G59,'as of August 26'!$A$5:$V$195,8,0),"") | G59: {=IFERROR(INDEX('as of August 26'!$F$5:$F$195,SMALL(IF('as of August 26'!$B$5:$B$195="YES",ROW('as of August 26'!$B$5:$B$195)-MIN(ROW('as of August 26'!$B$5:$B$195))+1),ROW(51:51))),"")} | H59: =IFERROR(VLOOKUP($G59,'as of August 26'!$A$5:$V$195,4,0),"") | I59: =IFERROR(IF(ISBLANK(K59),"",VLOOKUP($G59,'as of August 26'!$A$5:$V$195,16,0)-J59),"") | J59: =IFERROR(VLOOKUP($G59,'as of August 26'!$A$5:$V$195,13,0),"") | K59: =IFERROR(VLOOKUP($G59,'as of August 26'!$A$5:$X$195,23,0),"")
A60: =IFERROR(VLOOKUP($G60,'as of August 26'!$A$5:$V$195,3,0),"") | B60: =IFERROR(VLOOKUP($G60,'as of August 26'!$A$5:$V$195,5,0),"") | C60: =IFERROR(VLOOKUP($G60,'as of August 26'!$A$5:$V$195,19,0),"") | D60: =IFERROR(VLOOKUP($G60,'as of August 26'!$A$5:$V$195,20,0),"") | E60: =IFERROR(VLOOKUP($G60,'as of August 26'!$A$5:$V$195,21,0),"") | F60: =IFERROR(VLOOKUP($G60,'as of August 26'!$A$5:$V$195,8,0),"") | G60: {=IFERROR(INDEX('as of August 26'!$F$5:$F$195,SMALL(IF('as of August 26'!$B$5:$B$195="YES",ROW('as of August 26'!$B$5:$B$195)-MIN(ROW('as of August 26'!$B$5:$B$195))+1),ROW(52:52))),"")} | H60: =IFERROR(VLOOKUP($G60,'as of August 26'!$A$5:$V$195,4,0),"") | I60: =IFERROR(IF(ISBLANK(K60),"",VLOOKUP($G60,'as of August 26'!$A$5:$V$195,16,0)-J60),"") | J60: =IFERROR(VLOOKUP($G60,'as of August 26'!$A$5:$V$195,13,0),"") | K60: =IFERROR(VLOOKUP($G60,'as of August 26'!$A$5:$X$195,23,0),"")
A61: =IFERROR(VLOOKUP($G61,'as of August 26'!$A$5:$V$195,3,0),"") | B61: =IFERROR(VLOOKUP($G61,'as of August 26'!$A$5:$V$195,5,0),"") | C61: =IFERROR(VLOOKUP($G61,'as of August 26'!$A$5:$V$195,19,0),"") | D61: =IFERROR(VLOOKUP($G61,'as of August 26'!$A$5:$V$195,20,0),"") | E61: =IFERROR(VLOOKUP($G61,'as of August 26'!$A$5:$V$195,21,0),"") | F61: =IFERROR(VLOOKUP($G61,'as of August 26'!$A$5:$V$195,8,0),"") | G61: {=IFERROR(INDEX('as of August 26'!$F$5:$F$195,SMALL(IF('as of August 26'!$B$5:$B$195="YES",ROW('as of August 26'!$B$5:$B$195)-MIN(ROW('as of August 26'!$B$5:$B$195))+1),ROW(53:53))),"")} | H61: =IFERROR(VLOOKUP($G61,'as of August 26'!$A$5:$V$195,4,0),"") | I61: =IFERROR(IF(ISBLANK(K61),"",VLOOKUP($G61,'as of August 26'!$A$5:$V$195,16,0)-J61),"") | J61: =IFERROR(VLOOKUP($G61,'as of August 26'!$A$5:$V$195,13,0),"") | K61: =IFERROR(VLOOKUP($G61,'as of August 26'!$A$5:$X$195,23,0),"")
A62: =IFERROR(VLOOKUP($G62,'as of August 26'!$A$5:$V$195,3,0),"") | B62: =IFERROR(VLOOKUP($G62,'as of August 26'!$A$5:$V$195,5,0),"") | C62: =IFERROR(VLOOKUP($G62,'as of August 26'!$A$5:$V$195,19,0),"") | D62: =IFERROR(VLOOKUP($G62,'as of August 26'!$A$5:$V$195,20,0),"") | E62: =IFERROR(VLOOKUP($G62,'as of August 26'!$A$5:$V$195,21,0),"") | F62: =IFERROR(VLOOKUP($G62,'as of August 26'!$A$5:$V$195,8,0),"") | G62: {=IFERROR(INDEX('as of August 26'!$F$5:$F$195,SMALL(IF('as of August 26'!$B$5:$B$195="YES",ROW('as of August 26'!$B$5:$B$195)-MIN(ROW('as of August 26'!$B$5:$B$195))+1),ROW(54:54))),"")} | H62: =IFERROR(VLOOKUP($G62,'as of August 26'!$A$5:$V$195,4,0),"") | I62: =IFERROR(IF(ISBLANK(K62),"",VLOOKUP($G62,'as of August 26'!$A$5:$V$195,16,0)-J62),"") | J62: =IFERROR(VLOOKUP($G62,'as of August 26'!$A$5:$V$195,13,0),"") | K62: =IFERROR(VLOOKUP($G62,'as of August 26'!$A$5:$X$195,23,0),"")
A63: =IFERROR(VLOOKUP($G63,'as of August 26'!$A$5:$V$195,3,0),"") | B63: =IFERROR(VLOOKUP($G63,'as of August 26'!$A$5:$V$195,5,0),"") | C63: =IFERROR(VLOOKUP($G63,'as of August 26'!$A$5:$V$195,19,0),"") | D63: =IFERROR(VLOOKUP($G63,'as of August 26'!$A$5:$V$195,20,0),"") | E63: =IFERROR(VLOOKUP($G63,'as of August 26'!$A$5:$V$195,21,0),"") | F63: =IFERROR(VLOOKUP($G63,'as of August 26'!$A$5:$V$195,8,0),"") | G63: {=IFERROR(INDEX('as of August 26'!$F$5:$F$195,SMALL(IF('as of August 26'!$B$5:$B$195="YES",ROW('as of August 26'!$B$5:$B$195)-MIN(ROW('as of August 26'!$B$5:$B$195))+1),ROW(55:55))),"")} | H63: =IFERROR(VLOOKUP($G63,'as of August 26'!$A$5:$V$195,4,0),"") | I63: =IFERROR(IF(ISBLANK(K63),"",VLOOKUP($G63,'as of August 26'!$A$5:$V$195,16,0)-J63),"") | J63: =IFERROR(VLOOKUP($G63,'as of August 26'!$A$5:$V$195,13,0),"") | K63: =IFERROR(VLOOKUP($G63,'as of August 26'!$A$5:$X$195,23,0),"")
A64: =IFERROR(VLOOKUP($G64,'as of August 26'!$A$5:$V$195,3,0),"") | B64: =IFERROR(VLOOKUP($G64,'as of August 26'!$A$5:$V$195,5,0),"") | C64: =IFERROR(VLOOKUP($G64,'as of August 26'!$A$5:$V$195,19,0),"") | D64: =IFERROR(VLOOKUP($G64,'as of August 26'!$A$5:$V$195,20,0),"") | E64: =IFERROR(VLOOKUP($G64,'as of August 26'!$A$5:$V$195,21,0),"") | F64: =IFERROR(VLOOKUP($G64,'as of August 26'!$A$5:$V$195,8,0),"") | G64: {=IFERROR(INDEX('as of August 26'!$F$5:$F$195,SMALL(IF('as of August 26'!$B$5:$B$195="YES",ROW('as of August 26'!$B$5:$B$195)-MIN(ROW('as of August 26'!$B$5:$B$195))+1),ROW(56:56))),"")} | H64: =IFERROR(VLOOKUP($G64,'as of August 26'!$A$5:$V$195,4,0),"") | I64: =IFERROR(IF(ISBLANK(K64),"",VLOOKUP($G64,'as of August 26'!$A$5:$V$195,16,0)-J64),"") | J64: =IFERROR(VLOOKUP($G64,'as of August 26'!$A$5:$V$195,13,0),"") | K64: =IFERROR(VLOOKUP($G64,'as of August 26'!$A$5:$X$195,23,0),"")
A65: =IFERROR(VLOOKUP($G65,'as of August 26'!$A$5:$V$195,3,0),"") | B65: =IFERROR(VLOOKUP($G65,'as of August 26'!$A$5:$V$195,5,0),"") | C65: =IFERROR(VLOOKUP($G65,'as of August 26'!$A$5:$V$195,19,0),"") | D65: =IFERROR(VLOOKUP($G65,'as of August 26'!$A$5:$V$195,20,0),"") | E65: =IFERROR(VLOOKUP($G65,'as of August 26'!$A$5:$V$195,21,0),"") | F65: =IFERROR(VLOOKUP($G65,'as of August 26'!$A$5:$V$195,8,0),"") | G65: {=IFERROR(INDEX('as of August 26'!$F$5:$F$195,SMALL(IF('as of August 26'!$B$5:$B$195="YES",ROW('as of August 26'!$B$5:$B$195)-MIN(ROW('as of August 26'!$B$5:$B$195))+1),ROW(57:57))),"")} | H65: =IFERROR(VLOOKUP($G65,'as of August 26'!$A$5:$V$195,4,0),"") | I65: =IFERROR(IF(ISBLANK(K65),"",VLOOKUP($G65,'as of August 26'!$A$5:$V$195,16,0)-J65),"") | J65: =IFERROR(VLOOKUP($G65,'as of August 26'!$A$5:$V$195,13,0),"") | K65: =IFERROR(VLOOKUP($G65,'as of August 26'!$A$5:$X$195,23,0),"")
A66: =IFERROR(VLOOKUP($G66,'as of August 26'!$A$5:$V$195,3,0),"") | B66: =IFERROR(VLOOKUP($G66,'as of August 26'!$A$5:$V$195,5,0),"") | C66: =IFERROR(VLOOKUP($G66,'as of August 26'!$A$5:$V$195,19,0),"") | D66: =IFERROR(VLOOKUP($G66,'as of August 26'!$A$5:$V$195,20,0),"") | E66: =IFERROR(VLOOKUP($G66,'as of August 26'!$A$5:$V$195,21,0),"") | F66: =IFERROR(VLOOKUP($G66,'as of August 26'!$A$5:$V$195,8,0),"") | G66: {=IFERROR(INDEX('as of August 26'!$F$5:$F$195,SMALL(IF('as of August 26'!$B$5:$B$195="YES",ROW('as of August 26'!$B$5:$B$195)-MIN(ROW('as of August 26'!$B$5:$B$195))+1),ROW(58:58))),"")} | H66: =IFERROR(VLOOKUP($G66,'as of August 26'!$A$5:$V$195,4,0),"") | I66: =IFERROR(IF(ISBLANK(K66),"",VLOOKUP($G66,'as of August 26'!$A$5:$V$195,16,0)-J66),"") | J66: =IFERROR(VLOOKUP($G66,'as of August 26'!$A$5:$V$195,13,0),"") | K66: =IFERROR(VLOOKUP($G66,'as of August 26'!$A$5:$X$195,23,0),"")
A67: =IFERROR(VLOOKUP($G67,'as of August 26'!$A$5:$V$195,3,0),"") | B67: =IFERROR(VLOOKUP($G67,'as of August 26'!$A$5:$V$195,5,0),"") | C67: =IFERROR(VLOOKUP($G67,'as of August 26'!$A$5:$V$195,19,0),"") | D67: =IFERROR(VLOOKUP($G67,'as of August 26'!$A$5:$V$195,20,0),"") | E67: =IFERROR(VLOOKUP($G67,'as of August 26'!$A$5:$V$195,21,0),"") | F67: =IFERROR(VLOOKUP($G67,'as of August 26'!$A$5:$V$195,8,0),"") | G67: {=IFERROR(INDEX('as of August 26'!$F$5:$F$195,SMALL(IF('as of August 26'!$B$5:$B$195="YES",ROW('as of August 26'!$B$5:$B$195)-MIN(ROW('as of August 26'!$B$5:$B$195))+1),ROW(59:59))),"")} | H67: =IFERROR(VLOOKUP($G67,'as of August 26'!$A$5:$V$195,4,0),"") | I67: =IFERROR(IF(ISBLANK(K67),"",VLOOKUP($G67,'as of August 26'!$A$5:$V$195,16,0)-J67),"") | J67: =IFERROR(VLOOKUP($G67,'as of August 26'!$A$5:$V$195,13,0),"") | K67: =IFERROR(VLOOKUP($G67,'as of August 26'!$A$5:$X$195,23,0),"")
A68: =IFERROR(VLOOKUP($G68,'as of August 26'!$A$5:$V$195,3,0),"") | B68: =IFERROR(VLOOKUP($G68,'as of August 26'!$A$5:$V$195,5,0),"") | C68: =IFERROR(VLOOKUP($G68,'as of August 26'!$A$5:$V$195,19,0),"") | D68: =IFERROR(VLOOKUP($G68,'as of August 26'!$A$5:$V$195,20,0),"") | E68: =IFERROR(VLOOKUP($G68,'as of August 26'!$A$5:$V$195,21,0),"") | F68: =IFERROR(VLOOKUP($G68,'as of August 26'!$A$5:$V$195,8,0),"") | G68: {=IFERROR(INDEX('as of August 26'!$F$5:$F$195,SMALL(IF('as of August 26'!$B$5:$B$195="YES",ROW('as of August 26'!$B$5:$B$195)-MIN(ROW('as of August 26'!$B$5:$B$195))+1),ROW(60:60))),"")} | H68: =IFERROR(VLOOKUP($G68,'as of August 26'!$A$5:$V$195,4,0),"") | I68: =IFERROR(IF(ISBLANK(K68),"",VLOOKUP($G68,'as of August 26'!$A$5:$V$195,16,0)-J68),"") | J68: =IFERROR(VLOOKUP($G68,'as of August 26'!$A$5:$V$195,13,0),"") | K68: =IFERROR(VLOOKUP($G68,'as of August 26'!$A$5:$X$195,23,0),"")
A69: =IFERROR(VLOOKUP($G69,'as of August 26'!$A$5:$V$195,3,0),"") | B69: =IFERROR(VLOOKUP($G69,'as of August 26'!$A$5:$V$195,5,0),"") | C69: =IFERROR(VLOOKUP($G69,'as of August 26'!$A$5:$V$195,19,0),"") | D69: =IFERROR(VLOOKUP($G69,'as of August 26'!$A$5:$V$195,20,0),"") | E69: =IFERROR(VLOOKUP($G69,'as of August 26'!$A$5:$V$195,21,0),"") | F69: =IFERROR(VLOOKUP($G69,'as of August 26'!$A$5:$V$195,8,0),"") | G69: {=IFERROR(INDEX('as of August 26'!$F$5:$F$195,SMALL(IF('as of August 26'!$B$5:$B$195="YES",ROW('as of August 26'!$B$5:$B$195)-MIN(ROW('as of August 26'!$B$5:$B$195))+1),ROW(61:61))),"")} | H69: =IFERROR(VLOOKUP($G69,'as of August 26'!$A$5:$V$195,4,0),"") | I69: =IFERROR(IF(ISBLANK(K69),"",VLOOKUP($G69,'as of August 26'!$A$5:$V$195,16,0)-J69),"") | J69: =IFERROR(VLOOKUP($G69,'as of August 26'!$A$5:$V$195,13,0),"") | K69: =IFERROR(VLOOKUP($G69,'as of August 26'!$A$5:$X$195,23,0),"")
A70: =IFERROR(VLOOKUP($G70,'as of August 26'!$A$5:$V$195,3,0),"") | B70: =IFERROR(VLOOKUP($G70,'as of August 26'!$A$5:$V$195,5,0),"") | C70: =IFERROR(VLOOKUP($G70,'as of August 26'!$A$5:$V$195,19,0),"") | D70: =IFERROR(VLOOKUP($G70,'as of August 26'!$A$5:$V$195,20,0),"") | E70: =IFERROR(VLOOKUP($G70,'as of August 26'!$A$5:$V$195,21,0),"") | F70: =IFERROR(VLOOKUP($G70,'as of August 26'!$A$5:$V$195,8,0),"") | G70: {=IFERROR(INDEX('as of August 26'!$F$5:$F$195,SMALL(IF('as of August 26'!$B$5:$B$195="YES",ROW('as of August 26'!$B$5:$B$195)-MIN(ROW('as of August 26'!$B$5:$B$195))+1),ROW(62:62))),"")} | H70: =IFERROR(VLOOKUP($G70,'as of August 26'!$A$5:$V$195,4,0),"") | I70: =IFERROR(IF(ISBLANK(K70),"",VLOOKUP($G70,'as of August 26'!$A$5:$V$195,16,0)-J70),"") | J70: =IFERROR(VLOOKUP($G70,'as of August 26'!$A$5:$V$195,13,0),"") | K70: =IFERROR(VLOOKUP($G70,'as of August 26'!$A$5:$X$195,23,0),"")
A71: =IFERROR(VLOOKUP($G71,'as of August 26'!$A$5:$V$195,3,0),"") | B71: =IFERROR(VLOOKUP($G71,'as of August 26'!$A$5:$V$195,5,0),"") | C71: =IFERROR(VLOOKUP($G71,'as of August 26'!$A$5:$V$195,19,0),"") | D71: =IFERROR(VLOOKUP($G71,'as of August 26'!$A$5:$V$195,20,0),"") | E71: =IFERROR(VLOOKUP($G71,'as of August 26'!$A$5:$V$195,21,0),"") | F71: =IFERROR(VLOOKUP($G71,'as of August 26'!$A$5:$V$195,8,0),"") | G71: {=IFERROR(INDEX('as of August 26'!$F$5:$F$195,SMALL(IF('as of August 26'!$B$5:$B$195="YES",ROW('as of August 26'!$B$5:$B$195)-MIN(ROW('as of August 26'!$B$5:$B$195))+1),ROW(63:63))),"")} | H71: =IFERROR(VLOOKUP($G71,'as of August 26'!$A$5:$V$195,4,0),"") | I71: =IFERROR(IF(ISBLANK(K71),"",VLOOKUP($G71,'as of August 26'!$A$5:$V$195,16,0)-J71),"") | J71: =IFERROR(VLOOKUP($G71,'as of August 26'!$A$5:$V$195,13,0),"") | K71: =IFERROR(VLOOKUP($G71,'as of August 26'!$A$5:$X$195,23,0),"")
A72: =IFERROR(VLOOKUP($G72,'as of August 26'!$A$5:$V$195,3,0),"") | B72: =IFERROR(VLOOKUP($G72,'as of August 26'!$A$5:$V$195,5,0),"") | C72: =IFERROR(VLOOKUP($G72,'as of August 26'!$A$5:$V$195,19,0),"") | D72: =IFERROR(VLOOKUP($G72,'as of August 26'!$A$5:$V$195,20,0),"") | E72: =IFERROR(VLOOKUP($G72,'as of August 26'!$A$5:$V$195,21,0),"") | F72: =IFERROR(VLOOKUP($G72,'as of August 26'!$A$5:$V$195,8,0),"") | G72: {=IFERROR(INDEX('as of August 26'!$F$5:$F$195,SMALL(IF('as of August 26'!$B$5:$B$195="YES",ROW('as of August 26'!$B$5:$B$195)-MIN(ROW('as of August 26'!$B$5:$B$195))+1),ROW(64:64))),"")} | H72: =IFERROR(VLOOKUP($G72,'as of August 26'!$A$5:$V$195,4,0),"") | I72: =IFERROR(IF(ISBLANK(K72),"",VLOOKUP($G72,'as of August 26'!$A$5:$V$195,16,0)-J72),"") | J72: =IFERROR(VLOOKUP($G72,'as of August 26'!$A$5:$V$195,13,0),"") | K72: =IFERROR(VLOOKUP($G72,'as of August 26'!$A$5:$X$195,23,0),"")
A73: =IFERROR(VLOOKUP($G73,'as of August 26'!$A$5:$V$195,3,0),"") | B73: =IFERROR(VLOOKUP($G73,'as of August 26'!$A$5:$V$195,5,0),"") | C73: =IFERROR(VLOOKUP($G73,'as of August 26'!$A$5:$V$195,19,0),"") | D73: =IFERROR(VLOOKUP($G73,'as of August 26'!$A$5:$V$195,20,0),"") | E73: =IFERROR(VLOOKUP($G73,'as of August 26'!$A$5:$V$195,21,0),"") | F73: =IFERROR(VLOOKUP($G73,'as of August 26'!$A$5:$V$195,8,0),"") | G73: {=IFERROR(INDEX('as of August 26'!$F$5:$F$195,SMALL(IF('as of August 26'!$B$5:$B$195="YES",ROW('as of August 26'!$B$5:$B$195)-MIN(ROW('as of August 26'!$B$5:$B$195))+1),ROW(65:65))),"")} | H73: =IFERROR(VLOOKUP($G73,'as of August 26'!$A$5:$V$195,4,0),"") | I73: =IFERROR(IF(ISBLANK(K73),"",VLOOKUP($G73,'as of August 26'!$A$5:$V$195,16,0)-J73),"") | J73: =IFERROR(VLOOKUP($G73,'as of August 26'!$A$5:$V$195,13,0),"") | K73: =IFERROR(VLOOKUP($G73,'as of August 26'!$A$5:$X$195,23,0),"")
A74: =IFERROR(VLOOKUP($G74,'as of August 26'!$A$5:$V$195,3,0),"") | B74: =IFERROR(VLOOKUP($G74,'as of August 26'!$A$5:$V$195,5,0),"") | C74: =IFERROR(VLOOKUP($G74,'as of August 26'!$A$5:$V$195,19,0),"") | D74: =IFERROR(VLOOKUP($G74,'as of August 26'!$A$5:$V$195,20,0),"") | E74: =IFERROR(VLOOKUP($G74,'as of August 26'!$A$5:$V$195,21,0),"") | F74: =IFERROR(VLOOKUP($G74,'as of August 26'!$A$5:$V$195,8,0),"") | G74: {=IFERROR(INDEX('as of August 26'!$F$5:$F$195,SMALL(IF('as of August 26'!$B$5:$B$195="YES",ROW('as of August 26'!$B$5:$B$195)-MIN(ROW('as of August 26'!$B$5:$B$195))+1),ROW(66:66))),"")} | H74: =IFERROR(VLOOKUP($G74,'as of August 26'!$A$5:$V$195,4,0),"") | I74: =IFERROR(IF(ISBLANK(K74),"",VLOOKUP($G74,'as of August 26'!$A$5:$V$195,16,0)-J74),"") | J74: =IFERROR(VLOOKUP($G74,'as of August 26'!$A$5:$V$195,13,0),"") | K74: =IFERROR(VLOOKUP($G74,'as of August 26'!$A$5:$X$195,23,0),"")
A75: =IFERROR(VLOOKUP($G75,'as of August 26'!$A$5:$V$195,3,0),"") | B75: =IFERROR(VLOOKUP($G75,'as of August 26'!$A$5:$V$195,5,0),"") | C75: =IFERROR(VLOOKUP($G75,'as of August 26'!$A$5:$V$195,19,0),"") | D75: =IFERROR(VLOOKUP($G75,'as of August 26'!$A$5:$V$195,20,0),"") | E75: =IFERROR(VLOOKUP($G75,'as of August 26'!$A$5:$V$195,21,0),"") | F75: =IFERROR(VLOOKUP($G75,'as of August 26'!$A$5:$V$195,8,0),"") | G75: {=IFERROR(INDEX('as of August 26'!$F$5:$F$195,SMALL(IF('as of August 26'!$B$5:$B$195="YES",ROW('as of August 26'!$B$5:$B$195)-MIN(ROW('as of August 26'!$B$5:$B$195))+1),ROW(67:67))),"")} | H75: =IFERROR(VLOOKUP($G75,'as of August 26'!$A$5:$V$195,4,0),"") | I75: =IFERROR(IF(ISBLANK(K75),"",VLOOKUP($G75,'as of August 26'!$A$5:$V$195,16,0)-J75),"") | J75: =IFERROR(VLOOKUP($G75,'as of August 26'!$A$5:$V$195,13,0),"") | K75: =IFERROR(VLOOKUP($G75,'as of August 26'!$A$5:$X$195,23,0),"")
A76: =IFERROR(VLOOKUP($G76,'as of August 26'!$A$5:$V$195,3,0),"") | B76: =IFERROR(VLOOKUP($G76,'as of August 26'!$A$5:$V$195,5,0),"") | C76: =IFERROR(VLOOKUP($G76,'as of August 26'!$A$5:$V$195,19,0),"") | D76: =IFERROR(VLOOKUP($G76,'as of August 26'!$A$5:$V$195,20,0),"") | E76: =IFERROR(VLOOKUP($G76,'as of August 26'!$A$5:$V$195,21,0),"") | F76: =IFERROR(VLOOKUP($G76,'as of August 26'!$A$5:$V$195,8,0),"") | G76: {=IFERROR(INDEX('as of August 26'!$F$5:$F$195,SMALL(IF('as of August 26'!$B$5:$B$195="YES",ROW('as of August 26'!$B$5:$B$195)-MIN(ROW('as of August 26'!$B$5:$B$195))+1),ROW(68:68))),"")} | H76: =IFERROR(VLOOKUP($G76,'as of August 26'!$A$5:$V$195,4,0),"") | I76: =IFERROR(IF(ISBLANK(K76),"",VLOOKUP($G76,'as of August 26'!$A$5:$V$195,16,0)-J76),"") | J76: =IFERROR(VLOOKUP($G76,'as of August 26'!$A$5:$V$195,13,0),"") | K76: =IFERROR(VLOOKUP($G76,'as of August 26'!$A$5:$X$195,23,0),"")
A77: =IFERROR(VLOOKUP($G77,'as of August 26'!$A$5:$V$195,3,0),"") | B77: =IFERROR(VLOOKUP($G77,'as of August 26'!$A$5:$V$195,5,0),"") | C77: =IFERROR(VLOOKUP($G77,'as of August 26'!$A$5:$V$195,19,0),"") | D77: =IFERROR(VLOOKUP($G77,'as of August 26'!$A$5:$V$195,20,0),"") | E77: =IFERROR(VLOOKUP($G77,'as of August 26'!$A$5:$V$195,21,0),"") | F77: =IFERROR(VLOOKUP($G77,'as of August 26'!$A$5:$V$195,8,0),"") | G77: {=IFERROR(INDEX('as of August 26'!$F$5:$F$195,SMALL(IF('as of August 26'!$B$5:$B$195="YES",ROW('as of August 26'!$B$5:$B$195)-MIN(ROW('as of August 26'!$B$5:$B$195))+1),ROW(69:69))),"")} | H77: =IFERROR(VLOOKUP($G77,'as of August 26'!$A$5:$V$195,4,0),"") | I77: =IFERROR(IF(ISBLANK(K77),"",VLOOKUP($G77,'as of August 26'!$A$5:$V$195,16,0)-J77),"") | J77: =IFERROR(VLOOKUP($G77,'as of August 26'!$A$5:$V$195,13,0),"") | K77: =IFERROR(VLOOKUP($G77,'as of August 26'!$A$5:$X$195,23,0),"")
A78: =IFERROR(VLOOKUP($G78,'as of August 26'!$A$5:$V$195,3,0),"") | B78: =IFERROR(VLOOKUP($G78,'as of August 26'!$A$5:$V$195,5,0),"") | C78: =IFERROR(VLOOKUP($G78,'as of August 26'!$A$5:$V$195,19,0),"") | D78: =IFERROR(VLOOKUP($G78,'as of August 26'!$A$5:$V$195,20,0),"") | E78: =IFERROR(VLOOKUP($G78,'as of August 26'!$A$5:$V$195,21,0),"") | F78: =IFERROR(VLOOKUP($G78,'as of August 26'!$A$5:$V$195,8,0),"") | G78: {=IFERROR(INDEX('as of August 26'!$F$5:$F$195,SMALL(IF('as of August 26'!$B$5:$B$195="YES",ROW('as of August 26'!$B$5:$B$195)-MIN(ROW('as of August 26'!$B$5:$B$195))+1),ROW(70:70))),"")} | H78: =IFERROR(VLOOKUP($G78,'as of August 26'!$A$5:$V$195,4,0),"") | I78: =IFERROR(IF(ISBLANK(K78),"",VLOOKUP($G78,'as of August 26'!$A$5:$V$195,16,0)-J78),"") | J78: =IFERROR(VLOOKUP($G78,'as of August 26'!$A$5:$V$195,13,0),"") | K78: =IFERROR(VLOOKUP($G78,'as of August 26'!$A$5:$X$195,23,0),"")
A79: =IFERROR(VLOOKUP($G79,'as of August 26'!$A$5:$V$195,3,0),"") | B79: =IFERROR(VLOOKUP($G79,'as of August 26'!$A$5:$V$195,5,0),"") | C79: =IFERROR(VLOOKUP($G79,'as of August 26'!$A$5:$V$195,19,0),"") | D79: =IFERROR(VLOOKUP($G79,'as of August 26'!$A$5:$V$195,20,0),"") | E79: =IFERROR(VLOOKUP($G79,'as of August 26'!$A$5:$V$195,21,0),"") | F79: =IFERROR(VLOOKUP($G79,'as of August 26'!$A$5:$V$195,8,0),"") | G79: {=IFERROR(INDEX('as of August 26'!$F$5:$F$195,SMALL(IF('as of August 26'!$B$5:$B$195="YES",ROW('as of August 26'!$B$5:$B$195)-MIN(ROW('as of August 26'!$B$5:$B$195))+1),ROW(71:71))),"")} | H79: =IFERROR(VLOOKUP($G79,'as of August 26'!$A$5:$V$195,4,0),"") | I79: =IFERROR(IF(ISBLANK(K79),"",VLOOKUP($G79,'as of August 26'!$A$5:$V$195,16,0)-J79),"") | J79: =IFERROR(VLOOKUP($G79,'as of August 26'!$A$5:$V$195,13,0),"") | K79: =IFERROR(VLOOKUP($G79,'as of August 26'!$A$5:$X$195,23,0),"")
A80: =IFERROR(VLOOKUP($G80,'as of August 26'!$A$5:$V$195,3,0),"") | B80: =IFERROR(VLOOKUP($G80,'as of August 26'!$A$5:$V$195,5,0),"") | C80: =IFERROR(VLOOKUP($G80,'as of August 26'!$A$5:$V$195,19,0),"") | D80: =IFERROR(VLOOKUP($G80,'as of August 26'!$A$5:$V$195,20,0),"") | E80: =IFERROR(VLOOKUP($G80,'as of August 26'!$A$5:$V$195,21,0),"") | F80: =IFERROR(VLOOKUP($G80,'as of August 26'!$A$5:$V$195,8,0),"") | G80: {=IFERROR(INDEX('as of August 26'!$F$5:$F$195,SMALL(IF('as of August 26'!$B$5:$B$195="YES",ROW('as of August 26'!$B$5:$B$195)-MIN(ROW('as of August 26'!$B$5:$B$195))+1),ROW(72:72))),"")} | H80: =IFERROR(VLOOKUP($G80,'as of August 26'!$A$5:$V$195,4,0),"") | I80: =IFERROR(IF(ISBLANK(K80),"",VLOOKUP($G80,'as of August 26'!$A$5:$V$195,16,0)-J80),"") | J80: =IFERROR(VLOOKUP($G80,'as of August 26'!$A$5:$V$195,13,0),"") | K80: =IFERROR(VLOOKUP($G80,'as of August 26'!$A$5:$X$195,23,0),"")
A81: =IFERROR(VLOOKUP($G81,'as of August 26'!$A$5:$V$195,3,0),"") | B81: =IFERROR(VLOOKUP($G81,'as of August 26'!$A$5:$V$195,5,0),"") | C81: =IFERROR(VLOOKUP($G81,'as of August 26'!$A$5:$V$195,19,0),"") | D81: =IFERROR(VLOOKUP($G81,'as of August 26'!$A$5:$V$195,20,0),"") | E81: =IFERROR(VLOOKUP($G81,'as of August 26'!$A$5:$V$195,21,0),"") | F81: =IFERROR(VLOOKUP($G81,'as of August 26'!$A$5:$V$195,8,0),"") | G81: {=IFERROR(INDEX('as of August 26'!$F$5:$F$195,SMALL(IF('as of August 26'!$B$5:$B$195="YES",ROW('as of August 26'!$B$5:$B$195)-MIN(ROW('as of August 26'!$B$5:$B$195))+1),ROW(73:73))),"")} | H81: =IFERROR(VLOOKUP($G81,'as of August 26'!$A$5:$V$195,4,0),"") | I81: =IFERROR(IF(ISBLANK(K81),"",VLOOKUP($G81,'as of August 26'!$A$5:$V$195,16,0)-J81),"") | J81: =IFERROR(VLOOKUP($G81,'as of August 26'!$A$5:$V$195,13,0),"") | K81: =IFERROR(VLOOKUP($G81,'as of August 26'!$A$5:$X$195,23,0),"")
A82: =IFERROR(VLOOKUP($G82,'as of August 26'!$A$5:$V$195,3,0),"") | B82: =IFERROR(VLOOKUP($G82,'as of August 26'!$A$5:$V$195,5,0),"") | C82: =IFERROR(VLOOKUP($G82,'as of August 26'!$A$5:$V$195,19,0),"") | D82: =IFERROR(VLOOKUP($G82,'as of August 26'!$A$5:$V$195,20,0),"") | E82: =IFERROR(VLOOKUP($G82,'as of August 26'!$A$5:$V$195,21,0),"") | F82: =IFERROR(VLOOKUP($G82,'as of August 26'!$A$5:$V$195,8,0),"") | G82: {=IFERROR(INDEX('as of August 26'!$F$5:$F$195,SMALL(IF('as of August 26'!$B$5:$B$195="YES",ROW('as of August 26'!$B$5:$B$195)-MIN(ROW('as of August 26'!$B$5:$B$195))+1),ROW(74:74))),"")} | H82: =IFERROR(VLOOKUP($G82,'as of August 26'!$A$5:$V$195,4,0),"") | I82: =IFERROR(IF(ISBLANK(K82),"",VLOOKUP($G82,'as of August 26'!$A$5:$V$195,16,0)-J82),"") | J82: =IFERROR(VLOOKUP($G82,'as of August 26'!$A$5:$V$195,13,0),"") | K82: =IFERROR(VLOOKUP($G82,'as of August 26'!$A$5:$X$195,23,0),"")
A83: =IFERROR(VLOOKUP($G83,'as of August 26'!$A$5:$V$195,3,0),"") | B83: =IFERROR(VLOOKUP($G83,'as of August 26'!$A$5:$V$195,5,0),"") | C83: =IFERROR(VLOOKUP($G83,'as of August 26'!$A$5:$V$195,19,0),"") | D83: =IFERROR(VLOOKUP($G83,'as of August 26'!$A$5:$V$195,20,0),"") | E83: =IFERROR(VLOOKUP($G83,'as of August 26'!$A$5:$V$195,21,0),"") | F83: =IFERROR(VLOOKUP($G83,'as of August 26'!$A$5:$V$195,8,0),"") | G83: {=IFERROR(INDEX('as of August 26'!$F$5:$F$195,SMALL(IF('as of August 26'!$B$5:$B$195="YES",ROW('as of August 26'!$B$5:$B$195)-MIN(ROW('as of August 26'!$B$5:$B$195))+1),ROW(75:75))),"")} | H83: =IFERROR(VLOOKUP($G83,'as of August 26'!$A$5:$V$195,4,0),"") | I83: =IFERROR(IF(ISBLANK(K83),"",VLOOKUP($G83,'as of August 26'!$A$5:$V$195,16,0)-J83),"") | J83: =IFERROR(VLOOKUP($G83,'as of August 26'!$A$5:$V$195,13,0),"") | K83: =IFERROR(VLOOKUP($G83,'as of August 26'!$A$5:$X$195,23,0),"")
A84: =IFERROR(VLOOKUP($G84,'as of August 26'!$A$5:$V$195,3,0),"") | B84: =IFERROR(VLOOKUP($G84,'as of August 26'!$A$5:$V$195,5,0),"") | C84: =IFERROR(VLOOKUP($G84,'as of August 26'!$A$5:$V$195,19,0),"") | D84: =IFERROR(VLOOKUP($G84,'as of August 26'!$A$5:$V$195,20,0),"") | E84: =IFERROR(VLOOKUP($G84,'as of August 26'!$A$5:$V$195,21,0),"") | F84: =IFERROR(VLOOKUP($G84,'as of August 26'!$A$5:$V$195,8,0),"") | G84: {=IFERROR(INDEX('as of August 26'!$F$5:$F$195,SMALL(IF('as of August 26'!$B$5:$B$195="YES",ROW('as of August 26'!$B$5:$B$195)-MIN(ROW('as of August 26'!$B$5:$B$195))+1),ROW(76:76))),"")} | H84: =IFERROR(VLOOKUP($G84,'as of August 26'!$A$5:$V$195,4,0),"") | I84: =IFERROR(IF(ISBLANK(K84),"",VLOOKUP($G84,'as of August 26'!$A$5:$V$195,16,0)-J84),"") | J84: =IFERROR(VLOOKUP($G84,'as of August 26'!$A$5:$V$195,13,0),"") | K84: =IFERROR(VLOOKUP($G84,'as of August 26'!$A$5:$X$195,23,0),"")
A85: =IFERROR(VLOOKUP($G85,'as of August 26'!$A$5:$V$195,3,0),"") | B85: =IFERROR(VLOOKUP($G85,'as of August 26'!$A$5:$V$195,5,0),"") | C85: =IFERROR(VLOOKUP($G85,'as of August 26'!$A$5:$V$195,19,0),"") | D85: =IFERROR(VLOOKUP($G85,'as of August 26'!$A$5:$V$195,20,0),"") | E85: =IFERROR(VLOOKUP($G85,'as of August 26'!$A$5:$V$195,21,0),"") | F85: =IFERROR(VLOOKUP($G85,'as of August 26'!$A$5:$V$195,8,0),"") | G85: {=IFERROR(INDEX('as of August 26'!$F$5:$F$195,SMALL(IF('as of August 26'!$B$5:$B$195="YES",ROW('as of August 26'!$B$5:$B$195)-MIN(ROW('as of August 26'!$B$5:$B$195))+1),ROW(77:77))),"")} | H85: =IFERROR(VLOOKUP($G85,'as of August 26'!$A$5:$V$195,4,0),"") | I85: =IFERROR(IF(ISBLANK(K85),"",VLOOKUP($G85,'as of August 26'!$A$5:$V$195,16,0)-J85),"") | J85: =IFERROR(VLOOKUP($G85,'as of August 26'!$A$5:$V$195,13,0),"") | K85: =IFERROR(VLOOKUP($G85,'as of August 26'!$A$5:$X$195,23,0),"")
A86: =IFERROR(VLOOKUP($G86,'as of August 26'!$A$5:$V$195,3,0),"") | B86: =IFERROR(VLOOKUP($G86,'as of August 26'!$A$5:$V$195,5,0),"") | C86: =IFERROR(VLOOKUP($G86,'as of August 26'!$A$5:$V$195,19,0),"") | D86: =IFERROR(VLOOKUP($G86,'as of August 26'!$A$5:$V$195,20,0),"") | E86: =IFERROR(VLOOKUP($G86,'as of August 26'!$A$5:$V$195,21,0),"") | F86: =IFERROR(VLOOKUP($G86,'as of August 26'!$A$5:$V$195,8,0),"") | G86: {=IFERROR(INDEX('as of August 26'!$F$5:$F$195,SMALL(IF('as of August 26'!$B$5:$B$195="YES",ROW('as of August 26'!$B$5:$B$195)-MIN(ROW('as of August 26'!$B$5:$B$195))+1),ROW(78:78))),"")} | H86: =IFERROR(VLOOKUP($G86,'as of August 26'!$A$5:$V$195,4,0),"") | I86: =IFERROR(IF(ISBLANK(K86),"",VLOOKUP($G86,'as of August 26'!$A$5:$V$195,16,0)-J86),"") | J86: =IFERROR(VLOOKUP($G86,'as of August 26'!$A$5:$V$195,13,0),"") | K86: =IFERROR(VLOOKUP($G86,'as of August 26'!$A$5:$X$195,23,0),"")
A87: =IFERROR(VLOOKUP($G87,'as of August 26'!$A$5:$V$195,3,0),"") | B87: =IFERROR(VLOOKUP($G87,'as of August 26'!$A$5:$V$195,5,0),"") | C87: =IFERROR(VLOOKUP($G87,'as of August 26'!$A$5:$V$195,19,0),"") | D87: =IFERROR(VLOOKUP($G87,'as of August 26'!$A$5:$V$195,20,0),"") | E87: =IFERROR(VLOOKUP($G87,'as of August 26'!$A$5:$V$195,21,0),"") | F87: =IFERROR(VLOOKUP($G87,'as of August 26'!$A$5:$V$195,8,0),"") | G87: {=IFERROR(INDEX('as of August 26'!$F$5:$F$195,SMALL(IF('as of August 26'!$B$5:$B$195="YES",ROW('as of August 26'!$B$5:$B$195)-MIN(ROW('as of August 26'!$B$5:$B$195))+1),ROW(79:79))),"")} | H87: =IFERROR(VLOOKUP($G87,'as of August 26'!$A$5:$V$195,4,0),"") | I87: =IFERROR(IF(ISBLANK(K87),"",VLOOKUP($G87,'as of August 26'!$A$5:$V$195,16,0)-J87),"") | J87: =IFERROR(VLOOKUP($G87,'as of August 26'!$A$5:$V$195,13,0),"") | K87: =IFERROR(VLOOKUP($G87,'as of August 26'!$A$5:$X$195,23,0),"")
A88: =IFERROR(VLOOKUP($G88,'as of August 26'!$A$5:$V$195,3,0),"") | B88: =IFERROR(VLOOKUP($G88,'as of August 26'!$A$5:$V$195,5,0),"") | C88: =IFERROR(VLOOKUP($G88,'as of August 26'!$A$5:$V$195,19,0),"") | D88: =IFERROR(VLOOKUP($G88,'as of August 26'!$A$5:$V$195,20,0),"") | E88: =IFERROR(VLOOKUP($G88,'as of August 26'!$A$5:$V$195,21,0),"") | F88: =IFERROR(VLOOKUP($G88,'as of August 26'!$A$5:$V$195,8,0),"") | G88: {=IFERROR(INDEX('as of August 26'!$F$5:$F$195,SMALL(IF('as of August 26'!$B$5:$B$195="YES",ROW('as of August 26'!$B$5:$B$195)-MIN(ROW('as of August 26'!$B$5:$B$195))+1),ROW(80:80))),"")} | H88: =IFERROR(VLOOKUP($G88,'as of August 26'!$A$5:$V$195,4,0),"") | I88: =IFERROR(IF(ISBLANK(K88),"",VLOOKUP($G88,'as of August 26'!$A$5:$V$195,16,0)-J88),"") | J88: =IFERROR(VLOOKUP($G88,'as of August 26'!$A$5:$V$195,13,0),"") | K88: =IFERROR(VLOOKUP($G88,'as of August 26'!$A$5:$X$195,23,0),"")
A89: =IFERROR(VLOOKUP($G89,'as of August 26'!$A$5:$V$195,3,0),"") | B89: =IFERROR(VLOOKUP($G89,'as of August 26'!$A$5:$V$195,5,0),"") | C89: =IFERROR(VLOOKUP($G89,'as of August 26'!$A$5:$V$195,19,0),"") | D89: =IFERROR(VLOOKUP($G89,'as of August 26'!$A$5:$V$195,20,0),"") | E89: =IFERROR(VLOOKUP($G89,'as of August 26'!$A$5:$V$195,21,0),"") | F89: =IFERROR(VLOOKUP($G89,'as of August 26'!$A$5:$V$195,8,0),"") | G89: {=IFERROR(INDEX('as of August 26'!$F$5:$F$195,SMALL(IF('as of August 26'!$B$5:$B$195="YES",ROW('as of August 26'!$B$5:$B$195)-MIN(ROW('as of August 26'!$B$5:$B$195))+1),ROW(81:81))),"")} | H89: =IFERROR(VLOOKUP($G89,'as of August 26'!$A$5:$V$195,4,0),"") | I89: =IFERROR(IF(ISBLANK(K89),"",VLOOKUP($G89,'as of August 26'!$A$5:$V$195,16,0)-J89),"") | J89: =IFERROR(VLOOKUP($G89,'as of August 26'!$A$5:$V$195,13,0),"") | K89: =IFERROR(VLOOKUP($G89,'as of August 26'!$A$5:$X$195,23,0),"")
A90: =IFERROR(VLOOKUP($G90,'as of August 26'!$A$5:$V$195,3,0),"") | B90: =IFERROR(VLOOKUP($G90,'as of August 26'!$A$5:$V$195,5,0),"") | C90: =IFERROR(VLOOKUP($G90,'as of August 26'!$A$5:$V$195,19,0),"") | D90: =IFERROR(VLOOKUP($G90,'as of August 26'!$A$5:$V$195,20,0),"") | E90: =IFERROR(VLOOKUP($G90,'as of August 26'!$A$5:$V$195,21,0),"") | F90: =IFERROR(VLOOKUP($G90,'as of August 26'!$A$5:$V$195,8,0),"") | G90: {=IFERROR(INDEX('as of August 26'!$F$5:$F$195,SMALL(IF('as of August 26'!$B$5:$B$195="YES",ROW('as of August 26'!$B$5:$B$195)-MIN(ROW('as of August 26'!$B$5:$B$195))+1),ROW(82:82))),"")} | H90: =IFERROR(VLOOKUP($G90,'as of August 26'!$A$5:$V$195,4,0),"") | I90: =IFERROR(IF(ISBLANK(K90),"",VLOOKUP($G90,'as of August 26'!$A$5:$V$195,16,0)-J90),"") | J90: =IFERROR(VLOOKUP($G90,'as of August 26'!$A$5:$V$195,13,0),"") | K90: =IFERROR(VLOOKUP($G90,'as of August 26'!$A$5:$X$195,23,0),"")
A91: =IFERROR(VLOOKUP($G91,'as of August 26'!$A$5:$V$195,3,0),"") | B91: =IFERROR(VLOOKUP($G91,'as of August 26'!$A$5:$V$195,5,0),"") | C91: =IFERROR(VLOOKUP($G91,'as of August 26'!$A$5:$V$195,19,0),"") | D91: =IFERROR(VLOOKUP($G91,'as of August 26'!$A$5:$V$195,20,0),"") | E91: =IFERROR(VLOOKUP($G91,'as of August 26'!$A$5:$V$195,21,0),"") | F91: =IFERROR(VLOOKUP($G91,'as of August 26'!$A$5:$V$195,8,0),"") | G91: {=IFERROR(INDEX('as of August 26'!$F$5:$F$195,SMALL(IF('as of August 26'!$B$5:$B$195="YES",ROW('as of August 26'!$B$5:$B$195)-MIN(ROW('as of August 26'!$B$5:$B$195))+1),ROW(83:83))),"")} | H91: =IFERROR(VLOOKUP($G91,'as of August 26'!$A$5:$V$195,4,0),"") | I91: =IFERROR(IF(ISBLANK(K91),"",VLOOKUP($G91,'as of August 26'!$A$5:$V$195,16,0)-J91),"") | J91: =IFERROR(VLOOKUP($G91,'as of August 26'!$A$5:$V$195,13,0),"") | K91: =IFERROR(VLOOKUP($G91,'as of August 26'!$A$5:$X$195,23,0),"")
A92: =IFERROR(VLOOKUP($G92,'as of August 26'!$A$5:$V$195,3,0),"") | B92: =IFERROR(VLOOKUP($G92,'as of August 26'!$A$5:$V$195,5,0),"") | C92: =IFERROR(VLOOKUP($G92,'as of August 26'!$A$5:$V$195,19,0),"") | D92: =IFERROR(VLOOKUP($G92,'as of August 26'!$A$5:$V$195,20,0),"") | E92: =IFERROR(VLOOKUP($G92,'as of August 26'!$A$5:$V$195,21,0),"") | F92: =IFERROR(VLOOKUP($G92,'as of August 26'!$A$5:$V$195,8,0),"") | G92: {=IFERROR(INDEX('as of August 26'!$F$5:$F$195,SMALL(IF('as of August 26'!$B$5:$B$195="YES",ROW('as of August 26'!$B$5:$B$195)-MIN(ROW('as of August 26'!$B$5:$B$195))+1),ROW(84:84))),"")} | H92: =IFERROR(VLOOKUP($G92,'as of August 26'!$A$5:$V$195,4,0),"") | I92: =IFERROR(IF(ISBLANK(K92),"",VLOOKUP($G92,'as of August 26'!$A$5:$V$195,16,0)-J92),"") | J92: =IFERROR(VLOOKUP($G92,'as of August 26'!$A$5:$V$195,13,0),"") | K92: =IFERROR(VLOOKUP($G92,'as of August 26'!$A$5:$X$195,23,0),"")
A93: =IFERROR(VLOOKUP($G93,'as of August 26'!$A$5:$V$195,3,0),"") | B93: =IFERROR(VLOOKUP($G93,'as of August 26'!$A$5:$V$195,5,0),"") | C93: =IFERROR(VLOOKUP($G93,'as of August 26'!$A$5:$V$195,19,0),"") | D93: =IFERROR(VLOOKUP($G93,'as of August 26'!$A$5:$V$195,20,0),"") | E93: =IFERROR(VLOOKUP($G93,'as of August 26'!$A$5:$V$195,21,0),"") | F93: =IFERROR(VLOOKUP($G93,'as of August 26'!$A$5:$V$195,8,0),"") | G93: {=IFERROR(INDEX('as of August 26'!$F$5:$F$195,SMALL(IF('as of August 26'!$B$5:$B$195="YES",ROW('as of August 26'!$B$5:$B$195)-MIN(ROW('as of August 26'!$B$5:$B$195))+1),ROW(85:85))),"")} | H93: =IFERROR(VLOOKUP($G93,'as of August 26'!$A$5:$V$195,4,0),"") | I93: =IFERROR(IF(ISBLANK(K93),"",VLOOKUP($G93,'as of August 26'!$A$5:$V$195,16,0)-J93),"") | J93: =IFERROR(VLOOKUP($G93,'as of August 26'!$A$5:$V$195,13,0),"") | K93: =IFERROR(VLOOKUP($G93,'as of August 26'!$A$5:$X$195,23,0),"")
A94: =IFERROR(VLOOKUP($G94,'as of August 26'!$A$5:$V$195,3,0),"") | B94: =IFERROR(VLOOKUP($G94,'as of August 26'!$A$5:$V$195,5,0),"") | C94: =IFERROR(VLOOKUP($G94,'as of August 26'!$A$5:$V$195,19,0),"") | D94: =IFERROR(VLOOKUP($G94,'as of August 26'!$A$5:$V$195,20,0),"") | E94: =IFERROR(VLOOKUP($G94,'as of August 26'!$A$5:$V$195,21,0),"") | F94: =IFERROR(VLOOKUP($G94,'as of August 26'!$A$5:$V$195,8,0),"") | G94: {=IFERROR(INDEX('as of August 26'!$F$5:$F$195,SMALL(IF('as of August 26'!$B$5:$B$195="YES",ROW('as of August 26'!$B$5:$B$195)-MIN(ROW('as of August 26'!$B$5:$B$195))+1),ROW(86:86))),"")} | H94: =IFERROR(VLOOKUP($G94,'as of August 26'!$A$5:$V$195,4,0),"") | I94: =IFERROR(IF(ISBLANK(K94),"",VLOOKUP($G94,'as of August 26'!$A$5:$V$195,16,0)-J94),"") | J94: =IFERROR(VLOOKUP($G94,'as of August 26'!$A$5:$V$195,13,0),"") | K94: =IFERROR(VLOOKUP($G94,'as of August 26'!$A$5:$X$195,23,0),"")
A95: =IFERROR(VLOOKUP($G95,'as of August 26'!$A$5:$V$195,3,0),"") | B95: =IFERROR(VLOOKUP($G95,'as of August 26'!$A$5:$V$195,5,0),"") | C95: =IFERROR(VLOOKUP($G95,'as of August 26'!$A$5:$V$195,19,0),"") | D95: =IFERROR(VLOOKUP($G95,'as of August 26'!$A$5:$V$195,20,0),"") | E95: =IFERROR(VLOOKUP($G95,'as of August 26'!$A$5:$V$195,21,0),"") | F95: =IFERROR(VLOOKUP($G95,'as of August 26'!$A$5:$V$195,8,0),"") | G95: {=IFERROR(INDEX('as of August 26'!$F$5:$F$195,SMALL(IF('as of August 26'!$B$5:$B$195="YES",ROW('as of August 26'!$B$5:$B$195)-MIN(ROW('as of August 26'!$B$5:$B$195))+1),ROW(87:87))),"")} | H95: =IFERROR(VLOOKUP($G95,'as of August 26'!$A$5:$V$195,4,0),"") | I95: =IFERROR(IF(ISBLANK(K95),"",VLOOKUP($G95,'as of August 26'!$A$5:$V$195,16,0)-J95),"") | J95: =IFERROR(VLOOKUP($G95,'as of August 26'!$A$5:$V$195,13,0),"") | K95: =IFERROR(VLOOKUP($G95,'as of August 26'!$A$5:$X$195,23,0),"")
A96: =IFERROR(VLOOKUP($G96,'as of August 26'!$A$5:$V$195,3,0),"") | B96: =IFERROR(VLOOKUP($G96,'as of August 26'!$A$5:$V$195,5,0),"") | C96: =IFERROR(VLOOKUP($G96,'as of August 26'!$A$5:$V$195,19,0),"") | D96: =IFERROR(VLOOKUP($G96,'as of August 26'!$A$5:$V$195,20,0),"") | E96: =IFERROR(VLOOKUP($G96,'as of August 26'!$A$5:$V$195,21,0),"") | F96: =IFERROR(VLOOKUP($G96,'as of August 26'!$A$5:$V$195,8,0),"") | G96: {=IFERROR(INDEX('as of August 26'!$F$5:$F$195,SMALL(IF('as of August 26'!$B$5:$B$195="YES",ROW('as of August 26'!$B$5:$B$195)-MIN(ROW('as of August 26'!$B$5:$B$195))+1),ROW(88:88))),"")} | H96: =IFERROR(VLOOKUP($G96,'as of August 26'!$A$5:$V$195,4,0),"") | I96: =IFERROR(IF(ISBLANK(K96),"",VLOOKUP($G96,'as of August 26'!$A$5:$V$195,16,0)-J96),"") | J96: =IFERROR(VLOOKUP($G96,'as of August 26'!$A$5:$V$195,13,0),"") | K96: =IFERROR(VLOOKUP($G96,'as of August 26'!$A$5:$X$195,23,0),"")
A97: =IFERROR(VLOOKUP($G97,'as of August 26'!$A$5:$V$195,3,0),"") | B97: =IFERROR(VLOOKUP($G97,'as of August 26'!$A$5:$V$195,5,0),"") | C97: =IFERROR(VLOOKUP($G97,'as of August 26'!$A$5:$V$195,19,0),"") | D97: =IFERROR(VLOOKUP($G97,'as of August 26'!$A$5:$V$195,20,0),"") | E97: =IFERROR(VLOOKUP($G97,'as of August 26'!$A$5:$V$195,21,0),"") | F97: =IFERROR(VLOOKUP($G97,'as of August 26'!$A$5:$V$195,8,0),"") | G97: {=IFERROR(INDEX('as of August 26'!$F$5:$F$195,SMALL(IF('as of August 26'!$B$5:$B$195="YES",ROW('as of August 26'!$B$5:$B$195)-MIN(ROW('as of August 26'!$B$5:$B$195))+1),ROW(89:89))),"")} | H97: =IFERROR(VLOOKUP($G97,'as of August 26'!$A$5:$V$195,4,0),"") | I97: =IFERROR(IF(ISBLANK(K97),"",VLOOKUP($G97,'as of August 26'!$A$5:$V$195,16,0)-J97),"") | J97: =IFERROR(VLOOKUP($G97,'as of August 26'!$A$5:$V$195,13,0),"") | K97: =IFERROR(VLOOKUP($G97,'as of August 26'!$A$5:$X$195,23,0),"")
A98: =IFERROR(VLOOKUP($G98,'as of August 26'!$A$5:$V$195,3,0),"") | B98: =IFERROR(VLOOKUP($G98,'as of August 26'!$A$5:$V$195,5,0),"") | C98: =IFERROR(VLOOKUP($G98,'as of August 26'!$A$5:$V$195,19,0),"") | D98: =IFERROR(VLOOKUP($G98,'as of August 26'!$A$5:$V$195,20,0),"") | E98: =IFERROR(VLOOKUP($G98,'as of August 26'!$A$5:$V$195,21,0),"") | F98: =IFERROR(VLOOKUP($G98,'as of August 26'!$A$5:$V$195,8,0),"") | G98: {=IFERROR(INDEX('as of August 26'!$F$5:$F$195,SMALL(IF('as of August 26'!$B$5:$B$195="YES",ROW('as of August 26'!$B$5:$B$195)-MIN(ROW('as of August 26'!$B$5:$B$195))+1),ROW(90:90))),"")} | H98: =IFERROR(VLOOKUP($G98,'as of August 26'!$A$5:$V$195,4,0),"") | I98: =IFERROR(IF(ISBLANK(K98),"",VLOOKUP($G98,'as of August 26'!$A$5:$V$195,16,0)-J98),"") | J98: =IFERROR(VLOOKUP($G98,'as of August 26'!$A$5:$V$195,13,0),"") | K98: =IFERROR(VLOOKUP($G98,'as of August 26'!$A$5:$X$195,23,0),"")
A99: =IFERROR(VLOOKUP($G99,'as of August 26'!$A$5:$V$195,3,0),"") | B99: =IFERROR(VLOOKUP($G99,'as of August 26'!$A$5:$V$195,5,0),"") | C99: =IFERROR(VLOOKUP($G99,'as of August 26'!$A$5:$V$195,19,0),"") | D99: =IFERROR(VLOOKUP($G99,'as of August 26'!$A$5:$V$195,20,0),"") | E99: =IFERROR(VLOOKUP($G99,'as of August 26'!$A$5:$V$195,21,0),"") | F99: =IFERROR(VLOOKUP($G99,'as of August 26'!$A$5:$V$195,8,0),"") | G99: {=IFERROR(INDEX('as of August 26'!$F$5:$F$195,SMALL(IF('as of August 26'!$B$5:$B$195="YES",ROW('as of August 26'!$B$5:$B$195)-MIN(ROW('as of August 26'!$B$5:$B$195))+1),ROW(91:91))),"")} | H99: =IFERROR(VLOOKUP($G99,'as of August 26'!$A$5:$V$195,4,0),"") | I99: =IFERROR(IF(ISBLANK(K99),"",VLOOKUP($G99,'as of August 26'!$A$5:$V$195,16,0)-J99),"") | J99: =IFERROR(VLOOKUP($G99,'as of August 26'!$A$5:$V$195,13,0),"") | K99: =IFERROR(VLOOKUP($G99,'as of August 26'!$A$5:$X$195,23,0),"")
A100: =IFERROR(VLOOKUP($G100,'as of August 26'!$A$5:$V$195,3,0),"") | B100: =IFERROR(VLOOKUP($G100,'as of August 26'!$A$5:$V$195,5,0),"") | C100: =IFERROR(VLOOKUP($G100,'as of August 26'!$A$5:$V$195,19,0),"") | D100: =IFERROR(VLOOKUP($G100,'as of August 26'!$A$5:$V$195,20,0),"") | E100: =IFERROR(VLOOKUP($G100,'as of August 26'!$A$5:$V$195,21,0),"") | F100: =IFERROR(VLOOKUP($G100,'as of August 26'!$A$5:$V$195,8,0),"") | G100: {=IFERROR(INDEX('as of August 26'!$F$5:$F$195,SMALL(IF('as of August 26'!$B$5:$B$195="YES",ROW('as of August 26'!$B$5:$B$195)-MIN(ROW('as of August 26'!$B$5:$B$195))+1),ROW(92:92))),"")} | H100: =IFERROR(VLOOKUP($G100,'as of August 26'!$A$5:$V$195,4,0),"") | I100: =IFERROR(IF(ISBLANK(K100),"",VLOOKUP($G100,'as of August 26'!$A$5:$V$195,16,0)-J100),"") | J100: =IFERROR(VLOOKUP($G100,'as of August 26'!$A$5:$V$195,13,0),"") | K100: =IFERROR(VLOOKUP($G100,'as of August 26'!$A$5:$X$195,23,0),"")
A101: =IFERROR(VLOOKUP($G101,'as of August 26'!$A$5:$V$195,3,0),"") | B101: =IFERROR(VLOOKUP($G101,'as of August 26'!$A$5:$V$195,5,0),"") | C101: =IFERROR(VLOOKUP($G101,'as of August 26'!$A$5:$V$195,19,0),"") | D101: =IFERROR(VLOOKUP($G101,'as of August 26'!$A$5:$V$195,20,0),"") | E101: =IFERROR(VLOOKUP($G101,'as of August 26'!$A$5:$V$195,21,0),"") | F101: =IFERROR(VLOOKUP($G101,'as of August 26'!$A$5:$V$195,8,0),"") | G101: {=IFERROR(INDEX('as of August 26'!$F$5:$F$195,SMALL(IF('as of August 26'!$B$5:$B$195="YES",ROW('as of August 26'!$B$5:$B$195)-MIN(ROW('as of August 26'!$B$5:$B$195))+1),ROW(93:93))),"")} | H101: =IFERROR(VLOOKUP($G101,'as of August 26'!$A$5:$V$195,4,0),"") | I101: =IFERROR(IF(ISBLANK(K101),"",VLOOKUP($G101,'as of August 26'!$A$5:$V$195,16,0)-J101),"") | J101: =IFERROR(VLOOKUP($G101,'as of August 26'!$A$5:$V$195,13,0),"") | K101: =IFERROR(VLOOKUP($G101,'as of August 26'!$A$5:$X$195,23,0),"")
A102: =IFERROR(VLOOKUP($G102,'as of August 26'!$A$5:$V$195,3,0),"") | B102: =IFERROR(VLOOKUP($G102,'as of August 26'!$A$5:$V$195,5,0),"") | C102: =IFERROR(VLOOKUP($G102,'as of August 26'!$A$5:$V$195,19,0),"") | D102: =IFERROR(VLOOKUP($G102,'as of August 26'!$A$5:$V$195,20,0),"") | E102: =IFERROR(VLOOKUP($G102,'as of August 26'!$A$5:$V$195,21,0),"") | F102: =IFERROR(VLOOKUP($G102,'as of August 26'!$A$5:$V$195,8,0),"") | G102: {=IFERROR(INDEX('as of August 26'!$F$5:$F$195,SMALL(IF('as of August 26'!$B$5:$B$195="YES",ROW('as of August 26'!$B$5:$B$195)-MIN(ROW('as of August 26'!$B$5:$B$195))+1),ROW(94:94))),"")} | H102: =IFERROR(VLOOKUP($G102,'as of August 26'!$A$5:$V$195,4,0),"") | I102: =IFERROR(IF(ISBLANK(K102),"",VLOOKUP($G102,'as of August 26'!$A$5:$V$195,16,0)-J102),"") | J102: =IFERROR(VLOOKUP($G102,'as of August 26'!$A$5:$V$195,13,0),"") | K102: =IFERROR(VLOOKUP($G102,'as of August 26'!$A$5:$X$195,23,0),"")
A103: =IFERROR(VLOOKUP($G103,'as of August 26'!$A$5:$V$195,3,0),"") | B103: =IFERROR(VLOOKUP($G103,'as of August 26'!$A$5:$V$195,5,0),"") | C103: =IFERROR(VLOOKUP($G103,'as of August 26'!$A$5:$V$195,19,0),"") | D103: =IFERROR(VLOOKUP($G103,'as of August 26'!$A$5:$V$195,20,0),"") | E103: =IFERROR(VLOOKUP($G103,'as of August 26'!$A$5:$V$195,21,0),"") | F103: =IFERROR(VLOOKUP($G103,'as of August 26'!$A$5:$V$195,8,0),"") | G103: {=IFERROR(INDEX('as of August 26'!$F$5:$F$195,SMALL(IF('as of August 26'!$B$5:$B$195="YES",ROW('as of August 26'!$B$5:$B$195)-MIN(ROW('as of August 26'!$B$5:$B$195))+1),ROW(95:95))),"")} | H103: =IFERROR(VLOOKUP($G103,'as of August 26'!$A$5:$V$195,4,0),"") | I103: =IFERROR(IF(ISBLANK(K103),"",VLOOKUP($G103,'as of August 26'!$A$5:$V$195,16,0)-J103),"") | J103: =IFERROR(VLOOKUP($G103,'as of August 26'!$A$5:$V$195,13,0),"") | K103: =IFERROR(VLOOKUP($G103,'as of August 26'!$A$5:$X$195,23,0),"")
...

Sheet as of August 26
C1: Strategic Partner - Kiwi Auto Motors - Invoice Activity | J1: Averaage Car Cost | K1: Dep. Req. | L1: Dep. Paid | M1: Dep. Due | N1: Pay/Claim | O1: Price Adj. | P1: Total Outstanding
J2: =SUM(J5:J195)/F3 -> 10239.921 | K2: =SUM(K5:K195) -> 0 | L2: =SUM(L5:L195) -> 31249.8 | M2: =SUM(M5:M195) -> 0 | N2: =SUM(N5:N195) -> 47579.77 | O2: =SUM(O5:O195) -> 31297.15 | P2: =SUM(P5:P195) -> 1123403.7
F3: =COUNTA(F5:F195) -> 121
C4: Transaction Date | D4: Due Date | E4: Invoice Number | F4: Chassis | G4: Hyperlink | H4: Year Make Model | I4: SP Customer | J4: Invoice Amount | K4: Deposit Required | L4: Deposit Paid | M4: Deposit Due | N4: Payment/Claims | O4: Price Adgustment | P4: Amount Outstanding | Q4: New Prices | S4: Stock Origin | T4: Vessel | U4: ETD | V4: ETA | W4: Remark 1 | X4: MR2A Released:
A5: =F5 -> CWEFWN-117590 | B5: =IF(D5=0,"NO","YES") -> NO | C5: 45153 | E5: INV-15949 | F5: CWEFWN-117590 | G5: https://www.ibcauto.com/vehicle/checklist?crypt=%5E%D2%D0%E5%98%E1%D1%CC%9E%C6%71%A1%98%94%6E%9D%6B%99%E1%A1%AD%CA%AC%9F%CA%95%58%A6%DF%C5%AA%E3%D9%A9%68%91%DD%E2%AC%CA%AB%AB%6C%92%DE%D0%CE%9A%D7%A1%6F%69%87%B9%86%B9%BE%A7%DB%A7%C5%DE%D1%D1%A8%95%89%E0%A5 | H5: 2012 NISSAN LAFESTA | I5: Strategic Partner - Kiwi Motors | J5: 6164 | K5: =IF(OR(D5=0,L5>0,P5=0,S5="NZ Stock",S5="Trade In",S5="OBO"),"",2800) | M5: =IF(OR(K5=0,P5=0),0,K5) | P5: =J5-L5-N5-O5 -> 6164 | Q5: 5500 | R5: =+P5-Q5 -> 664 | S5: NZ Stock | T5: Frontier Ace 192A
A6: =F6 -> ZE1-017955 | B6: =IF(D6=0,"NO","YES") -> NO | C6: 45153 | E6: INV-15969 | F6: ZE1-017955 | G6: https://www.ibcauto.com/vehicle/checklist?crypt=%5E%D2%D0%E5%98%E1%D1%CC%9E%C6%71%A1%97%98%6A%9E%70%99%E1%A1%AD%CA%AC%9F%CA%95%58%A6%DF%C5%AA%E3%D9%A9%68%91%DD%E2%AC%CA%AB%AB%6C%92%DE%D0%CE%9A%D7%A1%6F%69%87%B9%86%B9%BE%A7%DB%A7%C5%DE%D1%D1%A8%95%89%E0%A5 | H6: 2018 NISSAN LEAF | I6: Strategic Partner - Kiwi Motors | J6: 27797.15 | K6: =IF(OR(D6=0,L6>0,P6=0,S6="NZ Stock",S6="Trade In",S6="OBO"),"",2800) | M6: =IF(OR(K6=0,P6=0),0,K6) | O6: 5797.15 | P6: =J6-L6-N6-O6 -> 22000 | Q6: 13000 | R6: =+P6-Q6 -> 9000 | S6: NZ Stock | T6: Frontier Ace 192A
A7: =F7 -> NHP10-2215568 | B7: =IF(D7=0,"NO","YES") -> NO | C7: 45153 | E7: INV-15959 | F7: NHP10-2215568 | G7: https://www.ibcauto.com/vehicle/checklist?crypt=%5E%D2%D0%E5%98%E1%D1%CC%9E%C6%71%A1%96%98%67%9B%6C%99%E1%A1%AD%CA%AC%9F%CA%95%58%A6%DF%C5%AA%E3%D9%A9%68%91%DD%E2%AC%CA%AB%AB%6C%92%DE%D0%CE%9A%D7%A1%6F%69%87%B9%86%B9%BE%A7%DB%A7%C5%DE%D1%D1%A8%95%89%E0%A5 | H7: 2013 TOYOTA AQUA | I7: Strategic Partner - Kiwi Motors | J7: 9333.97 | K7: =IF(OR(D7=0,L7>0,P7=0,S7="NZ Stock",S7="Trade In",S7="OBO"),"",2800) | M7: =IF(OR(K7=0,P7=0),0,K7) | P7: =J7-L7-N7-O7 -> 9333.97 | Q7: 8000 | R7: =+P7-Q7 -> 1333.97 | S7: NZ Stock | T7: Elegant Ace 75A
A8: =F8 -> ZC83S-118228 | B8: =IF(D8=0,"NO","YES") -> NO | C8: 45153 | E8: INV-15943 | F8: ZC83S-118228 | G8: https://www.ibcauto.com/vehicle/checklist?crypt=%5E%D2%D0%E5%98%E1%D1%CC%9E%C6%71%A1%96%98%6E%9C%69%99%E1%A1%AD%CA%AC%9F%CA%95%58%A6%DF%C5%AA%E3%D9%A9%68%91%DD%E2%AC%CA%AB%AB%6C%92%DE%D0%CE%9A%D7%A1%6F%69%87%B9%86%B9%BE%A7%DB%A7%C5%DE%D1%D1%A8%95%89%E0%A5 | H8: 2018 SUZUKI SWIFT | I8: Strategic Partner - Kiwi Motors | J8: 11786.19 | K8: =IF(OR(D8=0,L8>0,P8=0,S8="NZ Stock",S8="Trade In",S8="OBO"),"",2800) | M8: =IF(OR(K8=0,P8=0),0,K8) | P8: =J8-L8-N8-O8 -> 11786.19 | Q8: 9000 | R8: =+P8-Q8 -> 2786.19 | S8: NZ Stock | T8: Palmela 191A
A9: =F9 -> NKE165-8040261 | B9: =IF(D9=0,"NO","YES") -> NO | C9: 45153 | E9: INV-15961 | F9: NKE165-8040261 | G9: https://www.ibcauto.com/vehicle/checklist?crypt=%5E%D2%D0%E5%98%E1%D1%CC%9E%C6%71%A1%97%93%66%A1%70%99%E1%A1%AD%CA%AC%9F%CA%95%58%A6%DF%C5%AA%E3%D9%A9%68%91%DD%E2%AC%CA%AB%AB%6C%92%DE%D0%CE%9A%D7%A1%6F%69%87%B9%86%B9%BE%A7%DB%A7%C5%DE%D1%D1%A8%95%89%E0%A5 | H9: 2016 TOYOTA COROLLA FIELDER | I9: Strategic Partner - Kiwi Motors | J9: 13513.65 | K9: =IF(OR(D9=0,L9>0,P9=0,S9="NZ Stock",S9="Trade In",S9="OBO"),"",2800) | M9: =IF(OR(K9=0,P9=0),0,K9) | N9: 1300 | P9: =J9-L9-N9-O9 -> 12213.65 | Q9: 10000 | R9: =+P9-Q9 -> 2213.65 | S9: NZ Stock | T9: Frontier Ace 192A | W9: Price reduction $400/Price reduction $900
A10: =F10 -> KEEFW-103928 | B10: =IF(D10=0,"NO","YES") -> NO | C10: 45173 | E10: INV-16297 | F10: KEEFW-103928 | G10: https://www.ibcauto.com/vehicle/checklist?crypt=%5E%D2%D0%E5%98%E1%D1%CC%9E%C6%71%A1%94%97%66%A0%68%99%E1%A1%AD%CA%AC%9F%CA%95%58%A6%DF%C5%AA%E3%D9%A9%68%91%DD%E2%AC%CA%AB%AB%6C%92%DE%D0%CE%9A%D7%A1%6F%69%87%B9%86%B9%BE%A7%DB%A7%C5%DE%D1%D1%A8%95%89%E0%A5 | H10: 2012 MAZDA CX-5 | I10: Strategic Partner - Kiwi Motors | J10: 20139 | K10: =IF(OR(D10=0,L10>0,P10=0,S10="NZ Stock",S10="Trade In",S10="OBO"),"",2800) | M10: =IF(OR(K10=0,P10=0),0,K10) | N10: 3639 | O10: 1500 | P10: =J10-L10-N10-O10 -> 15000 | Q10: 12000 | R10: =+P10-Q10 -> 3000 | S10: NZ Stock | T10: ATNZ Stocks
A11: =F11 -> WBAXL12040DT99283 | B11: =IF(D11=0,"NO","YES") -> NO | C11: 45173 | E11: INV-16303 | F11: WBAXL12040DT99283 | G11: https://www.ibcauto.com/vehicle/checklist?crypt=%5E%D2%D0%E5%98%E1%D1%CC%9E%C6%71%A1%95%9A%6B%9C%70%99%E1%A1%AD%CA%AC%9F%CA%95%58%A6%DF%C5%AA%E3%D9%A9%68%91%DD%E2%AC%CA%AB%AB%6C%92%DE%D0%CE%9A%D7%A1%6F%69%87%B9%86%B9%BE%A7%DB%A7%C5%DE%D1%D1%A8%95%89%E0%A5 | H11: 2012 BMW 523I | I11: Strategic Partner - Kiwi Motors | J11: 17500 | K11: =IF(OR(D11=0,L11>0,P11=0,S11="NZ Stock",S11="Trade In",S11="OBO"),"",2800) | M11: =IF(OR(K11=0,P11=0),0,K11) | N11: 3500 | O11: 2000 | P11: =J11-L11-N11-O11 -> 12000 | Q11: 9000 | R11: =+P11-Q11 -> 3000 | S11: NZ Stock | T11: ATNZ Stocks
A12: =F12 -> ZE1-003899 | B12: =IF(D12=0,"NO","YES") -> NO | C12: 45173 | E12: INV-16289 | F12: ZE1-003899 | G12: https://www.ibcauto.com/vehicle/checklist?crypt=%5E%D2%D0%E5%98%E1%D1%CC%9E%C6%71%A1%97%91%68%A2%6A%99%E1%A1%AD%CA%AC%9F%CA%95%58%A6%DF%C5%AA%E3%D9%A9%68%91%DD%E2%AC%CA%AB%AB%6C%92%DE%D0%CE%9A%D7%A1%6F%69%87%B9%86%B9%BE%A7%DB%A7%C5%DE%D1%D1%A8%95%89%E0%A5 | H12: 2017 NISSAN LEAF | I12: Strategic Partner - Kiwi Motors | J12: 29200.01 | K12: =IF(OR(D12=0,L12>0,P12=0,S12="NZ Stock",S12="Trade In",S12="OBO"),"",2800) | M12: =IF(OR(K12=0,P12=0),0,K12) | N12: 8200.01 | O12: 6000 | P12: =J12-L12-N12-O12 -> 15000 | Q12: 12000 | R12: =+P12-Q12 -> 3000 | S12: OBO | T12: Palmela 192A
A13: =F13 -> AZE0-224414 | B13: =IF(D13=0,"NO","YES") -> NO | C13: 45173 | E13: INV-16284 | F13: AZE0-224414 | G13: https://www.ibcauto.com/vehicle/checklist?crypt=%5E%D2%D0%E5%98%E1%D1%CC%9E%C6%71%A1%96%9A%6A%9F%6A%99%E1%A1%AD%CA%AC%9F%CA%95%58%A6%DF%C5%AA%E3%D9%A9%68%91%DD%E2%AC%CA%AB%AB%6C%92%DE%D0%CE%9A%D7%A1%6F%69%87%B9%86%B9%BE%A7%DB%A7%C5%DE%D1%D1%A8%95%89%E0%A5 | H13: 2017 NISSAN LEAF | I13: Strategic Partner - Kiwi Motors | J13: 23400 | K13: =IF(OR(D13=0,L13>0,P13=0,S13="NZ Stock",S13="Trade In",S13="OBO"),"",2800) | M13: =IF(OR(K13=0,P13=0),0,K13) | N13: 2400 | O13: 6000 | P13: =J13-L13-N13-O13 -> 15000 | Q13: 12000 | R13: =+P13-Q13 -> 3000 | S13: OBO | T13: Palmela 192A
A14: =F14 -> AZE0-061109 | B14: =IF(D14=0,"NO","YES") -> NO | C14: 45173 | E14: INV-16282 | F14: AZE0-061109 | G14: https://www.ibcauto.com/vehicle/checklist?crypt=%5E%D2%D0%E5%98%E1%D1%CC%9E%C6%71%A1%97%97%6D%9C%6B%99%E1%A1%AD%CA%AC%9F%CA%95%58%A6%DF%C5%AA%E3%D9%A9%68%91%DD%E2%AC%CA%AB%AB%6C%92%DE%D0%CE%9A%D7%A1%6F%69%87%B9%86%B9%BE%A7%DB%A7%C5%DE%D1%D1%A8%95%89%E0%A5 | H14: 2013 NISSAN LEAF | I14: Strategic Partner - Kiwi Motors | J14: 13400.01 | K14: =IF(OR(D14=0,L14>0,P14=0,S14="NZ Stock",S14="Trade In",S14="OBO"),"",2800) | M14: =IF(OR(K14=0,P14=0),0,K14) | N14: 3400.01 | P14: =J14-L14-N14-O14 -> 10000 | Q14: 4000 | R14: =+P14-Q14 -> 6000 | S14: OBO | T14: Palmela 192A
A15: =F15 -> ZE0-017765 | B15: =IF(D15=0,"NO","YES") -> NO | C15: 45173 | E15: INV-16293 | F15: ZE0-017765 | G15: https://www.ibcauto.com/vehicle/checklist?crypt=%5E%D2%D0%E5%98%E1%D1%CC%9E%C6%71%A1%96%9A%6D%A2%67%99%E1%A1%AD%CA%AC%9F%CA%95%58%A6%DF%C5%AA%E3%D9%A9%68%91%DD%E2%AC%CA%AB%AB%6C%92%DE%D0%CE%9A%D7%A1%6F%69%87%B9%86%B9%BE%A7%DB%A7%C5%DE%D1%D1%A8%95%89%E0%A5 | H15: 2012 NISSAN LEAF | I15: Strategic Partner - Kiwi Motors | J15: 8500.01 | K15: =IF(OR(D15=0,L15>0,P15=0,S15="NZ Stock",S15="Trade In",S15="OBO"),"",2800) | M15: =IF(OR(K15=0,P15=0),0,K15) | N15: 1500.01 | P15: =J15-L15-N15-O15 -> 7000 | Q15: 4000 | R15: =+P15-Q15 -> 3000 | S15: OBO | T15: Palmela 192A
A16: =F16 -> WDD2452342J246371 | B16: =IF(D16=0,"NO","YES") -> NO | C16: 45273 | E16: INV-17440 | F16: WDD2452342J246371 | G16: https://www.ibcauto.com/vehicle/checklist?crypt=%5E%D2%D0%E5%98%E1%D1%CC%9E%C6%71%9F%98%94%69%9C%6E%99%E1%A1%AD%CA%AC%9F%CA%95%58%A6%DF%C5%AA%E3%D9%A9%68%91%DD%E2%AC%CA%AB%AB%6C%92%DE%D0%CE%9A%D7%A1%6F%69%87%B9%86%B9%BE%A7%DB%A7%C5%DE%D1%D1%A8%95%89%E0%A5 | H16: 2007 MERCEDES-BENZ B200 | I16: Strategic Partner - Kiwi Motors | J16: 8000 | K16: =IF(OR(D16=0,L16>0,P16=0,S16="NZ Stock",S16="Trade In",S16="OBO"),"",2800) | M16: =IF(OR(K16=0,P16=0),0,K16) | O16: 2000 | P16: =J16-L16-N16-O16 -> 6000 | S16: NZ Stock | T16: TRIUMPH ACE 147A
A17: =F17 -> GM4-1003890 | B17: =IF(D17=0,"NO","YES") -> NO | C17: 45334 | E17: INV-18033 | F17: GM4-1003890 | G17: Not IBC Unit | H17: 2014 Honda Grace | I17: Strategic Partner - Kiwi Motors | J17: 13000 | K17: =IF(OR(D17=0,L17>0,P17=0,S17="NZ Stock",S17="Trade In",S17="OBO"),"",2800) | M17: =IF(OR(K17=0,P17=0),0,K17) | P17: =J17-L17-N17-O17 -> 13000 | S17: Trade in | T17: Trade in
A18: =F18 -> JZS161-0024303 | B18: =IF(D18=0,"NO","YES") -> NO | C18: 45338 | E18: INV-18058 | F18: JZS161-0024303 | G18: https://www.ibcauto.com/vehicle/checklist?crypt=%5E%D2%D0%E5%98%E1%D1%CC%9E%C6%71%A0%9D%94%69%9D%6A%99%E1%A1%AD%CA%AC%9F%CA%95%58%A6%DF%C5%AA%E3%D9%A9%68%91%DD%E2%AC%CA%AB%AB%6C%92%DE%D0%CE%9A%D7%A1%6F%69%87%B9%86%B9%BE%A7%DB%A7%C5%DE%D1%D1%A8%95%89%E0%A5 | H18: 2000 TOYOTA ARISTO | I18: Strategic Partner - Kiwi Motors | J18: 16000 | K18: =IF(OR(D18=0,L18>0,P18=0,S18="NZ Stock",S18="Trade In",S18="OBO"),"",2800) | M18: =IF(OR(K18=0,P18=0),0,K18) | P18: =J18-L18-N18-O18 -> 16000 | S18: NZ Stock | T18: Prestige Ace 177A
A19: =F19 -> NHP10-6314830 | B19: =IF(D19=0,"NO","YES") -> NO | C19: 45351 | E19: INV-18244 | F19: NHP10-6314830 | G19: Not IBC Unit | H19: 2014 TOYOTA AQUA | I19: Strategic Partner - Kiwi Motors | J19: 12668.68 | K19: =IF(OR(D19=0,L19>0,P19=0,S19="NZ Stock",S19="Trade In",S19="OBO"),"",2800) | M19: =IF(OR(K19=0,P19=0),0,K19) | P19: =J19-L19-N19-O19 -> 12668.68 | S19: Trade in | T19: Trade in
A20: =F20 -> RR5-1003610 | B20: =IF(D20=0,"NO","YES") -> NO | C20: 45387 | E20: INV-18984 | F20: RR5-1003610 | G20: https://www.ibcauto.com/vehicle/checklist?crypt=%5E%D2%D0%E5%98%E1%D1%CC%9E%C6%71%A0%98%91%6B%A0%6E%99%E1%A1%AD%CA%AC%9F%CA%95%58%A6%DF%C5%AA%E3%D9%A9%68%91%DD%E2%AC%CA%AB%AB%6C%92%DE%D0%CE%9A%D7%A1%6F%69%87%B9%86%B9%BE%A7%DB%A7%C5%DE%D1%D1%A8%95%89%E0%A5 | H20: 2007HONDAELYSION | I20: Strategic Partner - Kiwi Motors | J20: 5000 | K20: =IF(OR(D20=0,L20>0,P20=0,S20="NZ Stock",S20="Trade In",S20="OBO"),"",2800) | M20: =IF(OR(K20=0,P20=0),0,K20) | P20: =J20-L20-N20-O20 -> 5000 | S20: OBO | T20: GARDENIA ACE 103A
A21: =F21 -> WAUZZZF4XGA109448 | B21: =IF(D21=0,"NO","YES") -> NO | C21: 45420 | E21: INV-19583 | F21: WAUZZZF4XGA109448 | G21: https://www.ibcauto.com/vehicle/checklist?crypt=%5E%D2%D0%E5%98%E1%D1%CC%9E%C6%71%A3%98%92%6E%A2%6B%99%E1%A1%AD%CA%AC%9F%CA%95%58%A6%DF%C5%AA%E3%D9%A9%68%91%DD%E2%AC%CA%AB%AB%6C%92%DE%D0%CE%9A%D7%A1%6F%69%87%B9%86%B9%BE%A7%DB%A7%C5%DE%D1%D1%A8%95%89%E0%A5 | H21: 2016 AUDI A4 | I21: Strategic Partner - Kiwi Motors | J21: 14000 | K21: =IF(OR(D21=0,L21>0,P21=0,S21="NZ Stock",S21="Trade In",S21="OBO"),"",2800) | M21: =IF(OR(K21=0,P21=0),0,K21) -> 0 | N21: 6000 | O21: 8000 | P21: =J21-L21-N21-O21 -> 0 | S21: NZ Stock | T21: BELUGA ACE(KB) 51A
A22: =F22 -> E12-357848 | B22: =IF(D22=0,"NO","YES") -> NO | C22: 45420 | E22: INV-19585 | F22: E12-357848 | G22: https://www.ibcauto.com/vehicle/checklist?crypt=%5E%CF%DE%DE%A0%B6%DC%DB%93%CC%9F%D1%D6%87%9F%CF%AD%D8%D6%A1%9C%D1%D4s%9Fbej%A0%94 | H22: 2015 Nissan NOTE | I22: Strategic Partner - Kiwi Motors | J22: 7500 | K22: =IF(OR(D22=0,L22>0,P22=0,S22="NZ Stock",S22="Trade In",S22="OBO"),"",2800) | M22: =IF(OR(K22=0,P22=0),0,K22) | P22: =J22-L22-N22-O22 -> 7500 | S22: NZ Stock | T22: Progress Ace 154A
A23: =F23 -> RU3-1027070 | B23: =IF(D23=0,"NO","YES") -> NO | C23: 45420 | E23: INV-19589 | F23: RU3-1027070 | G23: https://www.ibcauto.com/checklist?crypt=%5E%D2%D0%E5%98%E1%D1%CC%9E%C6q%A1%9D%97o%9Dj%99%E1%A1%AD%CA%AC%9F%CA%95X%A6%DF%C5%AA%E3%D9%A9h%91%DD%E2%AC%CA%AB%ABl%92%DE%D0%CE%9A%D7%A1oi%87%B9%86%B9%BE%A7%DB%A7%C5%DE%D1%D1%A8%95%89%E0%A5%CD%CA%97%E4%CF%D8t%97%97%DE%D2%EB%D7%9F%99%DF%A7%CA%A1%CE%9C%CF%A4%D3%D4%EB%AF%7D%C1%C2%EC%CB%E8%A0%DB%CF%E4%D4%C6%9E%E9%5C%97%A1%CF%DC%DE%DA%A1%E6%9A%D4%96%AB%9D%A1%D1%D0%E5v%91%5E%D8%D8%CE%A7%E6%B6%AC%99%EC%5C%A9%E6%A8%DA%B8%98%A2%9F%AA%ED%AB%86%E8%EA%CB | H23: 2014 Honda VEZEL HYBRID X | I23: Strategic Partner - Kiwi Motors | J23: 15000 | K23: =IF(OR(D23=0,L23>0,P23=0,S23="NZ Stock",S23="Trade In",S23="OBO"),"",2800) | M23: =IF(OR(K23=0,P23=0),0,K23) | P23: =J23-L23-N23-O23 -> 15000 | S23: NZ Stock | T23: Andromeda Spirit 156A
A24: =F24 -> WVWZZZAUZFP600957 | B24: =IF(D24=0,"NO","YES") -> NO | C24: 45420 | E24: INV-19591 | F24: WVWZZZAUZFP600957 | G24: https://www.ibcauto.com/vehicle/checklist?crypt=%5E%D2%D0%E5%98%E1%D1%CC%9E%C6%71%A3%98%99%6D%A3%68%99%E1%A1%AD%CA%AC%9F%CA%95%58%A6%DF%C5%AA%E3%D9%A9%68%91%DD%E2%AC%CA%AB%AB%6C%92%DE%D0%CE%9A%D7%A1%6F%69%87%B9%86%B9%BE%A7%DB%A7%C5%DE%D1%D1%A8%95%89%E0%A5 | H24: 2015 Volkswagen Golf | I24: Strategic Partner - Kiwi Motors | J24: 8000 | K24: =IF(OR(D24=0,L24>0,P24=0,S24="NZ Stock",S24="Trade In",S24="OBO"),"",2800) | M24: =IF(OR(K24=0,P24=0),0,K24) | P24: =J24-L24-N24-O24 -> 8000 | S24: NZ Stock | T24: BELUGA ACE(KZ) 51A
A25: =F25 -> WVWZZZAUZFP575910 | B25: =IF(D25=0,"NO","YES") -> NO | C25: 45420 | E25: INV-19593 | F25: WVWZZZAUZFP575910 | G25: https://www.ibcauto.com/checklist?crypt=%5E%D2%D0%E5%98%E1%D1%CC%9E%C6q%A2%9A%96k%A2i%99%E1%A1%AD%CA%AC%9F%CA%95X%A6%DF%C5%AA%E3%D9%A9h%91%DD%E2%AC%CA%AB%ABl%92%DE%D0%CE%9A%D7%A1oi%87%B9%86%B9%BE%A7%DB%A7%C5%DE%D1%D1%A8%95%89%E0%A5%CD%CA%97%E4%CF%D8t%97%97%DE%D2%EB%D7%9F%99%DF%A7%CA%A1%CE%9C%CF%A4%D3%D4%EB%AF%7D%C1%C2%EC%CB%E8%A0%DB%CF%E4%D4%C6%9E%E9%5C%97%A1%CF%DC%DE%DA%A1%E6%9A%D4%96%AB%9D%A1%D1%D0%E5v%91%5E%D8%D8%CE%A7%E6%B6%AC%99%EC%5C%A9%E6%A8%DA%B8%98%A2%9F%AA%ED%AB%86%E8%EA%CB | H25: 2015 Volkswagen GOLF | I25: Strategic Partner - Kiwi Motors | J25: 8000 | K25: =IF(OR(D25=0,L25>0,P25=0,S25="NZ Stock",S25="Trade In",S25="OBO"),"",2800) | M25: =IF(OR(K25=0,P25=0),0,K25) | P25: =J25-L25-N25-O25 -> 8000 | S25: NZ Stock | T25: Walrus Ace 39A
A26: =F26 -> P15-010118 | B26: =IF(D26=0,"NO","YES") -> NO | C26: 45420 | E26: INV-19597 | F26: P15-010118 | G26: https://www.ibcauto.com/vehicle/checklist?crypt=%5E%D2%D0%E5%98%E1%D1%CC%9E%C6%71%A1%97%92%69%9E%69%99%E1%A1%AD%CA%AC%9F%CA%95%58%A6%DF%C5%AA%E3%D9%A9%68%91%DD%E2%AC%CA%AB%AB%6C%92%DE%D0%CE%9A%D7%A1%6F%69%87%B9%86%B9%BE%A7%DB%A7%C5%DE%D1%D1%A8%95%89%E0%A5 | H26: 2020 NISSAN KIX | I26: Strategic Partner - Kiwi Motors | J26: 23000 | K26: =IF(OR(D26=0,L26>0,P26=0,S26="NZ Stock",S26="Trade In",S26="OBO"),"",2800) | M26: =IF(OR(K26=0,P26=0),0,K26) | P26: =J26-L26-N26-O26 -> 23000 | S26: NZ Stock | T26: Elegant Ace(KZ) 75A
A27: =F27 -> ZRT272-0003941 | B27: =IF(D27=0,"NO","YES") -> NO | C27: 45420 | E27: INV-19599 | F27: ZRT272-0003941 | G27: https://www.ibcauto.com/vehicle/checklist?crypt=%5E%D2%D0%E5%98%E1%D1%CC%9E%C6%71%A3%98%96%67%9B%69%99%E1%A1%AD%CA%AC%9F%CA%95%58%A6%DF%C5%AA%E3%D9%A9%68%91%DD%E2%AC%CA%AB%AB%6C%92%DE%D0%CE%9A%D7%A1%6F%69%87%B9%86%B9%BE%A7%DB%A7%C5%DE%D1%D1%A8%95%89%E0%A5 | H27: 2013 Toyota Avensis Wagon | I27: Strategic Partner - Kiwi Motors | J27: 9000 | K27: =IF(OR(D27=0,L27>0,P27=0,S27="NZ Stock",S27="Trade In",S27="OBO"),"",2800) | M27: =IF(OR(K27=0,P27=0),0,K27) | P27: =J27-L27-N27-O27 -> 9000 | S27: NZ Stock | T27: Venus Spirit(KB) 75A
A28: =F28 -> ZC72S-363646 | B28: =IF(D28=0,"NO","YES") -> NO | C28: 45420 | E28: INV-19601 | F28: ZC72S-363646 | G28: https://www.ibcauto.com/vehicle/checklist?crypt=%5E%D2%D0%E5%98%E1%D1%CC%9E%C6%71%A3%98%99%6D%A4%68%99%E1%A1%AD%CA%AC%9F%CA%95%58%A6%DF%C5%AA%E3%D9%A9%68%91%DD%E2%AC%CA%AB%AB%6C%92%DE%D0%CE%9A%D7%A1%6F%69%87%B9%86%B9%BE%A7%DB%A7%C5%DE%D1%D1%A8%95%89%E0%A5 | H28: 2015SUZUKISWIFT | I28: Strategic Partner - Kiwi Motors | J28: 10000 | K28: =IF(OR(D28=0,L28>0,P28=0,S28="NZ Stock",S28="Trade In",S28="OBO"),"",2800) | M28: =IF(OR(K28=0,P28=0),0,K28) | P28: =J28-L28-N28-O28 -> 10000 | S28: NZ Stock | T28: Josephine Maersk(YK CTN) 408S
A29: =F29 -> KEEFW-105698 | B29: =IF(D29=0,"NO","YES") -> NO | C29: 45420 | E29: INV-19603 | F29: KEEFW-105698 | G29: https://www.ibcauto.com/vehicle/checklist?crypt=%5E%CF%DE%DE%A0%B6%DC%DB%93%CC%9F%D1%D6%87%9F%CF%AD%D8%D6%A1%9C%D1%D4s%9Edbl%A2%97 | H29: 2012 Mazda CX-5 20C | I29: Strategic Partner - Kiwi Motors | J29: 14000 | K29: =IF(OR(D29=0,L29>0,P29=0,S29="NZ Stock",S29="Trade In",S29="OBO"),"",2800) | M29: =IF(OR(K29=0,P29=0),0,K29) | P29: =J29-L29-N29-O29 -> 14000 | S29: NZ Stock | T29: Bravery Ace 153A
A30: =F30 -> WBA3X12000D372553 | B30: =IF(D30=0,"NO","YES") -> NO | C30: 45419 | E30: INV-19569 | F30: WBA3X12000D372553 | G30: https://www.ibcauto.com/vehicle/checklist?crypt=%5E%D2%D0%E5%98%E1%D1%CC%9E%C6%71%A3%98%97%66%9F%6B%99%E1%A1%AD%CA%AC%9F%CA%95%58%A6%DF%C5%AA%E3%D9%A9%68%91%DD%E2%AC%CA%AB%AB%6C%92%DE%D0%CE%9A%D7%A1%6F%69%87%B9%86%B9%BE%A7%DB%A7%C5%DE%D1%D1%A8%95%89%E0%A5 | H30: 2013BMW320i | I30: Strategic Partner - Kiwi Motors | J30: 11000 | K30: =IF(OR(D30=0,L30>0,P30=0,S30="NZ Stock",S30="Trade In",S30="OBO"),"",2800) | M30: =IF(OR(K30=0,P30=0),0,K30) | P30: =J30-L30-N30-O30 -> 11000 | S30: NZ Stock | T30: Beluga Ace 51A
A31: =F31 -> WBA3X12010DZ68478 | B31: =IF(D31=0,"NO","YES") -> NO | C31: 45419 | E31: INV-19571 | F31: WBA3X12010DZ68478 | G31: https://www.ibcauto.com/vehicle/checklist?crypt=%5E%D2%D0%E5%98%E1%D1%CC%9E%C6%71%A3%97%9A%6F%9F%70%99%E1%A1%AD%CA%AC%9F%CA%95%58%A6%DF%C5%AA%E3%D9%A9%68%91%DD%E2%AC%CA%AB%AB%6C%92%DE%D0%CE%9A%D7%A1%6F%69%87%B9%86%B9%BE%A7%DB%A7%C5%DE%D1%D1%A8%95%89%E0%A5 | H31: 2013BMW320I | I31: Strategic Partner - Kiwi Motors | J31: 11000 | K31: =IF(OR(D31=0,L31>0,P31=0,S31="NZ Stock",S31="Trade In",S31="OBO"),"",2800) | M31: =IF(OR(K31=0,P31=0),0,K31) | P31: =J31-L31-N31-O31 -> 11000 | S31: NZ Stock | T31: Beluga Ace 51A
A32: =F32 -> NHP10-6333138 | B32: =IF(D32=0,"NO","YES") -> NO | C32: 45419 | E32: INV-19573 | F32: NHP10-6333138 | G32: https://www.ibcauto.com/checklist?crypt=%5E%CF%DE%DE%A0%B6%DC%DB%93%CC%9F%D1%D6%87%9F%CF%AD%D8%D6%A1%9C%D1%D4s%9Ekeg%9E%98 | H32: 2014 Toyota Aqua | I32: Strategic Partner - Kiwi Motors | J32: 9000 | K32: =IF(OR(D32=0,L32>0,P32=0,S32="NZ Stock",S32="Trade In",S32="OBO"),"",2800) | M32: =IF(OR(K32=0,P32=0),0,K32) | P32: =J32-L32-N32-O32 -> 9000 | S32: NZ Stock | T32: Venus Spirit 72A
A33: =F33 -> GP7-054214 | B33: =IF(D33=0,"NO","YES") -> NO | C33: 45419 | E33: INV-19575 | F33: GP7-054214 | G33: https://www.ibcauto.com/vehicle/checklist?crypt=%5E%D2%D0%E5%98%E1%D1%CC%9E%C6%71%A3%99%9A%67%A3%67%99%E1%A1%AD%CA%AC%9F%CA%95%58%A6%DF%C5%AA%E3%D9%A9%68%91%DD%E2%AC%CA%AB%AB%6C%92%DE%D0%CE%9A%D7%A1%6F%69%87%B9%86%B9%BE%A7%DB%A7%C5%DE%D1%D1%A8%95%89%E0%A5 | H33: 2013SUBARUIMPREZA XV | I33: Strategic Partner - Kiwi Motors | J33: 12000 | K33: =IF(OR(D33=0,L33>0,P33=0,S33="NZ Stock",S33="Trade In",S33="OBO"),"",2800) | M33: =IF(OR(K33=0,P33=0),0,K33) | P33: =J33-L33-N33-O33 -> 12000 | S33: NZ Stock | T33: Venus Spirit 75A
C34: 45419 | E34: INV-19577 | F34: NHP10-2125955 | G34: https://www.ibcauto.com/vehicle/checklist?crypt=%5E%CF%DE%DE%A0%B6%DC%DB%93%CC%9F%D1%D6%87%9F%CF%AD%D8%D6%A1%9C%D1%D4s%9Efcf%A2%94 | H34: 2012TOYOTAAQUA | I34: Strategic Partner - Kiwi Motors | J34: 6000 | K34: =IF(OR(D34=0,L34>0,P34=0,S34="NZ Stock",S34="Trade In",S34="OBO"),"",2800) | M34: =IF(OR(K34=0,P34=0),0,K34) -> 0 | N34: 6000 | P34: =J34-L34-N34-O34 -> 0 | S34: NZ Stock | T34: Bravery Ace 153A | U34: newly added
A35: =F35 -> GG2W-0100959 | B35: =IF(D35=0,"NO","YES") -> NO | C35: 45422 | E35: INV-19677 | F35: GG2W-0100959 | G35: Not IBC Unit | H35: 2014 MITSUBISHI OUTLANDER | I35: Strategic Partner - Kiwi Motors | J35: 13000 | K35: =IF(OR(D35=0,L35>0,P35=0,S35="NZ Stock",S35="Trade In",S35="OBO"),"",2800) | M35: =IF(OR(K35=0,P35=0),0,K35) | P35: =J35-L35-N35-O35 -> 13000 | S35: Trade in | T35: Trade in
A36: =F36 -> HE12-014216 | B36: =IF(D36=0,"NO","YES") -> NO | C36: 45287 | E36: INV-17658 | F36: HE12-014216 | G36: https://www.ibcauto.com/vehicle/checklist?crypt=%5E%D2%D0%E5%98%E1%D1%CC%9E%C6%71%A3%94%95%6A%A0%67%99%E1%A1%AD%CA%AC%9F%CA%95%58%A6%DF%C5%AA%E3%D9%A9%68%91%DD%E2%AC%CA%AB%AB%6C%92%DE%D0%CE%9A%D7%A1%6F%69%87%B9%86%B9%BE%A7%DB%A7%C5%DE%D1%D1%A8%95%89%E0%A5 | H36: 2016 NISSAN NOTE | I36: Strategic Partner - Kiwi Motors | J36: 10898.9 | K36: =IF(OR(D36=0,L36>0,P36=0,S36="NZ Stock",S36="Trade In",S36="OBO"),"",2737.47) | L36: 2258.16 | M36: =IF(OR(K36=0,P36=0),0,K36) -> 0 | N36: 8640.74 | P36: =J36-L36-N36-O36 -> 0 | S36: New Deals | T36: Pegasus Ace(KB) 318A | U36: 45277 | V36: 45303 | X36: *MR2A released 8/8/2024
A37: =F37 -> VY12-260103 | B37: =IF(D37=0,"NO","YES") -> NO | C37: 45314 | E37: INV-17849 | F37: VY12-260103 | G37: https://www.ibcauto.com/vehicle/checklist?crypt=%5E%D2%D0%E5%98%E1%D1%CC%9E%C6%71%A3%96%98%67%A2%6E%99%E1%A1%AD%CA%AC%9F%CA%95%58%A6%DF%C5%AA%E3%D9%A9%68%91%DD%E2%AC%CA%AB%AB%6C%92%DE%D0%CE%9A%D7%A1%6F%69%87%B9%86%B9%BE%A7%DB%A7%C5%DE%D1%D1%A8%95%89%E0%A5 | H37: 2018 NISSAN AD | I37: Strategic Partner - Kiwi Motors | J37: 6240 | K37: =IF(OR(D37=0,L37>0,P37=0,S37="NZ Stock",S37="Trade In",S37="OBO"),"",2124.78) | L37: 2124.78 | M37: =IF(OR(K37=0,P37=0),0,K37) | P37: =J37-L37-N37-O37 -> 4115.22 | S37: New Deals | T37: Venus Spirit(YKK) 74A | U37: 45311 | V37: 45337
A38: =F38 -> ZC6-005107 | B38: =IF(D38=0,"NO","YES") -> NO | C38: 45244 | E38: INV-17105 | F38: ZC6-005107 | G38: https://www.ibcauto.com/vehicle/checklist?crypt=%5E%D2%D0%E5%98%E1%D1%CC%9E%C6%71%A2%94%92%6F%A0%70%99%E1%A1%AD%CA%AC%9F%CA%95%58%A6%DF%C5%AA%E3%D9%A9%68%91%DD%E2%AC%CA%AB%AB%6C%92%DE%D0%CE%9A%D7%A1%6F%69%87%B9%86%B9%BE%A7%DB%A7%C5%DE%D1%D1%A8%95%89%E0%A5 | H38: 2012 SUBARU BRZ | I38: Strategic Partner - Kiwi Motors | J38: 10971.35 | K38: =IF(OR(D38=0,L38>0,P38=0,S38="NZ Stock",S38="Trade In",S38="OBO"),"",2741) | L38: 2741 | M38: =IF(OR(K38=0,P38=0),0,K38) | P38: =J38-L38-N38-O38 -> 8230.35 | S38: New Deals | T38: Pegasus Ace(KB) 317A | U38: 45239 | V38: 45266
A39: =F39 -> GP7-048937 | B39: =IF(D39=0,"NO","YES") -> NO | C39: 45414 | E39: INV-19488 | F39: GP7-048937 | G39: https://www.ibcauto.com/vehicle/checklist?crypt=%5E%D2%D0%E5%98%E1%D1%CC%9E%C6%71%A3%9C%97%6F%9D%69%99%E1%A1%AD%CA%AC%9F%CA%95%58%A6%DF%C5%AA%E3%D9%A9%68%91%DD%E2%AC%CA%AB%AB%6C%92%DE%D0%CE%9A%D7%A1%6F%69%87%B9%86%B9%BE%A7%DB%A7%C5%DE%D1%D1%A8%95%89%E0%A5 | H39: 2013 SUBARU IMPREZA XV | I39: Strategic Partner - Kiwi Motors | J39: 12895 | K39: =IF(OR(D39=0,L39>0,P39=0,S39="NZ Stock",S39="Trade In",S39="OBO"),"",3018.91) | L39: 3018.91 | M39: =IF(OR(K39=0,P39=0),0,K39) | P39: =J39-L39-N39-O39 -> 9876.09 | S39: New Deals | T39: Luna Spirit(KB) 161A | U39: 45408 | V39: 45429
A40: =F40 -> HE12-226817 | B40: =IF(D40=0,"NO","YES") -> NO | C40: 45414 | E40: INV-19499 | F40: HE12-226817 | G40: https://www.ibcauto.com/vehicle/checklist?crypt=%5E%D2%D0%E5%98%E1%D1%CC%9E%C6%71%A3%9C%92%6E%9B%6F%99%E1%A1%AD%CA%AC%9F%CA%95%58%A6%DF%C5%AA%E3%D9%A9%68%91%DD%E2%AC%CA%AB%AB%6C%92%DE%D0%CE%9A%D7%A1%6F%69%87%B9%86%B9%BE%A7%DB%A7%C5%DE%D1%D1%A8%95%89%E0%A5 | H40: 2019 NISSAN NOTE | I40: Strategic Partner - Kiwi Motors | J40: 11055 | K40: =IF(OR(D40=0,L40>0,P40=0,S40="NZ Stock",S40="Trade In",S40="OBO"),"",2778.91) | L40: 2778.91 | M40: =IF(OR(K40=0,P40=0),0,K40) | P40: =J40-L40-N40-O40 -> 8276.09 | S40: New Deals | T40: Luna Spirit(KB) 161A | U40: 45408 | V40: 45429
A41: =F41 -> BMEFS-105082 | B41: =IF(D41=0,"NO","YES") -> NO | C41: 45414 | E41: INV-19486 | F41: BMEFS-105082 | G41: https://www.ibcauto.com/vehicle/checklist?crypt=%5E%D2%D0%E5%98%E1%D1%CC%9E%C6%71%A3%9B%9A%6D%A1%6B%99%E1%A1%AD%CA%AC%9F%CA%95%58%A6%DF%C5%AA%E3%D9%A9%68%91%DD%E2%AC%CA%AB%AB%6C%92%DE%D0%CE%9A%D7%A1%6F%69%87%B9%86%B9%BE%A7%DB%A7%C5%DE%D1%D1%A8%95%89%E0%A5 | H41: 2014 MAZDA AXELA SPORT | I41: Strategic Partner - Kiwi Motors | J41: 12635 | K41: =IF(OR(D41=0,L41>0,P41=0,S41="NZ Stock",S41="Trade In",S41="OBO"),"",2985) | L41: 2985 | M41: =IF(OR(K41=0,P41=0),0,K41) | P41: =J41-L41-N41-O41 -> 9650 | S41: New Deals | T41: Luna Spirit(KB) 161A | U41: 45408 | V41: 45429
A42: =F42 -> NHP10-6274022 | B42: =IF(D42=0,"NO","YES") -> NO | C42: 45414 | E42: INV-19505 | F42: NHP10-6274022 | G42: https://www.ibcauto.com/vehicle/checklist?crypt=%5E%D2%D0%E5%98%E1%D1%CC%9E%C6%71%A3%99%9A%6E%9C%67%99%E1%A1%AD%CA%AC%9F%CA%95%58%A6%DF%C5%AA%E3%D9%A9%68%91%DD%E2%AC%CA%AB%AB%6C%92%DE%D0%CE%9A%D7%A1%6F%69%87%B9%86%B9%BE%A7%DB%A7%C5%DE%D1%D1%A8%95%89%E0%A5 | H42: 2014 TOYOTA AQUA | I42: Strategic Partner - Kiwi Motors | J42: 9225.25 | K42: =IF(OR(D42=0,L42>0,P42=0,S42="NZ Stock",S42="Trade In",S42="OBO"),"",2540.22) | L42: 2540.22 | M42: =IF(OR(K42=0,P42=0),0,K42) | P42: =J42-L42-N42-O42 -> 6685.03 | S42: New Deals | T42: Luna Spirit(KB) 161A | U42: 45408 | V42: 45429
A43: =F43 -> GP7-013847 | B43: =IF(D43=0,"NO","YES") -> NO | C43: 45414 | E43: INV-19497 | F43: GP7-013847 | G43: https://www.ibcauto.com/vehicle/checklist?crypt=%5E%D2%D0%E5%98%E1%D1%CC%9E%C6%71%A3%99%93%6E%9C%67%99%E1%A1%AD%CA%AC%9F%CA%95%58%A6%DF%C5%AA%E3%D9%A9%68%91%DD%E2%AC%CA%AB%AB%6C%92%DE%D0%CE%9A%D7%A1%6F%69%87%B9%86%B9%BE%A7%DB%A7%C5%DE%D1%D1%A8%95%89%E0%A5 | H43: 2012 SUBARU IMPREZA SPORT | I43: Strategic Partner - Kiwi Motors | J43: 7125.35 | K43: =IF(OR(D43=0,L43>0,P43=0,S43="NZ Stock",S43="Trade In",S43="OBO"),"",2266.3) | L43: 2266.3 | M43: =IF(OR(K43=0,P43=0),0,K43) | P43: =J43-L43-N43-O43 -> 4859.05 | S43: New Deals | T43: Luna Spirit(KB) 161A | U43: 45408 | V43: 45429
A44: =F44 -> BYEFP-101212 | B44: =IF(D44=0,"NO","YES") -> NO | C44: 45414 | E44: INV-19496 | F44: BYEFP-101212 | G44: https://www.ibcauto.com/vehicle/checklist?crypt=%5E%D2%D0%E5%98%E1%D1%CC%9E%C6%71%A3%96%99%6A%A0%70%99%E1%A1%AD%CA%AC%9F%CA%95%58%A6%DF%C5%AA%E3%D9%A9%68%91%DD%E2%AC%CA%AB%AB%6C%92%DE%D0%CE%9A%D7%A1%6F%69%87%B9%86%B9%BE%A7%DB%A7%C5%DE%D1%D1%A8%95%89%E0%A5 | H44: 2013 MAZDA AXELA | I44: Strategic Partner - Kiwi Motors | J44: 13945 | K44: =IF(OR(D44=0,L44>0,P44=0,S44="NZ Stock",S44="Trade In",S44="OBO"),"",3155.87) | L44: 3155.87 | M44: =IF(OR(K44=0,P44=0),0,K44) | P44: =J44-L44-N44-O44 -> 10789.13 | S44: New Deals | T44: Luna Spirit(KB) 161A | U44: 45408 | V44: 45429
A45: =F45 -> WF0RXXGCDRBY27611 | B45: =IF(D45=0,"NO","YES") -> NO | C45: 45414 | E45: INV-19500 | F45: WF0RXXGCDRBY27611 | G45: https://www.ibcauto.com/vehicle/checklist?crypt=%5E%D2%D0%E5%98%E1%D1%CC%9E%C6%71%A3%9C%97%6A%A0%6A%99%E1%A1%AD%CA%AC%9F%CA%95%58%A6%DF%C5%AA%E3%D9%A9%68%91%DD%E2%AC%CA%AB%AB%6C%92%DE%D0%CE%9A%D7%A1%6F%69%87%B9%86%B9%BE%A7%DB%A7%C5%DE%D1%D1%A8%95%89%E0%A5 | H45: 2012 FORD KUGA | I45: Strategic Partner - Kiwi Motors | J45: 8305.25 | K45: =IF(OR(D45=0,L45>0,P45=0,S45="NZ Stock",S45="Trade In",S45="OBO"),"",2420.22) | L45: 2420.22 | M45: =IF(OR(K45=0,P45=0),0,K45) | P45: =J45-L45-N45-O45 -> 5885.03 | S45: New Deals | T45: Luna Spirit(KZ) 161A | U45: 45411 | V45: 45429
A46: =F46 -> GJ6-006860 | B46: =IF(D46=0,"NO","YES") -> NO | C46: 45414 | E46: INV-19498 | F46: GJ6-006860 | G46: https://www.ibcauto.com/vehicle/checklist?crypt=%5E%D2%D0%E5%98%E1%D1%CC%9E%C6%71%A3%9B%96%69%9E%6F%99%E1%A1%AD%CA%AC%9F%CA%95%58%A6%DF%C5%AA%E3%D9%A9%68%91%DD%E2%AC%CA%AB%AB%6C%92%DE%D0%CE%9A%D7%A1%6F%69%87%B9%86%B9%BE%A7%DB%A7%C5%DE%D1%D1%A8%95%89%E0%A5 | H46: 2016 SUBARU IMPREZA G4 | I46: Strategic Partner - Kiwi Motors | J46: 9095.3 | K46: =IF(OR(D46=0,L46>0,P46=0,S46="NZ Stock",S46="Trade In",S46="OBO"),"",2523.26) | L46: 2523.26 | M46: =IF(OR(K46=0,P46=0),0,K46) | P46: =J46-L46-N46-O46 -> 6572.04 | S46: New Deals | T46: Luna Spirit(KZ) 161A | U46: 45411 | V46: 45429
A47: =F47 -> WAUZZZ8K2EA134093 | B47: =IF(D47=0,"NO","YES") -> NO | C47: 45436 | E47: INV-19728 | F47: WAUZZZ8K2EA134093 | G47: https://www.ibcauto.com/vehicle/checklist?crypt=%5E%D2%D0%E5%98%E1%D1%CC%9E%C6%71%A3%99%93%67%A2%67%99%E1%A1%AD%CA%AC%9F%CA%95%58%A6%DF%C5%AA%E3%D9%A9%68%91%DD%E2%AC%CA%AB%AB%6C%92%DE%D0%CE%9A%D7%A1%6F%69%87%B9%86%B9%BE%A7%DB%A7%C5%DE%D1%D1%A8%95%89%E0%A5 | H47: 2014 AUDI A4 | I47: Strategic Partner - Kiwi Motors | J47: 8435 | K47: =IF(OR(D47=0,L47>0,P47=0,S47="NZ Stock",S47="Trade In",S47="OBO"),"",2437.17) | L47: 2437.17 | M47: =IF(OR(K47=0,P47=0),0,K47) | P47: =J47-L47-N47-O47 -> 5997.83 | S47: New Deals | T47: ISTRA ACE(KZ) or Sub | U47: 45427 | V47: 45455
A48: =F48 -> 0 | B48: =IF(D48=0,"NO","YES") -> NO | E48: CN-19658 | I48: Strategic Partner - Kiwi Motors | J48: -138 | K48: =IF(OR(D48=0,L48>0,P48=0,S48="NZ Stock",S48="Trade In",S48="OBO"),"",2800) | M48: =IF(OR(K48=0,P48=0),0,K48) | P48: =J48-L48-N48-O48 -> -138 | T48: excess after allocation | W48: with price adgustment due to charges
A49: =F49 -> E11-739088 | B49: =IF(D49=0,"NO","YES") -> NO | C49: 45456 | E49: INV-20032 | F49: E11-739088 | G49: Not IBC Unit | H49: 2012 NISSAN NOTE | I49: Strategic Partner - Kiwi Motors | J49: 5000 | K49: =IF(OR(D49=0,L49>0,P49=0,S49="NZ Stock",S49="Trade In",S49="OBO"),"",2800) | M49: =IF(OR(K49=0,P49=0),0,K49) | P49: =J49-L49-N49-O49 -> 5000 | S49: Trade in | T49: Trade in
A50: =F50 -> TSMEXB32S00801682 | B50: =IF(D50=0,"NO","YES") -> NO | C50: 45463 | E50: INV-20062 | F50: TSMEXB32S00801682 | G50: https://www.ibcauto.com/vehicle/checklist?crypt=%5E%D2%D0%E5%98%E1%D1%CC%9E%C6%71%A3%99%98%6C%A4%68%99%E1%A1%AD%CA%AC%9F%CA%95%58%A6%DF%C5%AA%E3%D9%A9%68%91%DD%E2%AC%CA%AB%AB%6C%92%DE%D0%CE%9A%D7%A1%6F%69%87%B9%86%B9%BE%A7%DB%A7%C5%DE%D1%D1%A8%95%89%E0%A5 | H50: 2014SUZUKISPLASH | I50: Strategic Partner - Kiwi Motors | J50: 6000 | K50: =IF(OR(D50=0,L50>0,P50=0,S50="NZ Stock",S50="Trade In",S50="OBO"),"",2800) | M50: =IF(OR(K50=0,P50=0),0,K50) | P50: =J50-L50-N50-O50 -> 6000 | S50: NZ Stock | T50: Venus Spirit 75A
A51: =F51 -> GE6-1132558 | B51: =IF(D51=0,"NO","YES") -> NO | C51: 45464 | E51: INV-20073 | F51: GE6-1132558 | G51: Not IBC Unit | H51: 2008 HONDA FIT | I51: Strategic Partner - Kiwi Motors | J51: 6000 | K51: =IF(OR(D51=0,L51>0,P51=0,S51="NZ Stock",S51="Trade In",S51="OBO"),"",2800) | M51: =IF(OR(K51=0,P51=0),0,K51) | P51: =J51-L51-N51-O51 -> 6000 | S51: Trade In | T51: Trade in
A52: =F52 -> KE2FW-121396 | B52: =IF(D52=0,"NO","YES") -> NO | C52: 45477 | E52: INV-20401 | F52: KE2FW-121396 | G52: https://www.ibcauto.com/vehicle/checklist?crypt=%5E%CF%DE%DE%A0%B6%DC%DB%93%CC%9F%D1%D6%87%9F%CF%AD%D8%D6%A1%9C%D1%D4s%9Ckdi%9F%95 | H52: 2013 Mazda CX-5 | I52: Strategic Partner - Kiwi Motors | J52: 9000 | K52: =IF(OR(D52=0,L52>0,P52=0,S52="NZ Stock",S52="Trade In",S52="OBO"),"",2800) | M52: =IF(OR(K52=0,P52=0),0,K52) | P52: =J52-L52-N52-O52 -> 9000 | S52: OBO | T52: Crystal Ace 80A
A53: =F53 -> WDD2452322J304638 | B53: =IF(D53=0,"NO","YES") -> NO | C53: 45477 | E53: INV-20403 | F53: WDD2452322J304638 | G53: https://www.ibcauto.com/vehicle/checklist?crypt=%5E%D2%D0%E5%98%E1%D1%CC%9E%C6%71%9F%94%93%6B%9E%67%99%E1%A1%AD%CA%AC%9F%CA%95%58%A6%DF%C5%AA%E3%D9%A9%68%91%DD%E2%AC%CA%AB%AB%6C%92%DE%D0%CE%9A%D7%A1%6F%69%87%B9%86%B9%BE%A7%DB%A7%C5%DE%D1%D1%A8%95%89%E0%A5%CD%CA%97%E4%CF%D8%74%97%97%DE%D2%EB%D7%9F%99%DF%A7%CA%A1%CE%9C%CF%A4%D3%D4%EB%AF%7D%C1%C2%EC%CB%E8%A0%DB%CF%E4%D4%C6%9E%E9%5C%97%A1%CF%DC%DE%DA%A1%E6%9A%D4%96%AB%9D%A1%D1%D0%E5%76%91%5E%D8%D8%CE%A7%E6%B6%AC%99%EC%5C%A9%E6%A8%DA%B8%98%A2%9F%AA%ED%AB%86%E8%EA%CB | H53: 2008 MERCEDES-BENZ B170 | I53: Strategic Partner - Kiwi Motors | J53: 5000 | K53: =IF(OR(D53=0,L53>0,P53=0,S53="NZ Stock",S53="Trade In",S53="OBO"),"",2800) | M53: =IF(OR(K53=0,P53=0),0,K53) | P53: =J53-L53-N53-O53 -> 5000 | S53: OBO | T53: Noble Ace 75A
A54: =F54 -> NCP120-2048986 | B54: =IF(D54=0,"NO","YES") -> NO | C54: 45477 | E54: INV-20407 | F54: NCP120-2048986 | G54: https://www.ibcauto.com/vehicle/checklist?crypt=%5E%CF%DE%DE%A0%B6%DC%DB%93%CC%9F%D1%D6%87%9F%CF%AD%D8%D6%A1%9C%D1%D4s%9Ddcd%9F%94 | H54: 2013 Toyota RACTIS S | I54: Strategic Partner - Kiwi Motors | J54: 8000 | K54: =IF(OR(D54=0,L54>0,P54=0,S54="NZ Stock",S54="Trade In",S54="OBO"),"",2800) | M54: =IF(OR(K54=0,P54=0),0,K54) | P54: =J54-L54-N54-O54 -> 8000 | S54: NZ Stock | T54: Garnet Ace 99A
A55: =F55 -> GJ2FW-200218 | B55: =IF(D55=0,"NO","YES") -> NO | C55: 45477 | E55: INV-19605 | F55: GJ2FW-200218 | G55: https://www.ibcauto.com/vehicle/checklist?crypt=%5E%D2%D0%E5%98%E1%D1%CC%9E%C6%71%A0%9D%91%6B%A4%68%99%E1%A1%AD%CA%AC%9F%CA%95%58%A6%DF%C5%AA%E3%D9%A9%68%91%DD%E2%AC%CA%AB%AB%6C%92%DE%D0%CE%9A%D7%A1%6F%69%87%B9%86%B9%BE%A7%DB%A7%C5%DE%D1%D1%A8%95%89%E0%A5%CD%CA%97%E4%CF%D8%74%97%97%DE%D2%EB%D7%9F%99%DF%A7%CA%A1%CE%9C%CF%A4%D3%D4%EB%AF%7D%C1%C2%EC%CB%E8%A0%DB%CF%E4%D4%C6%9E%E9%5C%97%A1%CF%DC%DE%DA%A1%E6%9A%D4%96%AB%9D%A1%D1%D0%E5%76%91%5E%D8%D8%CE%A7%E6%B6%AC%99%EC%5C%A9%E6%A8%DA%B8%98%A2%9F%AA%ED%AB%86%E8%EA%CB | H55: 2014 MAZDA ATENZA | I55: Strategic Partner - Kiwi Motors | J55: 9000 | K55: =IF(OR(D55=0,L55>0,P55=0,S55="NZ Stock",S55="Trade In",S55="OBO"),"",2800) | M55: =IF(OR(K55=0,P55=0),0,K55) | P55: =J55-L55-N55-O55 -> 9000 | S55: Trade in | T55: Trade in
A56: =F56 -> KEEFW-104947 | B56: =IF(D56=0,"NO","YES") -> NO | C56: 45477 | E56: INV-20409 | F56: KEEFW-104947 | G56: https://www.ibcauto.com/vehicle/checklist?crypt=%5E%CF%DE%DE%A0%B6%DC%DB%93%CC%9F%D1%D6%87%9F%CF%AD%D8%D6%A1%9C%D1%D4s%9Eiek%A1%9D | H56: 2012 Mazda CX-5 20S | I56: Strategic Partner - Kiwi Motors | J56: 13000 | K56: =IF(OR(D56=0,L56>0,P56=0,S56="NZ Stock",S56="Trade In",S56="OBO"),"",2800) | M56: =IF(OR(K56=0,P56=0),0,K56) | P56: =J56-L56-N56-O56 -> 13000 | S56: NZ Stock | T56: Meridian Ace 197A
A57: =F57 -> TE52-036190 | B57: =IF(D57=0,"NO","YES") -> NO | C57: 45484 | E57: INV-20471 | F57: TE52-036190 | G57: https://www.ibcauto.com/vehicle/checklist?crypt=%5E%D2%D0%E5%98%E1%D1%CC%9E%C6%71%A3%9C%92%6E%9B%68%99%E1%A1%AD%CA%AC%9F%CA%95%58%A6%DF%C5%AA%E3%D9%A9%68%91%DD%E2%AC%CA%AB%AB%6C%92%DE%D0%CE%9A%D7%A1%6F%69%87%B9%86%B9%BE%A7%DB%A7%C5%DE%D1%D1%A8%95%89%E0%A5 | H57: 2012 NISSAN ELGRAND | I57: Strategic Partner - Kiwi Motors | J57: 11000 | K57: =IF(OR(D57=0,L57>0,P57=0,S57="NZ Stock",S57="Trade In",S57="OBO"),"",2800) | M57: =IF(OR(K57=0,P57=0),0,K57) | P57: =J57-L57-N57-O57 -> 11000 | S57: NZ Stock | T57: Venus Spirit 76A
A58: =F58 -> WAUZZZ8U1ER145377 | B58: =IF(D58=0,"NO","YES") -> NO | C58: 45484 | E58: INV-20469 | F58: WAUZZZ8U1ER145377 | H58: 2015 Audi Q3 | I58: Strategic Partner - Kiwi Motors | J58: 11000 | K58: =IF(OR(D58=0,L58>0,P58=0,S58="NZ Stock",S58="Trade In",S58="OBO"),"",2800) | M58: =IF(OR(K58=0,P58=0),0,K58) | P58: =J58-L58-N58-O58 -> 11000 | S58: NZ Stock | T58: Pegasus Ace 318A
A59: =F59 -> BLFFP-101304 | B59: =IF(D59=0,"NO","YES") -> NO | C59: 45484 | E59: INV-20467 | F59: BLFFP-101304 | G59: https://www.ibcauto.com/vehicle/checklist?crypt=%5E%D2%D0%E5%98%E1%D1%CC%9E%C6%71%A3%9D%92%6F%9C%69%99%E1%A1%AD%CA%AC%9F%CA%95%58%A6%DF%C5%AA%E3%D9%A9%68%91%DD%E2%AC%CA%AB%AB%6C%92%DE%D0%CE%9A%D7%A1%6F%69%87%B9%86%B9%BE%A7%DB%A7%C5%DE%D1%D1%A8%95%89%E0%A5 | H59: 2012 Mazda Axela | I59: Strategic Partner - Kiwi Motors | J59: 7000 | K59: =IF(OR(D59=0,L59>0,P59=0,S59="NZ Stock",S59="Trade In",S59="OBO"),"",2800) | M59: =IF(OR(K59=0,P59=0),0,K59) | P59: =J59-L59-N59-O59 -> 7000 | S59: NZ Stock | T59: Luna Spirit 161A
A60: =F60 -> QNC21-0113716 | B60: =IF(D60=0,"NO","YES") -> NO | C60: 45484 | E60: INV-20465 | F60: QNC21-0113716 | G60: https://www.ibcauto.com/vehicle/checklist?crypt=%5E%D2%D0%E5%98%E1%D1%CC%9E%C6%71%A3%9D%94%69%9B%6A%99%E1%A1%AD%CA%AC%9F%CA%95%58%A6%DF%C5%AA%E3%D9%A9%68%91%DD%E2%AC%CA%AB%AB%6C%92%DE%D0%CE%9A%D7%A1%6F%69%87%B9%86%B9%BE%A7%DB%A7%C5%DE%D1%D1%A8%95%89%E0%A5 | H60: 2016 TOYOTA BB | I60: Strategic Partner - Kiwi Motors | J60: 7000 | K60: =IF(OR(D60=0,L60>0,P60=0,S60="NZ Stock",S60="Trade In",S60="OBO"),"",2800) | M60: =IF(OR(K60=0,P60=0),0,K60) | P60: =J60-L60-N60-O60 -> 7000 | S60: NZ Stock | T60: Navios Miami 176S (CTN)
A61: =F61 -> DJ3FS-104128 | B61: =IF(D61=0,"NO","YES") -> NO | C61: 45484 | E61: INV-20463 | F61: DJ3FS-104128 | G61: https://www.ibcauto.com/vehicle/checklist?crypt=%5E%D2%D0%E5%98%E1%D1%CC%9E%C6%71%A2%9C%93%6C%9B%68%99%E1%A1%AD%CA%AC%9F%CA%95%58%A6%DF%C5%AA%E3%D9%A9%68%91%DD%E2%AC%CA%AB%AB%6C%92%DE%D0%CE%9A%D7%A1%6F%69%87%B9%86%B9%BE%A7%DB%A7%C5%DE%D1%D1%A8%95%89%E0%A5 | H61: 2014MAZDADEMIO | I61: Strategic Partner - Kiwi Motors | J61: 9000 | K61: =IF(OR(D61=0,L61>0,P61=0,S61="NZ Stock",S61="Trade In",S61="OBO"),"",2800) | M61: =IF(OR(K61=0,P61=0),0,K61) | P61: =J61-L61-N61-O61 -> 9000 | S61: NZ Stock | T61: Gabriela A (YK-CTN) 340S
A62: =F62 -> WMWSV32070T150109 | B62: =IF(D62=0,"NO","YES") -> NO | C62: 45484 | E62: INV-20459 | F62: WMWSV32070T150109 | G62: https://www.ibcauto.com/vehicle/checklist?crypt=%5E%D2%D0%E5%98%E1%D1%CC%9E%C6%71%A1%94%9A%69%9B%6F%99%E1%A1%AD%CA%AC%9F%CA%95%58%A6%DF%C5%AA%E3%D9%A9%68%91%DD%E2%AC%CA%AB%AB%6C%92%DE%D0%CE%9A%D7%A1%6F%69%87%B9%86%B9%BE%A7%DB%A7%C5%DE%D1%D1%A8%95%89%E0%A5 | H62: 2012BMWMINI | I62: Strategic Partner - Kiwi Motors | J62: 8000 | K62: =IF(OR(D62=0,L62>0,P62=0,S62="NZ Stock",S62="Trade In",S62="OBO"),"",2800) | M62: =IF(OR(K62=0,P62=0),0,K62) | P62: =J62-L62-N62-O62 -> 8000 | S62: OBO | T62: Palmela 187A
A63: =F63 -> ZE2-1143435 | B63: =IF(D63=0,"NO","YES") -> NO | C63: 45484 | E63: INV-20457 | F63: ZE2-1143435 | G63: https://www.ibcauto.com/vehicle/checklist?crypt=%5E%D2%D0%E5%98%E1%D1%CC%9E%C6%71%A3%99%99%68%9E%68%99%E1%A1%AD%CA%AC%9F%CA%95%58%A6%DF%C5%AA%E3%D9%A9%68%91%DD%E2%AC%CA%AB%AB%6C%92%DE%D0%CE%9A%D7%A1%6F%69%87%B9%86%B9%BE%A7%DB%A7%C5%DE%D1%D1%A8%95%89%E0%A5 | H63: 2009 HONDA INSIGHT | I63: Strategic Partner - Kiwi Motors | J63: 6000 | K63: =IF(OR(D63=0,L63>0,P63=0,S63="NZ Stock",S63="Trade In",S63="OBO"),"",2800) | M63: =IF(OR(K63=0,P63=0),0,K63) | P63: =J63-L63-N63-O63 -> 6000 | S63: NZ Stock | T63: Venus Spirit 75A
A64: =F64 -> NHP10-6178008 | B64: =IF(D64=0,"NO","YES") -> NO | C64: 45484 | E64: INV-20455 | F64: NHP10-6178008 | G64: https://www.ibcauto.com/vehicle/checklist?crypt=%5E%D2%D0%E5%98%E1%D1%CC%9E%C6%71%A3%9C%96%6A%A3%6A%99%E1%A1%AD%CA%AC%9F%CA%95%58%A6%DF%C5%AA%E3%D9%A9%68%91%DD%E2%AC%CA%AB%AB%6C%92%DE%D0%CE%9A%D7%A1%6F%69%87%B9%86%B9%BE%A7%DB%A7%C5%DE%D1%D1%A8%95%89%E0%A5 | H64: 2013TOYOTAAQUA | I64: Strategic Partner - Kiwi Motors | J64: 8000 | K64: =IF(OR(D64=0,L64>0,P64=0,S64="NZ Stock",S64="Trade In",S64="OBO"),"",2800) | M64: =IF(OR(K64=0,P64=0),0,K64) | P64: =J64-L64-N64-O64 -> 8000 | S64: NZ Stock | T64: Luna Spirit 161A
A65: =F65 -> GP5-3211045 | B65: =IF(D65=0,"NO","YES") -> NO | C65: 45484 | E65: INV-20453 | F65: GP5-3211045 | G65: https://www.ibcauto.com/vehicle/checklist?crypt=%5E%D2%D0%E5%98%E1%D1%CC%9E%C6%71%A3%9B%96%6B%A2%6F%99%E1%A1%AD%CA%AC%9F%CA%95%58%A6%DF%C5%AA%E3%D9%A9%68%91%DD%E2%AC%CA%AB%AB%6C%92%DE%D0%CE%9A%D7%A1%6F%69%87%B9%86%B9%BE%A7%DB%A7%C5%DE%D1%D1%A8%95%89%E0%A5 | H65: 2015HONDAFIT HYBRID | I65: Strategic Partner - Kiwi Motors | J65: 11000 | K65: =IF(OR(D65=0,L65>0,P65=0,S65="NZ Stock",S65="Trade In",S65="OBO"),"",2800) | M65: =IF(OR(K65=0,P65=0),0,K65) | P65: =J65-L65-N65-O65 -> 11000 | S65: NZ Stock | T65: bergamot Ace 136A
A66: =F66 -> SHJ-025030 | B66: =IF(D66=0,"NO","YES") -> NO | C66: 45484 | E66: INV-20451 | F66: SHJ-025030 | G66: https://www.ibcauto.com/vehicle/checklist?crypt=%5E%D2%D0%E5%98%E1%D1%CC%9E%C6%71%A3%9C%92%6D%A4%6A%99%E1%A1%AD%CA%AC%9F%CA%95%58%A6%DF%C5%AA%E3%D9%A9%68%91%DD%E2%AC%CA%AB%AB%6C%92%DE%D0%CE%9A%D7%A1%6F%69%87%B9%86%B9%BE%A7%DB%A7%C5%DE%D1%D1%A8%95%89%E0%A5 | H66: 2012SUBARUFORESTER | I66: Strategic Partner - Kiwi Motors | J66: 9000 | K66: =IF(OR(D66=0,L66>0,P66=0,S66="NZ Stock",S66="Trade In",S66="OBO"),"",2800) | M66: =IF(OR(K66=0,P66=0),0,K66) | P66: =J66-L66-N66-O66 -> 9000 | S66: NZ Stock | T66: Venus Spirit 76A
A67: =F67 -> GP7-137936 | B67: =IF(D67=0,"NO","YES") -> NO | C67: 45484 | E67: INV-20449 | F67: GP7-137936 | G67: https://www.ibcauto.com/vehicle/checklist?crypt=%5E%D2%D0%E5%98%E1%D1%CC%9E%C6%71%A3%9C%97%6F%9D%6C%99%E1%A1%AD%CA%AC%9F%CA%95%58%A6%DF%C5%AA%E3%D9%A9%68%91%DD%E2%AC%CA%AB%AB%6C%92%DE%D0%CE%9A%D7%A1%6F%69%87%B9%86%B9%BE%A7%DB%A7%C5%DE%D1%D1%A8%95%89%E0%A5 | H67: 2017SUBARUXV | I67: Strategic Partner - Kiwi Motors | J67: 14000 | K67: =IF(OR(D67=0,L67>0,P67=0,S67="NZ Stock",S67="Trade In",S67="OBO"),"",2800) | M67: =IF(OR(K67=0,P67=0),0,K67) | P67: =J67-L67-N67-O67 -> 14000 | S67: NZ Stock | T67: Venus Spirit 76A
A68: =F68 -> WMWXS720902C48637 | B68: =IF(D68=0,"NO","YES") -> NO | C68: 45484 | E68: INV-20447 | F68: WMWXS720902C48637 | G68: https://www.ibcauto.com/vehicle/checklist?crypt=%5E%D2%D0%E5%98%E1%D1%CC%9E%C6%71%A3%9B%91%6E%9E%69%99%E1%A1%AD%CA%AC%9F%CA%95%58%A6%DF%C5%AA%E3%D9%A9%68%91%DD%E2%AC%CA%AB%AB%6C%92%DE%D0%CE%9A%D7%A1%6F%69%87%B9%86%B9%BE%A7%DB%A7%C5%DE%D1%D1%A8%95%89%E0%A5 | H68: 2015BMWMINI | I68: Strategic Partner - Kiwi Motors | J68: 11000 | K68: =IF(OR(D68=0,L68>0,P68=0,S68="NZ Stock",S68="Trade In",S68="OBO"),"",2800) | M68: =IF(OR(K68=0,P68=0),0,K68) | P68: =J68-L68-N68-O68 -> 11000 | S68: NZ Stock | T68: Luna Spirit 160A
A69: =F69 -> CWFFW-124684 | B69: =IF(D69=0,"NO","YES") -> NO | C69: 45484 | E69: INV-20445 | F69: CWFFW-124684 | G69: https://www.ibcauto.com/vehicle/checklist?crypt=%5E%D2%D0%E5%98%E1%D1%CC%9E%C6%71%A3%96%95%67%9E%6F%99%E1%A1%AD%CA%AC%9F%CA%95%58%A6%DF%C5%AA%E3%D9%A9%68%91%DD%E2%AC%CA%AB%AB%6C%92%DE%D0%CE%9A%D7%A1%6F%69%87%B9%86%B9%BE%A7%DB%A7%C5%DE%D1%D1%A8%95%89%E0%A5 | H69: 2014 Mazda Premacy | I69: Strategic Partner - Kiwi Motors | J69: 7000 | K69: =IF(OR(D69=0,L69>0,P69=0,S69="NZ Stock",S69="Trade In",S69="OBO"),"",2800) | M69: =IF(OR(K69=0,P69=0),0,K69) | P69: =J69-L69-N69-O69 -> 7000 | S69: NZ Stock | T69: Dugong Ace 42A
A70: =F70 -> CWFFW-117287 | B70: =IF(D70=0,"NO","YES") -> NO | C70: 45484 | E70: INV-20444 | F70: CWFFW-117287 | H70: 2014 MAZDA PREMACY | I70: Strategic Partner - Kiwi Motors | J70: 9000 | K70: =IF(OR(D70=0,L70>0,P70=0,S70="NZ Stock",S70="Trade In",S70="OBO"),"",2800) | M70: =IF(OR(K70=0,P70=0),0,K70) | P70: =J70-L70-N70-O70 -> 9000 | S70: NZ Stock | T70: Walrus Ace 39A
A71: =F71 -> WMWXS720602C48868 | B71: =IF(D71=0,"NO","YES") -> NO | C71: 45484 | E71: INV-20442 | F71: WMWXS720602C48868 | G71: https://www.ibcauto.com/vehicle/checklist?crypt=%5E%D2%D0%E5%98%E1%D1%CC%9E%C6%71%A3%9B%92%69%A1%67%99%E1%A1%AD%CA%AC%9F%CA%95%58%A6%DF%C5%AA%E3%D9%A9%68%91%DD%E2%AC%CA%AB%AB%6C%92%DE%D0%CE%9A%D7%A1%6F%69%87%B9%86%B9%BE%A7%DB%A7%C5%DE%D1%D1%A8%95%89%E0%A5 | H71: 2015BMWMINI | I71: Strategic Partner - Kiwi Motors | J71: 10000 | K71: =IF(OR(D71=0,L71>0,P71=0,S71="NZ Stock",S71="Trade In",S71="OBO"),"",2800) | M71: =IF(OR(K71=0,P71=0),0,K71) | P71: =J71-L71-N71-O71 -> 10000 | S71: NZ Stock | T71: Luna Spirit 160A
A72: =F72 -> NT32-029495 | B72: =IF(D72=0,"NO","YES") -> NO | C72: 45484 | E72: INV-20440 | F72: NT32-029495 | H72: 2014 Nissan X-Trail | I72: Strategic Partner - Kiwi Motors | J72: 12000 | K72: =IF(OR(D72=0,L72>0,P72=0,S72="NZ Stock",S72="Trade In",S72="OBO"),"",2800) | M72: =IF(OR(K72=0,P72=0),0,K72) | P72: =J72-L72-N72-O72 -> 12000 | S72: NZ Stock | T72: Bravery Ace 152A
A73: =F73 -> WVWZZZ16ZCM642607 | B73: =IF(D73=0,"NO","YES") -> NO | C73: 45484 | E73: INV-20438 | F73: WVWZZZ16ZCM642607 | H73: 2012VOLKSWAGENTHE BEETLE | I73: Strategic Partner - Kiwi Motors | J73: 9000 | K73: =IF(OR(D73=0,L73>0,P73=0,S73="NZ Stock",S73="Trade In",S73="OBO"),"",2800) | M73: =IF(OR(K73=0,P73=0),0,K73) | P73: =J73-L73-N73-O73 -> 9000 | S73: NZ Stock | T73: Progress Ace 154A
A74: =F74 -> GYL16-2404052 | B74: =IF(D74=0,"NO","YES") -> NO | C74: 45484 | E74: INV-20436 | F74: GYL16-2404052 | G74: https://www.ibcauto.com/vehicle/checklist?crypt=%5E%D2%D0%E5%98%E1%D1%CC%9E%C6%71%9F%9C%99%6F%9F%6D%99%E1%A1%AD%CA%AC%9F%CA%95%58%A6%DF%C5%AA%E3%D9%A9%68%91%DD%E2%AC%CA%AB%AB%6C%92%DE%D0%CE%9A%D7%A1%6F%69%87%B9%86%B9%BE%A7%DB%A7%C5%DE%D1%D1%A8%95%89%E0%A5 | H74: 2012LEXUS RX450H (NSQ81) | I74: Strategic Partner - Kiwi Motors | J74: 16000 | K74: =IF(OR(D74=0,L74>0,P74=0,S74="NZ Stock",S74="Trade In",S74="OBO"),"",2800) | M74: =IF(OR(K74=0,P74=0),0,K74) | P74: =J74-L74-N74-O74 -> 16000 | S74: OBO | T74: Venus Spirit 46A
A75: =F75 -> NHP10-2567066 | B75: =IF(D75=0,"NO","YES") -> NO | C75: 45484 | E75: INV-20478 | F75: NHP10-2567066 | H75: 2016 Toyota Aqua HYBRID | I75: Strategic Partner - Kiwi Motors | J75: 3000 | K75: =IF(OR(D75=0,L75>0,P75=0,S75="NZ Stock",S75="Trade In",S75="OBO"),"",2800) | M75: =IF(OR(K75=0,P75=0),0,K75) -> 0 | N75: 3000 | P75: =J75-L75-N75-O75 -> 0 | S75: Trade In | T75: Trade In
A76: =F76 -> WBAPC72060WG62111 | B76: =IF(D76=0,"NO","YES") -> NO | C76: 45485 | E76: INV-20489 | F76: WBAPC72060WG62111 | G76: https://www.ibcauto.com/vehicle/checklist?crypt=%5E%D2%D0%E5%98%E1%D1%CC%9E%C6%71%A0%95%91%67%9C%6D%99%E1%A1%AD%CA%AC%9F%CA%95%58%A6%DF%C5%AA%E3%D9%A9%68%91%DD%E2%AC%CA%AB%AB%6C%92%DE%D0%CE%9A%D7%A1%6F%69%87%B9%86%B9%BE%A7%DB%A7%C5%DE%D1%D1%A8%95%89%E0%A5 | H76: 2009 BMW X3 | I76: Strategic Partner - Kiwi Motors | J76: 6000 | K76: =IF(OR(D76=0,L76>0,P76=0,S76="NZ Stock",S76="Trade In",S76="OBO"),"",2800) | M76: =IF(OR(K76=0,P76=0),0,K76) | P76: =J76-L76-N76-O76 -> 6000 | S76: OBO | T76: Walrus Ace 15A
A77: =F77 -> ZV37-100484 | B77: =IF(D77=0,"NO","YES") -> NO | C77: 45497 | E77: INV-20639 | F77: ZV37-100484 | H77: 2014NISSANSKYLINE | I77: Strategic Partner - Kiwi Motors | J77: 13000 | K77: =IF(OR(D77=0,L77>0,P77=0,S77="NZ Stock",S77="Trade In",S77="OBO"),"",2800) | M77: =IF(OR(K77=0,P77=0),0,K77) | P77: =J77-L77-N77-O77 -> 13000 | S77: NZ Stock | T77: Frontier Ace 192A
A78: =F78 -> MPB1XXMXB1DR42758 | B78: =IF(D78=0,"NO","YES") -> NO | C78: 45497 | E78: INV-20641 | F78: MPB1XXMXB1DR42758 | G78: https://www.ibcauto.com/vehicle/checklist?crypt=%5E%D2%D0%E5%98%E1%D1%CC%9E%C6%71%A3%95%95%6E%9B%67%99%E1%A1%AD%CA%AC%9F%CA%95%58%A6%DF%C5%AA%E3%D9%A9%68%91%DD%E2%AC%CA%AB%AB%6C%92%DE%D0%CE%9A%D7%A1%6F%69%87%B9%86%B9%BE%A7%DB%A7%C5%DE%D1%D1%A8%95%89%E0%A5%CD%CA%97%E4%CF%D8%74%97%97%DE%D2%EB%D7%9F%99%DF%A7%CA%A1%CE%9C%CF%A4%D3%D4%EB%AF%7D%C1%C2%EC%CB%E8%A0%DB%CF%E4%D4%C6%9E%E9%5C%97%A1%CF%DC%DE%DA%A1%E6%9A%D4%96%AB%9D%A1%D1%D0%E5%76%91%5E%D8%D8%CE%A7%E6%B6%AC%99%EC%5C%A9%E6%A8%DA%B8%98%A2%9F%AA%ED%AB%86%E8%EA%CB | H78: 2013FORDFOCUS | I78: Strategic Partner - Kiwi Motors | J78: 8000 | K78: =IF(OR(D78=0,L78>0,P78=0,S78="NZ Stock",S78="Trade In",S78="OBO"),"",2800) | M78: =IF(OR(K78=0,P78=0),0,K78) | P78: =J78-L78-N78-O78 -> 8000 | S78: NZ Stock | T78: Pegasus Ace 318A
A79: =F79 -> VRE25-029202 | B79: =IF(D79=0,"NO","YES") -> NO | C79: 45497 | E79: INV-20645 | F79: VRE25-029202 | G79: https://www.ibcauto.com/vehicle/checklist?crypt=%5E%D2%D0%E5%98%E1%D1%CC%9E%C6%71%9F%95%95%6A%9D%6C%99%E1%A1%AD%CA%AC%9F%CA%95%58%A6%DF%C5%AA%E3%D9%A9%68%91%DD%E2%AC%CA%AB%AB%6C%92%DE%D0%CE%9A%D7%A1%6F%69%87%B9%86%B9%BE%A7%DB%A7%C5%DE%D1%D1%A8%95%89%E0%A5%CD%CA%97%E4%CF%D8%74%97%97%DE%D2%EB%D7%9F%99%DF%A7%CA%A1%CE%9C%CF%A4%D3%D4%EB%AF%7D%C1%C2%EC%CB%E8%A0%DB%CF%E4%D4%C6%9E%E9%5C%97%A1%CF%DC%DE%DA%A1%E6%9A%D4%96%AB%9D%A1%D1%D0%E5%76%91%5E%D8%D8%CE%A7%E6%B6%AC%99%EC%5C%A9%E6%A8%DA%B8%98%A2%9F%AA%ED%AB%86%E8%EA%CB | H79: 2009NISSANCARAVAN | I79: Strategic Partner - Kiwi Motors | J79: 10000 | K79: =IF(OR(D79=0,L79>0,P79=0,S79="NZ Stock",S79="Trade In",S79="OBO"),"",2800) | M79: =IF(OR(K79=0,P79=0),0,K79) | P79: =J79-L79-N79-O79 -> 10000 | S79: NZ Stock | T79: Glovis Cougar
A80: =F80 -> GP6-007889 | B80: =IF(D80=0,"NO","YES") -> NO | C80: 45497 | E80: INV-20647 | F80: GP6-007889 | G80: https://www.ibcauto.com/vehicle/checklist?crypt=%5E%D2%D0%E5%98%E1%D1%CC%9E%C6%71%A3%9B%96%6E%A2%6A%99%E1%A1%AD%CA%AC%9F%CA%95%58%A6%DF%C5%AA%E3%D9%A9%68%91%DD%E2%AC%CA%AB%AB%6C%92%DE%D0%CE%9A%D7%A1%6F%69%87%B9%86%B9%BE%A7%DB%A7%C5%DE%D1%D1%A8%95%89%E0%A5%CD%CA%97%E4%CF%D8%74%97%97%DE%D2%EB%D7%9F%99%DF%A7%CA%A1%CE%9C%CF%A4%D3%D4%EB%AF%7D%C1%C2%EC%CB%E8%A0%DB%CF%E4%D4%C6%9E%E9%5C%97%A1%CF%DC%DE%DA%A1%E6%9A%D4%96%AB%9D%A1%D1%D0%E5%76%91%5E%D8%D8%CE%A7%E6%B6%AC%99%EC%5C%A9%E6%A8%DA%B8%98%A2%9F%AA%ED%AB%86%E8%EA%CB | H80: 2012SUBARUIMPREZA SPORT | I80: Strategic Partner - Kiwi Motors | J80: 8000 | K80: =IF(OR(D80=0,L80>0,P80=0,S80="NZ Stock",S80="Trade In",S80="OBO"),"",2800) | M80: =IF(OR(K80=0,P80=0),0,K80) | P80: =J80-L80-N80-O80 -> 8000 | S80: NZ Stock | T80: Bergamot Ace 136A
A81: =F81 -> DKEFW-201109 | B81: =IF(D81=0,"NO","YES") -> NO | C81: 15546 | E81: INV-20649 | F81: DKEFW-201109 | G81: https://www.ibcauto.com/vehicle/checklist?crypt=%5E%D2%D0%E5%98%E1%D1%CC%9E%C6%71%A4%94%97%66%A0%6F%99%E1%A1%AD%CA%AC%9F%CA%95%58%A6%DF%C5%AA%E3%D9%A9%68%91%DD%E2%AC%CA%AB%AB%6C%92%DE%D0%CE%9A%D7%A1%6F%69%87%B9%86%B9%BE%A7%DB%A7%C5%DE%D1%D1%A8%95%89%E0%A5%CD%CA%97%E4%CF%D8%74%97%97%DE%D2%EB%D7%9F%99%DF%A7%CA%A1%CE%9C%CF%A4%D3%D4%EB%AF%7D%C1%C2%EC%CB%E8%A0%DB%CF%E4%D4%C6%9E%E9%5C%97%A1%CF%DC%DE%DA%A1%E6%9A%D4%96%AB%9D%A1%D1%D0%E5%76%91%5E%D8%D8%CE%A7%E6%B6%AC%99%EC%5C%A9%E6%A8%DA%B8%98%A2%9F%AA%ED%AB%86%E8%EA%CB | H81: 2018MAZDACX-3 | I81: Strategic Partner - Kiwi Motors | J81: 19000 | K81: =IF(OR(D81=0,L81>0,P81=0,S81="NZ Stock",S81="Trade In",S81="OBO"),"",2800) | M81: =IF(OR(K81=0,P81=0),0,K81) | P81: =J81-L81-N81-O81 -> 19000 | S81: NZ Stock | T81: Venus Spirit 77A
A82: =F82 -> WVWZZZ6RZFU008378 | B82: =IF(D82=0,"NO","YES") -> NO | C82: 15546 | E82: INV-20651 | F82: WVWZZZ6RZFU008378 | H82: 2014VOLKSWAGENPOLO | I82: Strategic Partner - Kiwi Motors | J82: 8000 | K82: =IF(OR(D82=0,L82>0,P82=0,S82="NZ Stock",S82="Trade In",S82="OBO"),"",2800) | M82: =IF(OR(K82=0,P82=0),0,K82) | P82: =J82-L82-N82-O82 -> 8000 | S82: NZ Stock | T82: Comet Ace 220A
A83: =F83 -> CWFFW-108449 | B83: =IF(D83=0,"NO","YES") -> NO | C83: 45497 | E83: INV-20653 | F83: CWFFW-108449 | G83: https://www.ibcauto.com/vehicle/checklist?crypt=%5E%D2%D0%E5%98%E1%D1%CC%9E%C6%71%A4%94%93%6C%9F%6E%99%E1%A1%AD%CA%AC%9F%CA%95%58%A6%DF%C5%AA%E3%D9%A9%68%91%DD%E2%AC%CA%AB%AB%6C%92%DE%D0%CE%9A%D7%A1%6F%69%87%B9%86%B9%BE%A7%DB%A7%C5%DE%D1%D1%A8%95%89%E0%A5%CD%CA%97%E4%CF%D8%74%97%97%DE%D2%EB%D7%9F%99%DF%A7%CA%A1%CE%9C%CF%A4%D3%D4%EB%AF%7D%C1%C2%EC%CB%E8%A0%DB%CF%E4%D4%C6%9E%E9%5C%97%A1%CF%DC%DE%DA%A1%E6%9A%D4%96%AB%9D%A1%D1%D0%E5%76%91%5E%D8%D8%CE%A7%E6%B6%AC%99%EC%5C%A9%E6%A8%DA%B8%98%A2%9F%AA%ED%AB%86%E8%EA%CB | H83: 2013MAZDAPREMACY | I83: Strategic Partner - Kiwi Motors | J83: 7000 | K83: =IF(OR(D83=0,L83>0,P83=0,S83="NZ Stock",S83="Trade In",S83="OBO"),"",2800) | M83: =IF(OR(K83=0,P83=0),0,K83) | P83: =J83-L83-N83-O83 -> 7000 | S83: NZ Stock | T83: ISTRA ACE 158A
A84: =F84 -> WMWMF32060TT27545 | B84: =IF(D84=0,"NO","YES") -> NO | C84: 45498 | E84: INV-20657 | F84: WMWMF32060TT27545 | H84: 2008 BMW MINI | I84: Strategic Partner - Kiwi Motors | J84: 6000 | K84: =IF(OR(D84=0,L84>0,P84=0,S84="NZ Stock",S84="Trade In",S84="OBO"),"",2800) | M84: =IF(OR(K84=0,P84=0),0,K84) | P84: =J84-L84-N84-O84 -> 6000 | S84: Trade In | T84: trade in
A85: =F85 -> GK3-1033830 | B85: =IF(D85=0,"NO","YES") -> NO | C85: 45504 | E85: INV-20726 | F85: GK3-1033830 | H85: 2014HONDAFIT | I85: Strategic Partner - Kiwi Motors | J85: 7000 | K85: =IF(OR(D85=0,L85>0,P85=0,S85="NZ Stock",S85="Trade In",S85="OBO"),"",2800) | M85: =IF(OR(K85=0,P85=0),0,K85) | P85: =J85-L85-N85-O85 -> 7000 | S85: NZ Stock | T85: Swift Ace 109A
A86: =F86 -> DEJFS-121934 | B86: =IF(D86=0,"NO","YES") -> NO | C86: 45504 | E86: INV-20728 | F86: DEJFS-121934 | G86: https://www.ibcauto.com/vehicle/checklist?crypt=%5E%D2%D0%E5%98%E1%D1%CC%9E%C6%71%A4%95%96%68%A2%68%99%E1%A1%AD%CA%AC%9F%CA%95%58%A6%DF%C5%AA%E3%D9%A9%68%91%DD%E2%AC%CA%AB%AB%6C%92%DE%D0%CE%9A%D7%A1%6F%69%87%B9%86%B9%BE%A7%DB%A7%C5%DE%D1%D1%A8%95%89%E0%A5%CD%CA%97%E4%CF%D8%74%97%97%DE%D2%EB%D7%9F%99%DF%A7%CA%A1%CE%9C%CF%A4%D3%D4%EB%AF%7D%C1%C2%EC%CB%E8%A0%DB%CF%E4%D4%C6%9E%E9%5C%97%A1%CF%DC%DE%DA%A1%E6%9A%D4%96%AB%9D%A1%D1%D0%E5%76%91%5E%D8%D8%CE%A7%E6%B6%AC%99%EC%5C%A9%E6%A8%DA%B8%98%A2%9F%AA%ED%AB%86%E8%EA%CB | H86: 2012MAZDADEMIO | I86: Strategic Partner - Kiwi Motors | J86: 6000 | K86: =IF(OR(D86=0,L86>0,P86=0,S86="NZ Stock",S86="Trade In",S86="OBO"),"",2800) | M86: =IF(OR(K86=0,P86=0),0,K86) | P86: =J86-L86-N86-O86 -> 6000 | S86: NZ Stock | T86: RUBY ACE 117A
A87: =F87 -> NHP10-2383997 | B87: =IF(D87=0,"NO","YES") -> NO | C87: 45504 | E87: INV-20730 | F87: NHP10-2383997 | H87: 2014 TOYOTA AQUA | I87: Strategic Partner - Kiwi Motors | J87: 7000 | K87: =IF(OR(D87=0,L87>0,P87=0,S87="NZ Stock",S87="Trade In",S87="OBO"),"",2800) | M87: =IF(OR(K87=0,P87=0),0,K87) | P87: =J87-L87-N87-O87 -> 7000 | S87: NZ Stock | T87: GSL KITHIRA (KB-CTN) 347S
A88: =F88 -> NHP10-2066643 | B88: =IF(D88=0,"NO","YES") -> NO | C88: 45504 | E88: INV-20732 | F88: NHP10-2066643 | H88: 2012TOYOTAAQUA | I88: Strategic Partner - Kiwi Motors | J88: 7000 | K88: =IF(OR(D88=0,L88>0,P88=0,S88="NZ Stock",S88="Trade In",S88="OBO"),"",2800) | M88: =IF(OR(K88=0,P88=0),0,K88) | P88: =J88-L88-N88-O88 -> 7000 | S88: NZ Stock | T88: Blanco Ace 1A
A89: =F89 -> CC25-297779 | B89: =IF(D89=0,"NO","YES") -> NO | C89: 45504 | E89: INV-20734 | F89: CC25-297779 | H89: 2009NISSAN SERENA | I89: Strategic Partner - Kiwi Motors | J89: 7000 | K89: =IF(OR(D89=0,L89>0,P89=0,S89="NZ Stock",S89="Trade In",S89="OBO"),"",2800) | M89: =IF(OR(K89=0,P89=0),0,K89) | P89: =J89-L89-N89-O89 -> 7000 | S89: NZ Stock | T89: Tranquil Ace 82A
A90: =F90 -> NHP10-2316623 | B90: =IF(D90=0,"NO","YES") -> NO | C90: 45504 | E90: INV-20736 | F90: NHP10-2316623 | G90: https://www.ibcauto.com/vehicle/checklist?crypt=%5E%D2%D0%E5%98%E1%D1%CC%9E%C6%71%A3%98%96%6D%9B%6D%99%E1%A1%AD%CA%AC%9F%CA%95%58%A6%DF%C5%AA%E3%D9%A9%68%91%DD%E2%AC%CA%AB%AB%6C%92%DE%D0%CE%9A%D7%A1%6F%69%87%B9%86%B9%BE%A7%DB%A7%C5%DE%D1%D1%A8%95%89%E0%A5%CD%CA%97%E4%CF%D8%74%97%97%DE%D2%EB%D7%9F%99%DF%A7%CA%A1%CE%9C%CF%A4%D3%D4%EB%AF%7D%C1%C2%EC%CB%E8%A0%DB%CF%E4%D4%C6%9E%E9%5C%97%A1%CF%DC%DE%DA%A1%E6%9A%D4%96%AB%9D%A1%D1%D0%E5%76%91%5E%D8%D8%CE%A7%E6%B6%AC%99%EC%5C%A9%E6%A8%DA%B8%98%A2%9F%AA%ED%AB%86%E8%EA%CB | H90: 2014TOYOTA AQUA | I90: Strategic Partner - Kiwi Motors | J90: 8500 | K90: =IF(OR(D90=0,L90>0,P90=0,S90="NZ Stock",S90="Trade In",S90="OBO"),"",2800) | M90: =IF(OR(K90=0,P90=0),0,K90) | P90: =J90-L90-N90-O90 -> 8500 | S90: NZ Stock | T90: Bergamot Ace 13A
A91: =F91 -> NHP10-2572439 | B91: =IF(D91=0,"NO","YES") -> NO | C91: 45504 | E91: INV-20738 | F91: NHP10-2572439 | G91: https://www.ibcauto.com/vehicle/checklist?crypt=%5E%D2%D0%E5%98%E1%D1%CC%9E%C6%71%A3%9D%93%6F%A2%69%99%E1%A1%AD%CA%AC%9F%CA%95%58%A6%DF%C5%AA%E3%D9%A9%68%91%DD%E2%AC%CA%AB%AB%6C%92%DE%D0%CE%9A%D7%A1%6F%69%87%B9%86%B9%BE%A7%DB%A7%C5%DE%D1%D1%A8%95%89%E0%A5%CD%CA%97%E4%CF%D8%74%97%97%DE%D2%EB%D7%9F%99%DF%A7%CA%A1%CE%9C%CF%A4%D3%D4%EB%AF%7D%C1%C2%EC%CB%E8%A0%DB%CF%E4%D4%C6%9E%E9%5C%97%A1%CF%DC%DE%DA%A1%E6%9A%D4%96%AB%9D%A1%D1%D0%E5%76%91%5E%D8%D8%CE%A7%E6%B6%AC%99%EC%5C%A9%E6%A8%DA%B8%98%A2%9F%AA%ED%AB%86%E8%EA%CB | H91: 2017TOYOTAAQUA | I91: Strategic Partner - Kiwi Motors | J91: 9000 | K91: =IF(OR(D91=0,L91>0,P91=0,S91="NZ Stock",S91="Trade In",S91="OBO"),"",2800) | M91: =IF(OR(K91=0,P91=0),0,K91) | P91: =J91-L91-N91-O91 -> 9000 | S91: NZ Stock | T91: Luna Spirit 161A
A92: =F92 -> GP7-077113 | B92: =IF(D92=0,"NO","YES") -> NO | C92: 45504 | E92: INV-20740 | F92: GP7-077113 | G92: https://www.ibcauto.com/vehicle/checklist?crypt=%5E%D2%D0%E5%98%E1%D1%CC%9E%C6%71%A3%9D%94%6C%A4%6A%99%E1%A1%AD%CA%AC%9F%CA%95%58%A6%DF%C5%AA%E3%D9%A9%68%91%DD%E2%AC%CA%AB%AB%6C%92%DE%D0%CE%9A%D7%A1%6F%69%87%B9%86%B9%BE%A7%DB%A7%C5%DE%D1%D1%A8%95%89%E0%A5%CD%CA%97%E4%CF%D8%74%97%97%DE%D2%EB%D7%9F%99%DF%A7%CA%A1%CE%9C%CF%A4%D3%D4%EB%AF%7D%C1%C2%EC%CB%E8%A0%DB%CF%E4%D4%C6%9E%E9%5C%97%A1%CF%DC%DE%DA%A1%E6%9A%D4%96%AB%9D%A1%D1%D0%E5%76%91%5E%D8%D8%CE%A7%E6%B6%AC%99%EC%5C%A9%E6%A8%DA%B8%98%A2%9F%AA%ED%AB%86%E8%EA%CB | H92: 2014 SUBARU IMPREZA SPORT | I92: Strategic Partner - Kiwi Motors | J92: 8500 | K92: =IF(OR(D92=0,L92>0,P92=0,S92="NZ Stock",S92="Trade In",S92="OBO"),"",2800) | M92: =IF(OR(K92=0,P92=0),0,K92) | P92: =J92-L92-N92-O92 -> 8500 | S92: NZ Stock | T92: Luna Spirit 161A
A93: =F93 -> TZ51-011286 | B93: =IF(D93=0,"NO","YES") -> NO | C93: 45504 | E93: INV-20742 | F93: TZ51-011286 | G93: https://www.ibcauto.com/vehicle/checklist?crypt=%5E%D2%D0%E5%98%E1%D1%CC%9E%C6%71%A3%9C%97%69%A2%68%99%E1%A1%AD%CA%AC%9F%CA%95%58%A6%DF%C5%AA%E3%D9%A9%68%91%DD%E2%AC%CA%AB%AB%6C%92%DE%D0%CE%9A%D7%A1%6F%69%87%B9%86%B9%BE%A7%DB%A7%C5%DE%D1%D1%A8%95%89%E0%A5%CD%CA%97%E4%CF%D8%74%97%97%DE%D2%EB%D7%9F%99%DF%A7%CA%A1%CE%9C%CF%A4%D3%D4%EB%AF%7D%C1%C2%EC%CB%E8%A0%DB%CF%E4%D4%C6%9E%E9%5C%97%A1%CF%DC%DE%DA%A1%E6%9A%D4%96%AB%9D%A1%D1%D0%E5%76%91%5E%D8%D8%CE%A7%E6%B6%AC%99%EC%5C%A9%E6%A8%DA%B8%98%A2%9F%AA%ED%AB%86%E8%EA%CB | H93: 2012 NISSAN MURANO | I93: Strategic Partner - Kiwi Motors | J93: 10000 | K93: =IF(OR(D93=0,L93>0,P93=0,S93="NZ Stock",S93="Trade In",S93="OBO"),"",2800) | M93: =IF(OR(K93=0,P93=0),0,K93) | P93: =J93-L93-N93-O93 -> 10000 | S93: NZ Stock | T93: Venus Spirit 76A
A94: =F94 -> BYEFP-108098 | B94: =IF(D94=0,"NO","YES") -> NO | C94: 45504 | E94: INV-20745 | F94: BYEFP-108098 | H94: 2014 MAZDA AXELA | I94: Strategic Partner - Kiwi Motors | J94: 13000 | K94: =IF(OR(D94=0,L94>0,P94=0,S94="NZ Stock",S94="Trade In",S94="OBO"),"",2800) | M94: =IF(OR(K94=0,P94=0),0,K94) | P94: =J94-L94-N94-O94 -> 13000 | S94: NZ Stock | T94: Mermaid Ace 107A
A95: =F95 -> NT32-056443 | B95: =IF(D95=0,"NO","YES") -> NO | C95: 45504 | E95: INV-20747 | F95: NT32-056443 | G95: https://www.ibcauto.com/vehicle/checklist?crypt=%5E%D2%D0%E5%98%E1%D1%CC%9E%C6%71%A3%98%91%6F%9E%6F%99%E1%A1%AD%CA%AC%9F%CA%95%58%A6%DF%C5%AA%E3%D9%A9%68%91%DD%E2%AC%CA%AB%AB%6C%92%DE%D0%CE%9A%D7%A1%6F%69%87%B9%86%B9%BE%A7%DB%A7%C5%DE%D1%D1%A8%95%89%E0%A5%CD%CA%97%E4%CF%D8%74%97%97%DE%D2%EB%D7%9F%99%DF%A7%CA%A1%CE%9C%CF%A4%D3%D4%EB%AF%7D%C1%C2%EC%CB%E8%A0%DB%CF%E4%D4%C6%9E%E9%5C%97%A1%CF%DC%DE%DA%A1%E6%9A%D4%96%AB%9D%A1%D1%D0%E5%76%91%5E%D8%D8%CE%A7%E6%B6%AC%99%EC%5C%A9%E6%A8%DA%B8%98%A2%9F%AA%ED%AB%86%E8%EA%CB | H95: 2017 Nissan X-Trail | I95: Strategic Partner - Kiwi Motors | J95: 17000 | K95: =IF(OR(D95=0,L95>0,P95=0,S95="NZ Stock",S95="Trade In",S95="OBO"),"",2800) | M95: =IF(OR(K95=0,P95=0),0,K95) | P95: =J95-L95-N95-O95 -> 17000 | S95: NZ Stock | T95: Luna Spirit 159A
A96: =F96 -> WBAVL32090VP89454 | B96: =IF(D96=0,"NO","YES") -> NO | C96: 45504 | E96: INV-20749 | F96: WBAVL32090VP89454 | G96: https://www.ibcauto.com/vehicle/checklist?crypt=%5E%D2%D0%E5%98%E1%D1%CC%9E%C6%71%A1%95%91%6F%9E%6E%99%E1%A1%AD%CA%AC%9F%CA%95%58%A6%DF%C5%AA%E3%D9%A9%68%91%DD%E2%AC%CA%AB%AB%6C%92%DE%D0%CE%9A%D7%A1%6F%69%87%B9%86%B9%BE%A7%DB%A7%C5%DE%D1%D1%A8%95%89%E0%A5%CD%CA%97%E4%CF%D8%74%97%97%DE%D2%EB%D7%9F%99%DF%A7%CA%A1%CE%9C%CF%A4%D3%D4%EB%AF%7D%C1%C2%EC%CB%E8%A0%DB%CF%E4%D4%C6%9E%E9%5C%97%A1%CF%DC%DE%DA%A1%E6%9A%D4%96%AB%9D%A1%D1%D0%E5%76%91%5E%D8%D8%CE%A7%E6%B6%AC%99%EC%5C%A9%E6%A8%DA%B8%98%A2%9F%AA%ED%AB%86%E8%EA%CB | H96: 2011BMWX1 | I96: Strategic Partner - Kiwi Motors | J96: 8000 | K96: =IF(OR(D96=0,L96>0,P96=0,S96="NZ Stock",S96="Trade In",S96="OBO"),"",2800) | M96: =IF(OR(K96=0,P96=0),0,K96) | P96: =J96-L96-N96-O96 -> 8000 | S96: NZ Stock | T96: Frontier Ace 189A
A97: =F97 -> WMWZC32070WM22287 | B97: =IF(D97=0,"NO","YES") -> NO | C97: 45504 | E97: INV-20751 | F97: WMWZC32070WM22287 | H97: 2012MINICOOPER | I97: Strategic Partner - Kiwi Motors | J97: 9000 | K97: =IF(OR(D97=0,L97>0,P97=0,S97="NZ Stock",S97="Trade In",S97="OBO"),"",2800) | M97: =IF(OR(K97=0,P97=0),0,K97) | P97: =J97-L97-N97-O97 -> 9000 | S97: NZ Stock | T97: Palmela 192A
A98: =F98 -> NT32-506042 | B98: =IF(D98=0,"NO","YES") -> NO | C98: 45504 | E98: INV-20753 | F98: NT32-506042 | H98: 2014NISSANX-TRAIL | I98: Strategic Partner - Kiwi Motors | J98: 13000 | K98: =IF(OR(D98=0,L98>0,P98=0,S98="NZ Stock",S98="Trade In",S98="OBO"),"",2800) | M98: =IF(OR(K98=0,P98=0),0,K98) | P98: =J98-L98-N98-O98 -> 13000 | S98: NZ Stock | T98: Progress Ace 154A
A99: =F99 -> WVWZZZAUZFP598701 | B99: =IF(D99=0,"NO","YES") -> NO | C99: 45504 | E99: INV-20755 | F99: WVWZZZAUZFP598701 | H99: 2015 Volkswagen Golf Variant | I99: Strategic Partner - Kiwi Motors | J99: 9000 | K99: =IF(OR(D99=0,L99>0,P99=0,S99="NZ Stock",S99="Trade In",S99="OBO"),"",2800) | M99: =IF(OR(K99=0,P99=0),0,K99) | P99: =J99-L99-N99-O99 -> 9000 | S99: NZ Stock | T99: Sunrise Ace 119A
A100: =F100 -> HFC26-107684 | B100: =IF(D100=0,"NO","YES") -> NO | C100: 45506 | E100: INV-20765 | F100: HFC26-107684 | H100: 2012NISSANSERENA | I100: Strategic Partner - Kiwi Motors | J100: 8000 | K100: =IF(OR(D100=0,L100>0,P100=0,S100="NZ Stock",S100="Trade In",S100="OBO"),"",2800) | M100: =IF(OR(K100=0,P100=0),0,K100) | P100: =J100-L100-N100-O100 -> 8000 | S100: NZ Stock | T100: Bravery Ace 153A
...
